Workbook

Sheet DCA-Anexo I-AB
A2: QDCC
A3: BALANÇO ANUAL (DCA)
A4: VERSÃO: v7
A5: VIGÊNCIA: 03/01/2019
A7: Ente: 4313425 - Novo Machado/RS
A8: Poder: E - Executivo
A9: Instituição: 9993 - Prefeitura Municipal de Novo Machado - RS
A10: Exercício: 2018
A11: Periodicidade: ANUAL
A12: Período: Período único (anual)
A14: Grupo: Balanço Patrimonial - Ativo e Passivo
A15: Quadro: Balanço Patrimonial
A16: Rótulo: Padrão
A17: Balanço Patrimonial | B17: Valores
B18: 31/12/2018
A19: Ativo
A20: Ativo
A21: 1.0.0.0.0.00.00 - Ativo | B21: =+'DCA-Anexo I-AB'!B22+'DCA-Anexo I-AB'!B160 -> 39259631
A22: 1.1.0.0.0.00.00 - Ativo Circulante | B22: =+'DCA-Anexo I-AB'!B23+'DCA-Anexo I-AB'!B29+'DCA-Anexo I-AB'!B71+'DCA-Anexo I-AB'!B100+'DCA-Anexo I-AB'!B109+'DCA-Anexo I-AB'!B126+'DCA-Anexo I-AB'!B143 -> 22868970
A23: 1.1.1.0.0.00.00 - Caixa e Equivalentes de Caixa | B23: =+'DCA-Anexo I-AB'!B24+'DCA-Anexo I-AB'!B27 -> 2012798
A24: 1.1.1.1.0.00.00 - Caixa e Equivalentes de Caixa em Moeda Nacional | B24: =+'DCA-Anexo I-AB'!B25+'DCA-Anexo I-AB'!B26 -> 2012798
A25: 1.1.1.1.1.00.00 - Caixa e Equivalentes de Caixa em Moeda Nacional - Consolidação | B25: 2012798
A26: 1.1.1.1.2.00.00 - Caixa e Equivalentes de Caixa em Moeda Nacional - Intra OFSS
A27: 1.1.1.2.0.00.00 - Caixa e Equivalentes de Caixa em Moeda Estrangeira | B27: =+'DCA-Anexo I-AB'!B28 -> 0
A28: 1.1.1.2.1.00.00 - Caixa e Equivalentes de Caixa em Moeda Estrangeira - Consolidação
A29: 1.1.2.0.0.00.00 - Créditos a Curto Prazo | B29: =+'DCA-Anexo I-AB'!B30+'DCA-Anexo I-AB'!B36+'DCA-Anexo I-AB'!B42+'DCA-Anexo I-AB'!B47+'DCA-Anexo I-AB'!B53+'DCA-Anexo I-AB'!B59-'DCA-Anexo I-AB'!B65 -> 668204.77
A30: 1.1.2.1.0.00.00 - Créditos Tributários a Receber | B30: =+'DCA-Anexo I-AB'!B31+'DCA-Anexo I-AB'!B32+'DCA-Anexo I-AB'!B33+'DCA-Anexo I-AB'!B34+'DCA-Anexo I-AB'!B35 -> 668204.77
A31: 1.1.2.1.1.00.00 - Créditos Tributários a Receber - Consolidação | B31: 668204.77
A32: 1.1.2.1.2.00.00 - Créditos Tributários a Receber - Intra OFSS
A33: 1.1.2.1.3.00.00 - Créditos Tributários a Receber - Inter OFSS - União
A34: 1.1.2.1.4.00.00 - Créditos Tributários a Receber - Inter OFSS – Estado
A35: 1.1.2.1.5.00.00 - Créditos Tributários a Receber - Inter OFSS - Município
A36: 1.1.2.2.0.00.00 - Clientes | B36: =+'DCA-Anexo I-AB'!B37+'DCA-Anexo I-AB'!B38+'DCA-Anexo I-AB'!B39+'DCA-Anexo I-AB'!B40+'DCA-Anexo I-AB'!B41 -> 0
A37: 1.1.2.2.1.00.00 - Clientes - Consolidação
A38: 1.1.2.2.2.00.00 - Clientes - Intra OFSS
A39: 1.1.2.2.3.00.00 - Clientes - Inter OFSS - União
A40: 1.1.2.2.4.00.00 - Clientes - Inter OFSS - Estado
A41: 1.1.2.2.5.00.00 - Clientes - Inter OFSS - Município
A42: 1.1.2.3.0.00.00 - Créditos de Transferências a Receber | B42: =+'DCA-Anexo I-AB'!B43+'DCA-Anexo I-AB'!B44+'DCA-Anexo I-AB'!B45+'DCA-Anexo I-AB'!B46 -> 0
A43: 1.1.2.3.1.00.00 - Créditos de Transferências a Receber - Consolidação
A44: 1.1.2.3.3.00.00 - Créditos de Transferências a Receber - Inter OFSS - União
A45: 1.1.2.3.4.00.00 - Créditos de Transferências a Receber - Inter OFSS - Estado
A46: 1.1.2.3.5.00.00 - Créditos de Transferências a Receber - Inter OFSS - Município
A47: 1.1.2.4.0.00.00 - Empréstimos e Financiamentos Concedidos | B47: =+'DCA-Anexo I-AB'!B48+'DCA-Anexo I-AB'!B49+'DCA-Anexo I-AB'!B50+'DCA-Anexo I-AB'!B51+'DCA-Anexo I-AB'!B52 -> 0
A48: 1.1.2.4.1.00.00 - Empréstimos e Financiamentos Concedidos - Consolidação
A49: 1.1.2.4.2.00.00 - Empréstimos e Financiamentos Concedidos - Intra OFSS
A50: 1.1.2.4.3.00.00 - Empréstimos e Financiamentos Concedidos - Inter OFSS - União
A51: 1.1.2.4.4.00.00 - Empréstimos e Financiamentos Concedidos - Inter OFSS - Estado
A52: 1.1.2.4.5.00.00 - Empréstimos e Financiamentos Concedidos - Inter OFSS - Município
A53: 1.1.2.5.0.00.00 - Dívida Ativa Tributaria | B53: =+'DCA-Anexo I-AB'!B54+'DCA-Anexo I-AB'!B55+'DCA-Anexo I-AB'!B56+'DCA-Anexo I-AB'!B57+'DCA-Anexo I-AB'!B58 -> 0
A54: 1.1.2.5.1.00.00 - Dívida Ativa Tributaria - Consolidação
A55: 1.1.2.5.2.00.00 - Dívida Ativa Tributária - Intra OFSS
A56: 1.1.2.5.3.00.00 - Dívida Ativa Tributária - Inter OFSS - União
A57: 1.1.2.5.4.00.00 - Dívida Ativa Tributária - Inter OFSS - Estado
A58: 1.1.2.5.5.00.00 - Dívida Ativa Tributaria - Inter OFSS - Município
A59: 1.1.2.6.0.00.00 - Dívida Ativa não Tributaria | B59: =+'DCA-Anexo I-AB'!B60+'DCA-Anexo I-AB'!B61+'DCA-Anexo I-AB'!B62+'DCA-Anexo I-AB'!B63+'DCA-Anexo I-AB'!B64 -> 0
A60: 1.1.2.6.1.00.00 - Dívida Ativa não Tributaria - Consolidação
A61: 1.1.2.6.2.00.00 - Dívida Ativa Não Tributaria - Intra OFSS
A62: 1.1.2.6.3.00.00 - Dívida Ativa Não Tributaria - Inter OFSS - União
A63: 1.1.2.6.4.00.00 - Dívida Ativa Não Tributaria - Inter OFSS - Estado
A64: 1.1.2.6.5.00.00 - Dívida Ativa Não Tributaria - Inter OFSS - Município
A65: 1.1.2.9.0.00.00 - (-) Ajuste de Perdas de Créditos a Curto Prazo | B65: =+'DCA-Anexo I-AB'!B66+'DCA-Anexo I-AB'!B67+'DCA-Anexo I-AB'!B68+'DCA-Anexo I-AB'!B69+'DCA-Anexo I-AB'!B70 -> 0
A66: 1.1.2.9.1.00.00 - (-) Ajuste de Perdas de Créditos a Curto Prazo - Consolidação
A67: 1.1.2.9.2.00.00 - (-) Ajuste de Perdas de Créditos a Curto Prazo - Intra OFSS
A68: 1.1.2.9.3.00.00 - (-) Ajuste de Perdas de Créditos a Curto Prazo - Inter OFSS - União
A69: 1.1.2.9.4.00.00 - (-) Ajuste de Perdas de Créditos a Curto Prazo - Inter OFSS - Estado
A70: 1.1.2.9.5.00.00 - (-) Ajuste de Perdas de Créditos a Curto Prazo - Inter OFSS - Município
A71: 1.1.3.0.0.00.00 - Demais Créditos e Valores a Curto Prazo | B71: =+'DCA-Anexo I-AB'!B72+'DCA-Anexo I-AB'!B74+'DCA-Anexo I-AB'!B80+'DCA-Anexo I-AB'!B82+'DCA-Anexo I-AB'!B84+'DCA-Anexo I-AB'!B86+'DCA-Anexo I-AB'!B92-'DCA-Anexo I-AB'!B98 -> 0
A72: 1.1.3.1.0.00.00 - Adiantamentos Concedidos a Pessoal e a Terceiros | B72: =+'DCA-Anexo I-AB'!B73 -> 0
A73: 1.1.3.1.1.00.00 - Adiantamentos Concedidos a Pessoal e a Terceiros - Consolidação
A74: 1.1.3.2.0.00.00 - Tributos a Recuperar/Compensar | B74: =+'DCA-Anexo I-AB'!B75+'DCA-Anexo I-AB'!B76+'DCA-Anexo I-AB'!B77+'DCA-Anexo I-AB'!B78+'DCA-Anexo I-AB'!B79 -> 0
A75: 1.1.3.2.1.00.00 - Tributos a Recuperar/Compensar - Consolidação
A76: 1.1.3.2.2.00.00 - Tributos a Recuperar/Compensar - Intra OFSS
A77: 1.1.3.2.3.00.00 - Tributos a Recuperar/Compensar - Inter OFSS - União
A78: 1.1.3.2.4.00.00 - Tributos a Recuperar/Compensar - Inter OFSS - Estado
A79: 1.1.3.2.5.00.00 - Tributos a Recuperar/Compensar - Inter OFSS - Município
A80: 1.1.3.3.0.00.00 - Créditos a Receber por Descentralização da Prestação de Serviços Públicos | B80: =+'DCA-Anexo I-AB'!B81 -> 0
A81: 1.1.3.3.1.00.00 - Créditos a Receber por Descentralização da Prestação de Serviços Públicos - Consolidação
A82: 1.1.3.4.0.00.00 - Créditos por Danos ao Patrimônio | B82: =+'DCA-Anexo I-AB'!B83 -> 0
A83: 1.1.3.4.1.00.00 - Créditos por Danos ao Patrimônio - Consolidação
A84: 1.1.3.5.0.00.00 - Depósitos Restituíveis e Valores Vinculados | B84: =+'DCA-Anexo I-AB'!B85 -> 0
A85: 1.1.3.5.1.00.00 - Depósitos Restituíveis e Valores Vinculados - Consolidação
A86: 1.1.3.6.0.00.00 - Créditos Previdenciários a Receber a Curto Prazo | B86: =+'DCA-Anexo I-AB'!B87+'DCA-Anexo I-AB'!B88+'DCA-Anexo I-AB'!B89+'DCA-Anexo I-AB'!B90+'DCA-Anexo I-AB'!B91 -> 0
A87: 1.1.3.6.1.00.00 - Créditos Previdenciários a Receber a Curto Prazo - Consolidação
A88: 1.1.3.6.2.00.00 - Créditos Previdenciários a Receber a Curto Prazo - Intra OFSS
A89: 1.1.3.6.3.00.00 - Créditos Previdenciários a Receber a Curto Prazo - Inter OFSS - União
A90: 1.1.3.6.4.00.00 - Créditos Previdenciários a Receber a Curto Prazo - Inter OFSS - Estado
A91: 1.1.3.6.5.00.00 - Créditos Previdenciários a Receber a Curto Prazo - Inter OFSS - Município
A92: 1.1.3.8.0.00.00 - Outros Créditos a Receber e Valores a Curto Prazo | B92: =+'DCA-Anexo I-AB'!B93+'DCA-Anexo I-AB'!B94+'DCA-Anexo I-AB'!B95+'DCA-Anexo I-AB'!B96+'DCA-Anexo I-AB'!B97 -> 0
A93: 1.1.3.8.1.00.00 - Outros Créditos a Receber e Valores a Curto Prazo - Consolidação
A94: 1.1.3.8.2.00.00 - Outros Créditos a Receber e Valores a Curto Prazo - Intra OFSS
A95: 1.1.3.8.3.00.00 - Outros Créditos a Receber e Valores a Curto Prazo - Inter OFSS - União
A96: 1.1.3.8.4.00.00 - Outros Créditos a Receber e Valores a Curto Prazo - Inter OFSS - Estado
A97: 1.1.3.8.5.00.00 - Outros Créditos a Receber e Valores a Curto Prazo - Inter OFSS - Município
A98: 1.1.3.9.0.00.00 - (-) Ajuste de Perdas de Demais Créditos e Valores a Curto Prazo | B98: =+'DCA-Anexo I-AB'!B99 -> 0
A99: 1.1.3.9.1.00.00 - (-) Ajuste de Perdas de Demais Créditos e Valores a Curto Prazo - Consolidação
A100: 1.1.4.0.0.00.00 - Investimentos e Aplicações Temporárias a Curto Prazo | B100: =+'DCA-Anexo I-AB'!B101+'DCA-Anexo I-AB'!B103+'DCA-Anexo I-AB'!B105-'DCA-Anexo I-AB'!B107 -> 19981865
A101: 1.1.4.1.0.00.00 - Títulos e Valores Mobiliários | B101: =+'DCA-Anexo I-AB'!B102 -> 19981865
A102: 1.1.4.1.1.00.00 - Títulos e Valores Mobiliários - Consolidação | B102: 19981865
A103: 1.1.4.2.0.00.00 - Aplicação Temporária em Metais Preciosos | B103: =+'DCA-Anexo I-AB'!B104 -> 0
...

Sheet formulas
A1: [DCA-Anexo I-AB]
A2: 'DCA-Anexo I-AB'!B22=+'DCA-Anexo I-AB'!B23+'DCA-Anexo I-AB'!B29+'DCA-Anexo I-AB'!B71+'DCA-Anexo I-AB'!B100+'DCA-Anexo I-AB'!B109+'DCA-Anexo I-AB'!B126+'DCA-Anexo I-AB'!B143
A3: 'DCA-Anexo I-AB'!B23=+'DCA-Anexo I-AB'!B24+'DCA-Anexo I-AB'!B27
A4: 'DCA-Anexo I-AB'!B24=+'DCA-Anexo I-AB'!B25+'DCA-Anexo I-AB'!B26
A5: 'DCA-Anexo I-AB'!B27=+'DCA-Anexo I-AB'!B28
A6: 'DCA-Anexo I-AB'!B29=+'DCA-Anexo I-AB'!B30+'DCA-Anexo I-AB'!B36+'DCA-Anexo I-AB'!B42+'DCA-Anexo I-AB'!B47+'DCA-Anexo I-AB'!B53+'DCA-Anexo I-AB'!B59-'DCA-Anexo I-AB'!B65
A7: 'DCA-Anexo I-AB'!B30=+'DCA-Anexo I-AB'!B31+'DCA-Anexo I-AB'!B32+'DCA-Anexo I-AB'!B33+'DCA-Anexo I-AB'!B34+'DCA-Anexo I-AB'!B35
A8: 'DCA-Anexo I-AB'!B36=+'DCA-Anexo I-AB'!B37+'DCA-Anexo I-AB'!B38+'DCA-Anexo I-AB'!B39+'DCA-Anexo I-AB'!B40+'DCA-Anexo I-AB'!B41
A9: 'DCA-Anexo I-AB'!B42=+'DCA-Anexo I-AB'!B43+'DCA-Anexo I-AB'!B44+'DCA-Anexo I-AB'!B45+'DCA-Anexo I-AB'!B46
A10: 'DCA-Anexo I-AB'!B47=+'DCA-Anexo I-AB'!B48+'DCA-Anexo I-AB'!B49+'DCA-Anexo I-AB'!B50+'DCA-Anexo I-AB'!B51+'DCA-Anexo I-AB'!B52
A11: 'DCA-Anexo I-AB'!B53=+'DCA-Anexo I-AB'!B54+'DCA-Anexo I-AB'!B55+'DCA-Anexo I-AB'!B56+'DCA-Anexo I-AB'!B57+'DCA-Anexo I-AB'!B58
A12: 'DCA-Anexo I-AB'!B59=+'DCA-Anexo I-AB'!B60+'DCA-Anexo I-AB'!B61+'DCA-Anexo I-AB'!B62+'DCA-Anexo I-AB'!B63+'DCA-Anexo I-AB'!B64
... A1660: 'DCA-Anexo I-E'!F202=+'DCA-Anexo I-E'!F203+'DCA-Anexo I-E'!F204+'DCA-Anexo I-E'!F205+'DCA-Anexo I-E'!F206+'DCA-Anexo I-E'!F207+'DCA-Anexo I-E'!F208+'DCA-Anexo I-E'!F209+'DCA-Anexo I-E'!F210

Sheet DCA-Anexo I-C
A2: QDCC
A3: BALANÇO ANUAL (DCA)
A4: VERSÃO: v7
A5: VIGÊNCIA: 03/01/2019
A7: Ente: 4313425 - Novo Machado/RS
A8: Poder: E - Executivo
A9: Instituição: 9993 - Prefeitura Municipal de Novo Machado - RS
A10: Exercício: 2018
A11: Periodicidade: ANUAL
A12: Período: Período único (anual)
A14: Grupo: Balanço Orçamentário - Receitas Orçamentárias
A15: Quadro: Receitas Orçamentárias
A16: Rótulo: Padrão
A17: Receitas Orçamentárias | B17: Execução da Receita
B18: Receitas Brutas Realizadas | C18: Deduções - Transferências Constitucionais | D18: Deduções - FUNDEB | E18: Outras Deduções da Receita
A19: Receitas Orçamentárias
A20: Total Receitas | B20: =+'DCA-Anexo I-C'!B21+'DCA-Anexo I-C'!B407+'DCA-Anexo I-C'!B371+'DCA-Anexo I-C'!B302 -> 22085421 | C20: =+'DCA-Anexo I-C'!C21+'DCA-Anexo I-C'!C407+'DCA-Anexo I-C'!C371+'DCA-Anexo I-C'!C302 -> 0 | D20: =+'DCA-Anexo I-C'!D21+'DCA-Anexo I-C'!D407+'DCA-Anexo I-C'!D371+'DCA-Anexo I-C'!D302 -> 2636607 | E20: =+'DCA-Anexo I-C'!E21+'DCA-Anexo I-C'!E407+'DCA-Anexo I-C'!E371+'DCA-Anexo I-C'!E302 -> 11326.89
A21: 1.0.0.0.00.0.0 - Receitas Correntes | B21: =+'DCA-Anexo I-C'!B22+'DCA-Anexo I-C'!B180+'DCA-Anexo I-C'!B73+'DCA-Anexo I-C'!B262+'DCA-Anexo I-C'!B124+'DCA-Anexo I-C'!B158+'DCA-Anexo I-C'!B159+'DCA-Anexo I-C'!B160 -> 19982750 | C21: =+'DCA-Anexo I-C'!C22+'DCA-Anexo I-C'!C180+'DCA-Anexo I-C'!C73+'DCA-Anexo I-C'!C262+'DCA-Anexo I-C'!C124+'DCA-Anexo I-C'!C158+'DCA-Anexo I-C'!C159+'DCA-Anexo I-C'!C160 -> 0 | D21: =+'DCA-Anexo I-C'!D22+'DCA-Anexo I-C'!D180+'DCA-Anexo I-C'!D73+'DCA-Anexo I-C'!D262+'DCA-Anexo I-C'!D124+'DCA-Anexo I-C'!D158+'DCA-Anexo I-C'!D159+'DCA-Anexo I-C'!D160 -> 2636607 | E21: =+'DCA-Anexo I-C'!E22+'DCA-Anexo I-C'!E180+'DCA-Anexo I-C'!E73+'DCA-Anexo I-C'!E262+'DCA-Anexo I-C'!E124+'DCA-Anexo I-C'!E158+'DCA-Anexo I-C'!E159+'DCA-Anexo I-C'!E160 -> 11326.89
A22: 1.1.0.0.00.0.0 - Impostos, Taxas e Contribuições de Melhoria | B22: =+'DCA-Anexo I-C'!B23+'DCA-Anexo I-C'!B61+'DCA-Anexo I-C'!B71 -> 864945.59 | C22: =+'DCA-Anexo I-C'!C23+'DCA-Anexo I-C'!C61+'DCA-Anexo I-C'!C71 -> 0 | D22: =+'DCA-Anexo I-C'!D23+'DCA-Anexo I-C'!D61+'DCA-Anexo I-C'!D71 -> 0 | E22: =+'DCA-Anexo I-C'!E23+'DCA-Anexo I-C'!E61+'DCA-Anexo I-C'!E71 -> 11326.89
A23: 1.1.1.0.00.0.0 - Impostos | B23: =+'DCA-Anexo I-C'!B24+'DCA-Anexo I-C'!B60+'DCA-Anexo I-C'!B29+'DCA-Anexo I-C'!B27+'DCA-Anexo I-C'!B37+'DCA-Anexo I-C'!B44+'DCA-Anexo I-C'!B48 -> 839316.79 | C23: =+'DCA-Anexo I-C'!C24+'DCA-Anexo I-C'!C60+'DCA-Anexo I-C'!C29+'DCA-Anexo I-C'!C27+'DCA-Anexo I-C'!C37+'DCA-Anexo I-C'!C44+'DCA-Anexo I-C'!C48 -> 0 | D23: =+'DCA-Anexo I-C'!D24+'DCA-Anexo I-C'!D60+'DCA-Anexo I-C'!D29+'DCA-Anexo I-C'!D27+'DCA-Anexo I-C'!D37+'DCA-Anexo I-C'!D44+'DCA-Anexo I-C'!D48 -> 0 | E23: =+'DCA-Anexo I-C'!E24+'DCA-Anexo I-C'!E60+'DCA-Anexo I-C'!E29+'DCA-Anexo I-C'!E27+'DCA-Anexo I-C'!E37+'DCA-Anexo I-C'!E44+'DCA-Anexo I-C'!E48 -> 11326.89
A24: 1.1.1.1.00.0.0 - Impostos sobre o Comércio Exterior | B24: =+'DCA-Anexo I-C'!B25+'DCA-Anexo I-C'!B26 -> 0 | C24: =+'DCA-Anexo I-C'!C25+'DCA-Anexo I-C'!C26 -> 0 | D24: =+'DCA-Anexo I-C'!D25+'DCA-Anexo I-C'!D26 -> 0 | E24: =+'DCA-Anexo I-C'!E25+'DCA-Anexo I-C'!E26 -> 0
A25: 1.1.1.1.01.0.0 - Imposto sobre a Importação
A26: 1.1.1.1.02.0.0 - Imposto sobre a Exportação
A27: 1.1.1.2.00.0.0 - Impostos sobre o Patrimônio | B27: =+'DCA-Anexo I-C'!B28 -> 0 | C27: =+'DCA-Anexo I-C'!C28 -> 0 | D27: =+'DCA-Anexo I-C'!D28 -> 0 | E27: =+'DCA-Anexo I-C'!E28 -> 0
A28: 1.1.1.2.01.0.0 - Imposto sobre a Propriedade Territorial Rural
A29: 1.1.1.3.00.0.0 - Impostos sobre a Renda e Proventos de Qualquer Natureza | B29: =+'DCA-Anexo I-C'!B30+'DCA-Anexo I-C'!B31+'DCA-Anexo I-C'!B32 -> 435572.69 | C29: =+'DCA-Anexo I-C'!C30+'DCA-Anexo I-C'!C31+'DCA-Anexo I-C'!C32 -> 0 | D29: =+'DCA-Anexo I-C'!D30+'DCA-Anexo I-C'!D31+'DCA-Anexo I-C'!D32 -> 0 | E29: =+'DCA-Anexo I-C'!E30+'DCA-Anexo I-C'!E31+'DCA-Anexo I-C'!E32 -> 0
A30: 1.1.1.3.01.0.0 - Imposto sobre a Renda de Pessoa Física - IRPF
A31: 1.1.1.3.02.0.0 - Imposto sobre a Renda de Pessoa Jurídica - IRPJ - Líquida de Incentivos
A32: 1.1.1.3.03.0.0 - Imposto sobre a Renda - Retido na Fonte | B32: =+'DCA-Anexo I-C'!B33+'DCA-Anexo I-C'!B36+'DCA-Anexo I-C'!B35+'DCA-Anexo I-C'!B34 -> 435572.69 | C32: =+'DCA-Anexo I-C'!C33+'DCA-Anexo I-C'!C36+'DCA-Anexo I-C'!C35+'DCA-Anexo I-C'!C34 -> 0 | D32: =+'DCA-Anexo I-C'!D33+'DCA-Anexo I-C'!D36+'DCA-Anexo I-C'!D35+'DCA-Anexo I-C'!D34 -> 0 | E32: =+'DCA-Anexo I-C'!E33+'DCA-Anexo I-C'!E36+'DCA-Anexo I-C'!E35+'DCA-Anexo I-C'!E34 -> 0
A33: 1.1.1.3.03.1.0 - Imposto sobre a Renda - Retido na Fonte - Trabalho | B33: 435572.69
A34: 1.1.1.3.03.2.0 - Imposto sobre a Renda - Retido na Fonte - Capital
A35: 1.1.1.3.03.3.0 - Imposto sobre a Renda - Retido na Fonte - Remessa ao Exterior
A36: 1.1.1.3.03.4.0 - Imposto sobre a Renda - Retido na Fonte - Outros Rendimentos
A37: 1.1.1.4.00.0.0 - Impostos sobre a Produção, Circulação e Serviços | B37: =+'DCA-Anexo I-C'!B38 -> 0 | C37: =+'DCA-Anexo I-C'!C38 -> 0 | D37: =+'DCA-Anexo I-C'!D38 -> 0 | E37: =+'DCA-Anexo I-C'!E38 -> 0
A38: 1.1.1.4.01.0.0 - Imposto sobre Produtos Industrializados - IPI | B38: =+'DCA-Anexo I-C'!B39+'DCA-Anexo I-C'!B41+'DCA-Anexo I-C'!B42+'DCA-Anexo I-C'!B43+'DCA-Anexo I-C'!B40 -> 0 | C38: =+'DCA-Anexo I-C'!C39+'DCA-Anexo I-C'!C41+'DCA-Anexo I-C'!C42+'DCA-Anexo I-C'!C43+'DCA-Anexo I-C'!C40 -> 0 | D38: =+'DCA-Anexo I-C'!D39+'DCA-Anexo I-C'!D41+'DCA-Anexo I-C'!D42+'DCA-Anexo I-C'!D43+'DCA-Anexo I-C'!D40 -> 0 | E38: =+'DCA-Anexo I-C'!E39+'DCA-Anexo I-C'!E41+'DCA-Anexo I-C'!E42+'DCA-Anexo I-C'!E43+'DCA-Anexo I-C'!E40 -> 0
A39: 1.1.1.4.01.1.0 - Imposto sobre Produtos Industrializados - IPI - Fumo
A40: 1.1.1.4.01.2.0 - Imposto sobre Produtos Industrializados - IPI- Bebidas
A41: 1.1.1.4.01.3.0 - Imposto sobre Produtos Industrializados - IPI - Automóveis
A42: 1.1.1.4.01.4.0 - Imposto sobre Produtos Industrializados - IPI - Vinculados à Importação
A43: 1.1.1.4.01.5.0 - Imposto sobre Produtos Industrializados - IPI - Outros Produtos
A44: 1.1.1.5.00.0.0 - Impostos sobre Operações de Crédito, Câmbio e Seguro, ou Relativas a Títulos ou Valores Mobiliários | B44: =+'DCA-Anexo I-C'!B45 -> 0 | C44: =+'DCA-Anexo I-C'!C45 -> 0 | D44: =+'DCA-Anexo I-C'!D45 -> 0 | E44: =+'DCA-Anexo I-C'!E45 -> 0
A45: 1.1.1.5.01.0.0 - Imposto sobre Operações Financeiras - IOF | B45: =+'DCA-Anexo I-C'!B46+'DCA-Anexo I-C'!B47 -> 0 | C45: =+'DCA-Anexo I-C'!C46+'DCA-Anexo I-C'!C47 -> 0 | D45: =+'DCA-Anexo I-C'!D46+'DCA-Anexo I-C'!D47 -> 0 | E45: =+'DCA-Anexo I-C'!E46+'DCA-Anexo I-C'!E47 -> 0
A46: 1.1.1.5.01.1.0 - Imposto sobre Operações Financeiras - IOF - Ouro
A47: 1.1.1.5.01.2.0 - Imposto sobre Operações Financeiras - IOF - Demais Operações
A48: 1.1.1.8.00.0.0 Impostos Específicos de Estados, DF e Municípios | B48: =+'DCA-Anexo I-C'!B49+'DCA-Anexo I-C'!B54 -> 403744.1 | C48: =+'DCA-Anexo I-C'!C49+'DCA-Anexo I-C'!C54 -> 0 | D48: =+'DCA-Anexo I-C'!D49+'DCA-Anexo I-C'!D54 -> 0 | E48: =+'DCA-Anexo I-C'!E49+'DCA-Anexo I-C'!E54 -> 11326.89
A49: 1.1.1.8.01.0.0 Impostos sobre o Patrimônio para Estados/DF/Municípios | B49: =+'DCA-Anexo I-C'!B50+'DCA-Anexo I-C'!B51+'DCA-Anexo I-C'!B52+'DCA-Anexo I-C'!B53 -> 337526.7 | C49: =+'DCA-Anexo I-C'!C50+'DCA-Anexo I-C'!C51+'DCA-Anexo I-C'!C52+'DCA-Anexo I-C'!C53 -> 0 | D49: =+'DCA-Anexo I-C'!D50+'DCA-Anexo I-C'!D51+'DCA-Anexo I-C'!D52+'DCA-Anexo I-C'!D53 -> 0 | E49: =+'DCA-Anexo I-C'!E50+'DCA-Anexo I-C'!E51+'DCA-Anexo I-C'!E52+'DCA-Anexo I-C'!E53 -> 11326.89
A50: 1.1.1.8.01.1.0 Imposto sobre a Propriedade Predial e Territorial Urbana | B50: 194814.27 | E50: 11326.89
A51: 1.1.1.8.01.2.0 Imposto sobre a Propriedade de Veículos Automotores
A52: 1.1.1.8.01.3.0 Imposto sobre Transmissão “Causa Mortis” e Doação de Bens e Direitos
A53: 1.1.1.8.01.4.0 Imposto sobre Transmissão “Inter Vivos” de Bens Imóveis e de Direitos Reais sobre Imóveis | B53: 142712.43
A54: 1.1.1.8.02.0.0 Impostos sobre a Produção, Circulação de Mercadorias e Serviços | B54: =+'DCA-Anexo I-C'!B55+'DCA-Anexo I-C'!B56+'DCA-Anexo I-C'!B57+'DCA-Anexo I-C'!B58+'DCA-Anexo I-C'!B59 -> 66217.4 | C54: =+'DCA-Anexo I-C'!C55+'DCA-Anexo I-C'!C56+'DCA-Anexo I-C'!C57+'DCA-Anexo I-C'!C58+'DCA-Anexo I-C'!C59 -> 0 | D54: =+'DCA-Anexo I-C'!D55+'DCA-Anexo I-C'!D56+'DCA-Anexo I-C'!D57+'DCA-Anexo I-C'!D58+'DCA-Anexo I-C'!D59 -> 0 | E54: =+'DCA-Anexo I-C'!E55+'DCA-Anexo I-C'!E56+'DCA-Anexo I-C'!E57+'DCA-Anexo I-C'!E58+'DCA-Anexo I-C'!E59 -> 0
A55: 1.1.1.8.02.1.0 Imposto sobre Operações Relativas à Circulação de Mercadorias e sobre Prestações de Serviços de Transporte Interestadual e Intermunicipal e de Comunicação | B55: 66217.4
A56: 1.1.1.8.02.2.0 Adicional ICMS - Fundo Estadual de Combate à Pobreza
A57: 1.1.1.8.02.3.0 Imposto sobre Serviços de Qualquer Natureza
A58: 1.1.1.8.02.4.0 Adicional ISS - Fundo Municipal de Combate à Pobreza
A59: 1.1.1.8.02.5.0 Imposto sobre Vendas a Varejo de Combustíveis Líquidos e Gasosos (IVVC)
A60: 1.1.1.9.00.0.0 - Outros Impostos
A61: 1.1.2.0.00.0.0 - Taxas | B61: =+'DCA-Anexo I-C'!B62+'DCA-Anexo I-C'!B68 -> 25351.24 | C61: =+'DCA-Anexo I-C'!C62+'DCA-Anexo I-C'!C68 -> 0 | D61: =+'DCA-Anexo I-C'!D62+'DCA-Anexo I-C'!D68 -> 0 | E61: =+'DCA-Anexo I-C'!E62+'DCA-Anexo I-C'!E68 -> 0
A62: 1.1.2.1.00.0.0 - Taxas pelo Exercício do Poder de Polícia | B62: =+'DCA-Anexo I-C'!B63+'DCA-Anexo I-C'!B65+'DCA-Anexo I-C'!B66+'DCA-Anexo I-C'!B67+'DCA-Anexo I-C'!B64 -> 18536.5 | C62: =+'DCA-Anexo I-C'!C63+'DCA-Anexo I-C'!C65+'DCA-Anexo I-C'!C66+'DCA-Anexo I-C'!C67+'DCA-Anexo I-C'!C64 -> 0 | D62: =+'DCA-Anexo I-C'!D63+'DCA-Anexo I-C'!D65+'DCA-Anexo I-C'!D66+'DCA-Anexo I-C'!D67+'DCA-Anexo I-C'!D64 -> 0 | E62: =+'DCA-Anexo I-C'!E63+'DCA-Anexo I-C'!E65+'DCA-Anexo I-C'!E66+'DCA-Anexo I-C'!E67+'DCA-Anexo I-C'!E64 -> 0
A63: 1.1.2.1.01.0.0 - Taxas de Inspeção, Controle e Fiscalização | B63: 18536.5
A64: 1.1.2.1.02.0.0 - Taxas de Fiscalização das Telecomunicações
A65: 1.1.2.1.03.0.0 - Taxa de Controle e Fiscalização de Produtos Químicos
A66: 1.1.2.1.04.0.0 - Taxa de Controle e Fiscalização Ambiental
A67: 1.1.2.1.05.0.0 - Taxa de Controle e Fiscalização da Pesca e Aquicultura
A68: 1.1.2.2.00.0.0 - Taxas pela Prestação de Serviços | B68: =+'DCA-Anexo I-C'!B69+'DCA-Anexo I-C'!B70 -> 6814.74 | C68: =+'DCA-Anexo I-C'!C69+'DCA-Anexo I-C'!C70 -> 0 | D68: =+'DCA-Anexo I-C'!D69+'DCA-Anexo I-C'!D70 -> 0 | E68: =+'DCA-Anexo I-C'!E69+'DCA-Anexo I-C'!E70 -> 0
A69: 1.1.2.2.01.0.0 - Taxas pela Prestação de Serviços | B69: 6814.74
A70: 1.1.2.2.02.0.0 - Emolumentos e Custas Judiciais
A71: 1.1.3.0.00.0.0 - Contribuição de Melhoria | B71: =+'DCA-Anexo I-C'!B72 -> 277.56 | C71: =+'DCA-Anexo I-C'!C72 -> 0 | D71: =+'DCA-Anexo I-C'!D72 -> 0 | E71: =+'DCA-Anexo I-C'!E72 -> 0
A72: 1.1.3.8.00.0.0 - Contribuição de Melhoria - Específica de Estados, DF e Municípios | B72: 277.56
A73: 1.2.0.0.00.0.0 - Contribuições | B73: =+'DCA-Anexo I-C'!B74+'DCA-Anexo I-C'!B120+'DCA-Anexo I-C'!B122+'DCA-Anexo I-C'!B123 -> 704259.25 | C73: =+'DCA-Anexo I-C'!C74+'DCA-Anexo I-C'!C120+'DCA-Anexo I-C'!C122+'DCA-Anexo I-C'!C123 -> 0 | D73: =+'DCA-Anexo I-C'!D74+'DCA-Anexo I-C'!D120+'DCA-Anexo I-C'!D122+'DCA-Anexo I-C'!D123 -> 0 | E73: =+'DCA-Anexo I-C'!E74+'DCA-Anexo I-C'!E120+'DCA-Anexo I-C'!E122+'DCA-Anexo I-C'!E123 -> 0
A74: 1.2.1.0.00.0.0 - Contribuições Sociais | B74: =+'DCA-Anexo I-C'!B75+'DCA-Anexo I-C'!B105+'DCA-Anexo I-C'!B87+'DCA-Anexo I-C'!B102+'DCA-Anexo I-C'!B94+'DCA-Anexo I-C'!B104+'DCA-Anexo I-C'!B96+'DCA-Anexo I-C'!B103+'DCA-Anexo I-C'!B76+'DCA-Anexo I-C'!B97+'DCA-Anexo I-C'!B95+'DCA-Anexo I-C'!B78+'DCA-Anexo I-C'!B93+'DCA-Anexo I-C'!B88+'DCA-Anexo I-C'!B77+'DCA-Anexo I-C'!B101+'DCA-Anexo I-C'!B106+'DCA-Anexo I-C'!B100+'DCA-Anexo I-C'!B107+'DCA-Anexo I-C'!B108 -> 573548.46 | C74: =+'DCA-Anexo I-C'!C75+'DCA-Anexo I-C'!C105+'DCA-Anexo I-C'!C87+'DCA-Anexo I-C'!C102+'DCA-Anexo I-C'!C94+'DCA-Anexo I-C'!C104+'DCA-Anexo I-C'!C96+'DCA-Anexo I-C'!C103+'DCA-Anexo I-C'!C76+'DCA-Anexo I-C'!C97+'DCA-Anexo I-C'!C95+'DCA-Anexo I-C'!C78+'DCA-Anexo I-C'!C93+'DCA-Anexo I-C'!C88+'DCA-Anexo I-C'!C77+'DCA-Anexo I-C'!C101+'DCA-Anexo I-C'!C106+'DCA-Anexo I-C'!C100+'DCA-Anexo I-C'!C107+'DCA-Anexo I-C'!C108 -> 0 | D74: =+'DCA-Anexo I-C'!D75+'DCA-Anexo I-C'!D105+'DCA-Anexo I-C'!D87+'DCA-Anexo I-C'!D102+'DCA-Anexo I-C'!D94+'DCA-Anexo I-C'!D104+'DCA-Anexo I-C'!D96+'DCA-Anexo I-C'!D103+'DCA-Anexo I-C'!D76+'DCA-Anexo I-C'!D97+'DCA-Anexo I-C'!D95+'DCA-Anexo I-C'!D78+'DCA-Anexo I-C'!D93+'DCA-Anexo I-C'!D88+'DCA-Anexo I-C'!D77+'DCA-Anexo I-C'!D101+'DCA-Anexo I-C'!D106+'DCA-Anexo I-C'!D100+'DCA-Anexo I-C'!D107+'DCA-Anexo I-C'!D108 -> 0 | E74: =+'DCA-Anexo I-C'!E75+'DCA-Anexo I-C'!E105+'DCA-Anexo I-C'!E87+'DCA-Anexo I-C'!E102+'DCA-Anexo I-C'!E94+'DCA-Anexo I-C'!E104+'DCA-Anexo I-C'!E96+'DCA-Anexo I-C'!E103+'DCA-Anexo I-C'!E76+'DCA-Anexo I-C'!E97+'DCA-Anexo I-C'!E95+'DCA-Anexo I-C'!E78+'DCA-Anexo I-C'!E93+'DCA-Anexo I-C'!E88+'DCA-Anexo I-C'!E77+'DCA-Anexo I-C'!E101+'DCA-Anexo I-C'!E106+'DCA-Anexo I-C'!E100+'DCA-Anexo I-C'!E107+'DCA-Anexo I-C'!E108 -> 0
A75: 1.2.1.0.01.0.0 - Contribuição para o Financiamento da Seguridade Social - COFINS
A76: 1.2.1.0.02.0.0 - Contribuição Social sobre o Lucro Líquido - CSLL
A77: 1.2.1.0.03.0.0 - Contribuições para o Regime Geral de Previdência Social - RGPS
A78: 1.2.1.0.04.0.0 - Contribuição para o Regime Próprio de Previdência Social - RPPS | B78: =+'DCA-Anexo I-C'!B79+'DCA-Anexo I-C'!B82+'DCA-Anexo I-C'!B81+'DCA-Anexo I-C'!B83+'DCA-Anexo I-C'!B84+'DCA-Anexo I-C'!B80+'DCA-Anexo I-C'!B85+'DCA-Anexo I-C'!B86 -> 573548.46 | C78: =+'DCA-Anexo I-C'!C79+'DCA-Anexo I-C'!C82+'DCA-Anexo I-C'!C81+'DCA-Anexo I-C'!C83+'DCA-Anexo I-C'!C84+'DCA-Anexo I-C'!C80+'DCA-Anexo I-C'!C85+'DCA-Anexo I-C'!C86 -> 0 | D78: =+'DCA-Anexo I-C'!D79+'DCA-Anexo I-C'!D82+'DCA-Anexo I-C'!D81+'DCA-Anexo I-C'!D83+'DCA-Anexo I-C'!D84+'DCA-Anexo I-C'!D80+'DCA-Anexo I-C'!D85+'DCA-Anexo I-C'!D86 -> 0 | E78: =+'DCA-Anexo I-C'!E79+'DCA-Anexo I-C'!E82+'DCA-Anexo I-C'!E81+'DCA-Anexo I-C'!E83+'DCA-Anexo I-C'!E84+'DCA-Anexo I-C'!E80+'DCA-Anexo I-C'!E85+'DCA-Anexo I-C'!E86 -> 0
A79: 1.2.1.0.04.1.0 - Contribuição Patronal de Servidor Ativo Civil para o RPPS
A80: 1.2.1.0.04.2.0 - Contribuição do Servidor Ativo Civil para o RPPS | B80: 573548.46
A81: 1.2.1.0.04.3.0 - Contribuição do Servidor Inativo para o RPPS
A82: 1.2.1.0.04.4.0 - Contribuição do Pensionista para o RPPS
A83: 1.2.1.0.04.5.0 - Contribuição Patronal para o RPPS Oriunda de Sentenças Judiciais
A84: 1.2.1.0.04.6.0 - Contribuição do Servidor Ativo ao RPPS Oriunda de Sentenças Judiciais
A85: 1.2.1.0.04.7.0 - Contribuição do Servidor Inativo ao RPPS Oriunda de Sentenças Judiciais
A86: 1.2.1.0.04.8.0 - Contribuição do Pensionista ao RPPS Oriunda de Sentenças Judiciais
A87: 1.2.1.0.05.0.0 - Contribuição para o Custeio das Pensões Militares
A88: 1.2.1.0.06.0.0 - Contribuição para os Fundos de Assistência Médica | B88: =+'DCA-Anexo I-C'!B89+'DCA-Anexo I-C'!B90+'DCA-Anexo I-C'!B91+'DCA-Anexo I-C'!B92 -> 0 | C88: =+'DCA-Anexo I-C'!C89+'DCA-Anexo I-C'!C90+'DCA-Anexo I-C'!C91+'DCA-Anexo I-C'!C92 -> 0 | D88: =+'DCA-Anexo I-C'!D89+'DCA-Anexo I-C'!D90+'DCA-Anexo I-C'!D91+'DCA-Anexo I-C'!D92 -> 0 | E88: =+'DCA-Anexo I-C'!E89+'DCA-Anexo I-C'!E90+'DCA-Anexo I-C'!E91+'DCA-Anexo I-C'!E92 -> 0
A89: 1.2.1.0.06.1.0 - Contribuição para os Fundos de Assistência Médica - Policiais Militares
A90: 1.2.1.0.06.2.0 - Contribuição para os Fundos de Assistência Médica dos Bombeiros Militares
A91: 1.2.1.0.06.3.0 - Contribuição para os Fundos de Assistência Médica dos Servidores Civis
A92: 1.2.1.0.06.9.0 - Contribuição para os Fundos de Assistência Médica de Outros Beneficiários
A93: 1.2.1.0.07.0.0 - Contribuições sobre Concursos de Prognósticos e Sorteios
A94: 1.2.1.0.08.0.0 - Contribuição sobre Sorteios Realizados por Entidades Filantrópicas
A95: 1.2.1.0.09.0.0 - Contribuição para os Programas de Integração Social e de Formação do Patrimônio do Servidor Público - PIS e PASEP
A96: 1.2.1.0.10.0.0 - Cota-Parte da Contribuição Sindical
A97: 1.2.1.0.11.0.0 - Contribuições Referentes ao Fundo de Garantia do Tempo de Serviço - FGTS | B97: =+'DCA-Anexo I-C'!B98+'DCA-Anexo I-C'!B99 -> 0 | C97: =+'DCA-Anexo I-C'!C98+'DCA-Anexo I-C'!C99 -> 0 | D97: =+'DCA-Anexo I-C'!D98+'DCA-Anexo I-C'!D99 -> 0 | E97: =+'DCA-Anexo I-C'!E98+'DCA-Anexo I-C'!E99 -> 0
A98: 1.2.1.0.11.1.0 - Contribuição Relativa à Despedida de Empregado sem Justa Causa
A99: 1.2.1.0.11.2.0 - Contribuição sobre a Remuneração Devida ao Trabalhador
A100: 1.2.1.0.12.0.0 - Contribuição Social do Salário-Educação
A101: 1.2.1.0.13.0.0 - Contribuição para o Ensino Aeroviário
A102: 1.2.1.0.14.0.0 - Contribuição para o Desenvolvimento do Ensino Profissional Marítimo
A103: 1.2.1.0.15.0.0 - Contribuição sobre a Arrecadação dos Fundos de Investimentos Regionais
...

Sheet DCA-Anexo I-D
A2: QDCC
A3: BALANÇO ANUAL (DCA)
A4: VERSÃO: v7
A5: VIGÊNCIA: 03/01/2019
A7: Ente: 4313425 - Novo Machado/RS
A8: Poder: E - Executivo
A9: Instituição: 9993 - Prefeitura Municipal de Novo Machado - RS
A10: Exercício: 2018
A11: Periodicidade: ANUAL
A12: Período: Período único (anual)
A14: Grupo: Balanço Orçamentário - Despesas Orçamentárias
A15: Quadro: Despesas Orçamentárias
A16: Rótulo: Padrão
A17: Despesas Orçamentárias | B17: Execução da Despesa
B18: Despesas Empenhadas | C18: Despesas Liquidadas | D18: Despesas Pagas | E18: Inscrição de Restos a Pagar Não Processados | F18: Inscrição de Restos a Pagar Processados
A19: Despesas Orçamentárias
A20: Total Geral da Despesa | B20: =+'DCA-Anexo I-D'!B21+'DCA-Anexo I-D'!B170 -> 16850953 | C20: =+'DCA-Anexo I-D'!C21+'DCA-Anexo I-D'!C170 -> 16721689 | D20: =+'DCA-Anexo I-D'!D21+'DCA-Anexo I-D'!D170 -> 16484070 | E20: =+'DCA-Anexo I-D'!E21+'DCA-Anexo I-D'!E170 -> 129264.18 | F20: =+'DCA-Anexo I-D'!F21+'DCA-Anexo I-D'!F170 -> 237618.9
A21: 3.0.00.00.00 - Despesas Correntes | B21: =+'DCA-Anexo I-D'!B22+'DCA-Anexo I-D'!B84+'DCA-Anexo I-D'!B67 -> 15394615 | C21: =+'DCA-Anexo I-D'!C22+'DCA-Anexo I-D'!C84+'DCA-Anexo I-D'!C67 -> 15265350 | D21: =+'DCA-Anexo I-D'!D22+'DCA-Anexo I-D'!D84+'DCA-Anexo I-D'!D67 -> 15052608 | E21: =+'DCA-Anexo I-D'!E22+'DCA-Anexo I-D'!E84+'DCA-Anexo I-D'!E67 -> 129264.18 | F21: =+'DCA-Anexo I-D'!F22+'DCA-Anexo I-D'!F84+'DCA-Anexo I-D'!F67 -> 212742.04
A22: 3.1.00.00.00 - Pessoal e Encargos Sociais | B22: =+'DCA-Anexo I-D'!B25+'DCA-Anexo I-D'!B27+'DCA-Anexo I-D'!B24+'DCA-Anexo I-D'!B63+'DCA-Anexo I-D'!B65+'DCA-Anexo I-D'!B29+'DCA-Anexo I-D'!B53+'DCA-Anexo I-D'!B26+'DCA-Anexo I-D'!B64+'DCA-Anexo I-D'!B23+'DCA-Anexo I-D'!B28+'DCA-Anexo I-D'!B30+'DCA-Anexo I-D'!B31 -> 10167168 | C22: =+'DCA-Anexo I-D'!C25+'DCA-Anexo I-D'!C27+'DCA-Anexo I-D'!C24+'DCA-Anexo I-D'!C63+'DCA-Anexo I-D'!C65+'DCA-Anexo I-D'!C29+'DCA-Anexo I-D'!C53+'DCA-Anexo I-D'!C26+'DCA-Anexo I-D'!C64+'DCA-Anexo I-D'!C23+'DCA-Anexo I-D'!C28+'DCA-Anexo I-D'!C30+'DCA-Anexo I-D'!C31 -> 10148126 | D22: =+'DCA-Anexo I-D'!D25+'DCA-Anexo I-D'!D27+'DCA-Anexo I-D'!D24+'DCA-Anexo I-D'!D63+'DCA-Anexo I-D'!D65+'DCA-Anexo I-D'!D29+'DCA-Anexo I-D'!D53+'DCA-Anexo I-D'!D26+'DCA-Anexo I-D'!D64+'DCA-Anexo I-D'!D23+'DCA-Anexo I-D'!D28+'DCA-Anexo I-D'!D30+'DCA-Anexo I-D'!D31 -> 10016471 | E22: =+'DCA-Anexo I-D'!E25+'DCA-Anexo I-D'!E27+'DCA-Anexo I-D'!E24+'DCA-Anexo I-D'!E63+'DCA-Anexo I-D'!E65+'DCA-Anexo I-D'!E29+'DCA-Anexo I-D'!E53+'DCA-Anexo I-D'!E26+'DCA-Anexo I-D'!E64+'DCA-Anexo I-D'!E23+'DCA-Anexo I-D'!E28+'DCA-Anexo I-D'!E30+'DCA-Anexo I-D'!E31 -> 19041.73 | F22: =+'DCA-Anexo I-D'!F25+'DCA-Anexo I-D'!F27+'DCA-Anexo I-D'!F24+'DCA-Anexo I-D'!F63+'DCA-Anexo I-D'!F65+'DCA-Anexo I-D'!F29+'DCA-Anexo I-D'!F53+'DCA-Anexo I-D'!F26+'DCA-Anexo I-D'!F64+'DCA-Anexo I-D'!F23+'DCA-Anexo I-D'!F28+'DCA-Anexo I-D'!F30+'DCA-Anexo I-D'!F31 -> 131654.81
A23: 3.1.20.00.00 - Transferências à União
A24: 3.1.30.00.00 - Transferências a Estados e ao Distrito Federal
A25: 3.1.40.00.00 - Transferências a Municípios
A26: 3.1.50.00.00 - Transferências a Instituições Sem Fins Lucrativos
A27: 3.1.71.00.00 - Transferências a Consórcios Públicos mediante contrato de rateio | B27: 101491.2 | C27: 101491.2 | D27: 101491.2
A28: 3.1.73.00.00 - Transferências a Consórcios Públicos mediante contrato de rateio à conta de recursos de que tratam os §§ 1º e 2º do art. 24 da Lei Complementar no 141, de 2012
A29: 3.1.74.00.00 - Transferências a Consórcios Públicos mediante contrato de rateio à conta de recursos de que trata o art. 25 da Lei Complementar no 141, de 2012
A30: 3.1.80.00.00 - Transferências ao Exterior
A31: 3.1.90.00.00 - Aplicações Diretas | B31: =+'DCA-Anexo I-D'!B32+'DCA-Anexo I-D'!B39+'DCA-Anexo I-D'!B46+'DCA-Anexo I-D'!B34+'DCA-Anexo I-D'!B40+'DCA-Anexo I-D'!B50+'DCA-Anexo I-D'!B52+'DCA-Anexo I-D'!B37+'DCA-Anexo I-D'!B45+'DCA-Anexo I-D'!B36+'DCA-Anexo I-D'!B48+'DCA-Anexo I-D'!B49+'DCA-Anexo I-D'!B38+'DCA-Anexo I-D'!B51+'DCA-Anexo I-D'!B33+'DCA-Anexo I-D'!B47+'DCA-Anexo I-D'!B35 -> 9085115 | C31: =+'DCA-Anexo I-D'!C32+'DCA-Anexo I-D'!C39+'DCA-Anexo I-D'!C46+'DCA-Anexo I-D'!C34+'DCA-Anexo I-D'!C40+'DCA-Anexo I-D'!C50+'DCA-Anexo I-D'!C52+'DCA-Anexo I-D'!C37+'DCA-Anexo I-D'!C45+'DCA-Anexo I-D'!C36+'DCA-Anexo I-D'!C48+'DCA-Anexo I-D'!C49+'DCA-Anexo I-D'!C38+'DCA-Anexo I-D'!C51+'DCA-Anexo I-D'!C33+'DCA-Anexo I-D'!C47+'DCA-Anexo I-D'!C35 -> 9066073.3 | D31: =+'DCA-Anexo I-D'!D32+'DCA-Anexo I-D'!D39+'DCA-Anexo I-D'!D46+'DCA-Anexo I-D'!D34+'DCA-Anexo I-D'!D40+'DCA-Anexo I-D'!D50+'DCA-Anexo I-D'!D52+'DCA-Anexo I-D'!D37+'DCA-Anexo I-D'!D45+'DCA-Anexo I-D'!D36+'DCA-Anexo I-D'!D48+'DCA-Anexo I-D'!D49+'DCA-Anexo I-D'!D38+'DCA-Anexo I-D'!D51+'DCA-Anexo I-D'!D33+'DCA-Anexo I-D'!D47+'DCA-Anexo I-D'!D35 -> 8934418.5 | E31: =+'DCA-Anexo I-D'!E32+'DCA-Anexo I-D'!E39+'DCA-Anexo I-D'!E46+'DCA-Anexo I-D'!E34+'DCA-Anexo I-D'!E40+'DCA-Anexo I-D'!E50+'DCA-Anexo I-D'!E52+'DCA-Anexo I-D'!E37+'DCA-Anexo I-D'!E45+'DCA-Anexo I-D'!E36+'DCA-Anexo I-D'!E48+'DCA-Anexo I-D'!E49+'DCA-Anexo I-D'!E38+'DCA-Anexo I-D'!E51+'DCA-Anexo I-D'!E33+'DCA-Anexo I-D'!E47+'DCA-Anexo I-D'!E35 -> 19041.73 | F31: =+'DCA-Anexo I-D'!F32+'DCA-Anexo I-D'!F39+'DCA-Anexo I-D'!F46+'DCA-Anexo I-D'!F34+'DCA-Anexo I-D'!F40+'DCA-Anexo I-D'!F50+'DCA-Anexo I-D'!F52+'DCA-Anexo I-D'!F37+'DCA-Anexo I-D'!F45+'DCA-Anexo I-D'!F36+'DCA-Anexo I-D'!F48+'DCA-Anexo I-D'!F49+'DCA-Anexo I-D'!F38+'DCA-Anexo I-D'!F51+'DCA-Anexo I-D'!F33+'DCA-Anexo I-D'!F47+'DCA-Anexo I-D'!F35 -> 131654.81
A32: 3.1.90.01.00 - Aposentadorias do RPPS, Reserva Remunerada e Reformas dos Militares | B32: 627047.96 | C32: 627047.96 | D32: 627047.96
A33: 3.1.90.03.00 - Pensões do RPPS e do Militar | B33: 112325.9 | C33: 112325.9 | D33: 112325.9
A34: 3.1.90.04.00 - Contratação por Tempo Determinado | B34: 258337.37 | C34: 258337.37 | D34: 253330.02 | F34: 5007.35
A35: 3.1.90.05.00 - Outros Benefícios Previdenciários do Servidor ou do Militar | B35: 211866.66 | C35: 211866.66 | D35: 211866.66
A36: 3.1.90.07.00 - Contribuição a Entidades Fechadas de Previdência
A37: 3.1.90.08.00 - Outros Benefícios Assistenciais do Servidor ou do Militar | B37: 179040.94 | C37: 179040.94 | D37: 179040.94
A38: 3.1.90.11.00 - Vencimentos e Vantagens Fixas - Pessoal Civil | B38: 7254422.6 | C38: 7235380.8 | D38: 7153794.7 | E38: =B38-C38 -> 19041.73 | F38: =C38-D38 -> 81586.14
A39: 3.1.90.12.00 - Vencimentos e Vantagens Fixas - Pessoal Militar
A40: 3.1.90.13.00 - Obrigações Patronais | B40: =+'DCA-Anexo I-D'!B44+'DCA-Anexo I-D'!B43+'DCA-Anexo I-D'!B41+'DCA-Anexo I-D'!B42 -> 395606.02 | C40: =+'DCA-Anexo I-D'!C44+'DCA-Anexo I-D'!C43+'DCA-Anexo I-D'!C41+'DCA-Anexo I-D'!C42 -> 395606.02 | D40: =+'DCA-Anexo I-D'!D44+'DCA-Anexo I-D'!D43+'DCA-Anexo I-D'!D41+'DCA-Anexo I-D'!D42 -> 350544.7 | E40: =B40-C40 -> 0 | F40: =C40-D40 -> 45061.32
A41: 3.1.90.13.01 - FGTS | B41: 9988.31 | C41: 9988.31 | D41: 8959.94 | E41: =B41-C41 -> 0 | F41: =C41-D41 -> 1028.37
A42: 3.1.90.13.02 - Contribuições Previdenciárias - INSS | B42: 204737.42 | C42: 204737.42 | D42: 172447.25 | E42: =B42-C42 -> 0 | F42: =C42-D42 -> 32290.17
A43: 3.1.90.13.08 - Plano de Seg. Soc. do Servidor - Pessoal Ativo
A44: 3.1.90.13.99 - Outras Obrigações Patronais | B44: 180880.29 | C44: 180880.29 | D44: 169137.51 | E44: =B44-C44 -> 0 | F44: =C44-D44 -> 11742.78
A45: 3.1.90.16.00 - Outras Despesas Variáveis - Pessoal Civil | B45: 46467.59 | C45: 46467.59 | D45: 46467.59
A46: 3.1.90.17.00 - Outras Despesas Variáveis - Pessoal Militar
A47: 3.1.90.67.00 - Depósitos Compulsórios
A48: 3.1.90.91.00 - Sentenças Judiciais
A49: 3.1.90.92.00 - Despesas de Exercícios Anteriores
A50: 3.1.90.94.00 - Indenizações e Restituições Trabalhistas
A51: 3.1.90.96.00 - Ressarcimento de Despesas de Pessoal Requisitado
A52: 3.1.90.99.00 - A Classificar
A53: 3.1.91.00.00 - Aplicação Direta Decorrente de Operação entre Órgãos, Fundos e Entidades Integrantes dos Orçamentos Fiscal e da Seguridade Social | B53: =+'DCA-Anexo I-D'!B60+'DCA-Anexo I-D'!B54+'DCA-Anexo I-D'!B58+'DCA-Anexo I-D'!B61+'DCA-Anexo I-D'!B59+'DCA-Anexo I-D'!B55+'DCA-Anexo I-D'!B62 -> 980561.49 | C53: =+'DCA-Anexo I-D'!C60+'DCA-Anexo I-D'!C54+'DCA-Anexo I-D'!C58+'DCA-Anexo I-D'!C61+'DCA-Anexo I-D'!C59+'DCA-Anexo I-D'!C55+'DCA-Anexo I-D'!C62 -> 980561.49 | D53: =+'DCA-Anexo I-D'!D60+'DCA-Anexo I-D'!D54+'DCA-Anexo I-D'!D58+'DCA-Anexo I-D'!D61+'DCA-Anexo I-D'!D59+'DCA-Anexo I-D'!D55+'DCA-Anexo I-D'!D62 -> 980561.49 | E53: =+'DCA-Anexo I-D'!E60+'DCA-Anexo I-D'!E54+'DCA-Anexo I-D'!E58+'DCA-Anexo I-D'!E61+'DCA-Anexo I-D'!E59+'DCA-Anexo I-D'!E55+'DCA-Anexo I-D'!E62 -> 0 | F53: =+'DCA-Anexo I-D'!F60+'DCA-Anexo I-D'!F54+'DCA-Anexo I-D'!F58+'DCA-Anexo I-D'!F61+'DCA-Anexo I-D'!F59+'DCA-Anexo I-D'!F55+'DCA-Anexo I-D'!F62 -> 0
A54: 3.1.91.04.00 - Contratação por Tempo Determinado
A55: 3.1.91.13.00 - Contribuições Patronais | B55: =+'DCA-Anexo I-D'!B56+'DCA-Anexo I-D'!B57 -> 980561.49 | C55: =+'DCA-Anexo I-D'!C56+'DCA-Anexo I-D'!C57 -> 980561.49 | D55: =+'DCA-Anexo I-D'!D56+'DCA-Anexo I-D'!D57 -> 980561.49
A56: 3.1.91.13.03 - Contribuição Patronal para o RPPS - Intraorçamentária | B56: 533969.15 | C56: 533969.15 | D56: 533969.15
A57: 3.1.91.13.99 - Outras Obrigações Patronais - Intraorçamentária | B57: 446592.34 | C57: 446592.34 | D57: 446592.34
A58: 3.1.91.91.00 - Sentenças Judiciais
A59: 3.1.91.92.00 - Despesas de Exercícios Anteriores
A60: 3.1.91.94.00 - Indenizações e Restituições Trabalhistas
A61: 3.1.91.96.00 - Ressarcimento de Despesas de Pessoal Requisitado
A62: 3.1.91.99.00 - A Classificar
A63: 3.1.95.00.00 - Aplicação Direta à conta de recursos de que tratam os §§ 1º e 2º do art. 24 da Lei Complementar no 141, de 2012
A64: 3.1.96.00.00 - Aplicação Direta à conta de recursos de que trata o art. 25 da Lei Complementar no 141, de 2012
A65: 3.1.99.00.00 - A Definir | B65: =+'DCA-Anexo I-D'!B66 -> 0 | C65: =+'DCA-Anexo I-D'!C66 -> 0 | D65: =+'DCA-Anexo I-D'!D66 -> 0 | E65: =+'DCA-Anexo I-D'!E66 -> 0 | F65: =+'DCA-Anexo I-D'!F66 -> 0
A66: 3.1.99.99.00 - A Classificar
A67: 3.2.00.00.00 - Juros e Encargos da Dívida | B67: =+'DCA-Anexo I-D'!B68+'DCA-Anexo I-D'!B69+'DCA-Anexo I-D'!B70+'DCA-Anexo I-D'!B71+'DCA-Anexo I-D'!B81+'DCA-Anexo I-D'!B82+'DCA-Anexo I-D'!B83 -> 52202.88 | C67: =+'DCA-Anexo I-D'!C68+'DCA-Anexo I-D'!C69+'DCA-Anexo I-D'!C70+'DCA-Anexo I-D'!C71+'DCA-Anexo I-D'!C81+'DCA-Anexo I-D'!C82+'DCA-Anexo I-D'!C83 -> 52202.88 | D67: =+'DCA-Anexo I-D'!D68+'DCA-Anexo I-D'!D69+'DCA-Anexo I-D'!D70+'DCA-Anexo I-D'!D71+'DCA-Anexo I-D'!D81+'DCA-Anexo I-D'!D82+'DCA-Anexo I-D'!D83 -> 52202.88
A68: 3.2.71.00.00 - Transferências a Consórcios Públicos mediante contrato de rateio
A69: 3.2.73.00.00 - Transferências a Consórcios Públicos mediante contrato de rateio à conta de recursos de que tratam os §§ 1º e 2º do art. 24 da Lei Complementar nº 141, de 2012
A70: 3.2.74.00.00 - Transferências a Consórcios Públicos mediante contrato de rateio à conta de recursos de que trata o art. 25 da Lei Complementar nº 141, de 2012
A71: 3.2.90.00.00 - Aplicações Diretas | B71: =+'DCA-Anexo I-D'!B77+'DCA-Anexo I-D'!B80+'DCA-Anexo I-D'!B79+'DCA-Anexo I-D'!B76+'DCA-Anexo I-D'!B73+'DCA-Anexo I-D'!B78+'DCA-Anexo I-D'!B72+'DCA-Anexo I-D'!B74+'DCA-Anexo I-D'!B75 -> 52202.88 | C71: =+'DCA-Anexo I-D'!C77+'DCA-Anexo I-D'!C80+'DCA-Anexo I-D'!C79+'DCA-Anexo I-D'!C76+'DCA-Anexo I-D'!C73+'DCA-Anexo I-D'!C78+'DCA-Anexo I-D'!C72+'DCA-Anexo I-D'!C74+'DCA-Anexo I-D'!C75 -> 52202.88 | D71: =+'DCA-Anexo I-D'!D77+'DCA-Anexo I-D'!D80+'DCA-Anexo I-D'!D79+'DCA-Anexo I-D'!D76+'DCA-Anexo I-D'!D73+'DCA-Anexo I-D'!D78+'DCA-Anexo I-D'!D72+'DCA-Anexo I-D'!D74+'DCA-Anexo I-D'!D75 -> 52202.88 | E71: =+'DCA-Anexo I-D'!E77+'DCA-Anexo I-D'!E80+'DCA-Anexo I-D'!E79+'DCA-Anexo I-D'!E76+'DCA-Anexo I-D'!E73+'DCA-Anexo I-D'!E78+'DCA-Anexo I-D'!E72+'DCA-Anexo I-D'!E74+'DCA-Anexo I-D'!E75 -> 0 | F71: =+'DCA-Anexo I-D'!F77+'DCA-Anexo I-D'!F80+'DCA-Anexo I-D'!F79+'DCA-Anexo I-D'!F76+'DCA-Anexo I-D'!F73+'DCA-Anexo I-D'!F78+'DCA-Anexo I-D'!F72+'DCA-Anexo I-D'!F74+'DCA-Anexo I-D'!F75 -> 0
A72: 3.2.90.21.00 - Juros sobre a Dívida por Contrato | B72: 52202.88 | C72: 52202.88 | D72: 52202.88
A73: 3.2.90.22.00 - Outros Encargos sobre a Dívida por Contrato
A74: 3.2.90.23.00 - Juros, Deságios e Descontos da Dívida Mobiliária
A75: 3.2.90.24.00 - Outros Encargos sobre a Dívida Mobiliária
A76: 3.2.90.25.00 - Encargos sobre Operações de Crédito por Antecipação da Receita
A77: 3.2.90.91.00 - Sentenças Judiciais
A78: 3.2.90.92.00 - Despesas de Exercícios Anteriores
A79: 3.2.90.93.00 - Indenizações e Restituições
A80: 3.2.90.99.00 - A Classificar
A81: 3.2.95.00.00 - Aplicação Direta à conta de recursos de que tratam os §§ 1º e 2º do art. 24 da Lei Complementar no 141, de 2012
A82: 3.2.96.00.00 - Aplicação Direta à conta de recursos de que trata o art. 25 da Lei Complementar no 141, de 2012
A83: 3.2.99.00.00 - A Definir
A84: 3.3.00.00.00 - Outras Despesas Correntes | B84: =+'DCA-Anexo I-D'!B95+'DCA-Anexo I-D'!B106+'DCA-Anexo I-D'!B109+'DCA-Anexo I-D'!B99+'DCA-Anexo I-D'!B104+'DCA-Anexo I-D'!B102+'DCA-Anexo I-D'!B111+'DCA-Anexo I-D'!B110+'DCA-Anexo I-D'!B101+'DCA-Anexo I-D'!B112+'DCA-Anexo I-D'!B91+'DCA-Anexo I-D'!B113+'DCA-Anexo I-D'!B100+'DCA-Anexo I-D'!B87+'DCA-Anexo I-D'!B85+'DCA-Anexo I-D'!B92+'DCA-Anexo I-D'!B94+'DCA-Anexo I-D'!B103+'DCA-Anexo I-D'!B166+'DCA-Anexo I-D'!B93+'DCA-Anexo I-D'!B107+'DCA-Anexo I-D'!B169+'DCA-Anexo I-D'!B167+'DCA-Anexo I-D'!B86+'DCA-Anexo I-D'!B168+'DCA-Anexo I-D'!B108+'DCA-Anexo I-D'!B165+'DCA-Anexo I-D'!B114+'DCA-Anexo I-D'!B105+'DCA-Anexo I-D'!B163+'DCA-Anexo I-D'!B164 -> 5175243.9 | C84: =+'DCA-Anexo I-D'!C95+'DCA-Anexo I-D'!C106+'DCA-Anexo I-D'!C109+'DCA-Anexo I-D'!C99+'DCA-Anexo I-D'!C104+'DCA-Anexo I-D'!C102+'DCA-Anexo I-D'!C111+'DCA-Anexo I-D'!C110+'DCA-Anexo I-D'!C101+'DCA-Anexo I-D'!C112+'DCA-Anexo I-D'!C91+'DCA-Anexo I-D'!C113+'DCA-Anexo I-D'!C100+'DCA-Anexo I-D'!C87+'DCA-Anexo I-D'!C85+'DCA-Anexo I-D'!C92+'DCA-Anexo I-D'!C94+'DCA-Anexo I-D'!C103+'DCA-Anexo I-D'!C166+'DCA-Anexo I-D'!C93+'DCA-Anexo I-D'!C107+'DCA-Anexo I-D'!C169+'DCA-Anexo I-D'!C167+'DCA-Anexo I-D'!C86+'DCA-Anexo I-D'!C168+'DCA-Anexo I-D'!C108+'DCA-Anexo I-D'!C165+'DCA-Anexo I-D'!C114+'DCA-Anexo I-D'!C105+'DCA-Anexo I-D'!C163+'DCA-Anexo I-D'!C164 -> 5065021.5 | D84: =+'DCA-Anexo I-D'!D95+'DCA-Anexo I-D'!D106+'DCA-Anexo I-D'!D109+'DCA-Anexo I-D'!D99+'DCA-Anexo I-D'!D104+'DCA-Anexo I-D'!D102+'DCA-Anexo I-D'!D111+'DCA-Anexo I-D'!D110+'DCA-Anexo I-D'!D101+'DCA-Anexo I-D'!D112+'DCA-Anexo I-D'!D91+'DCA-Anexo I-D'!D113+'DCA-Anexo I-D'!D100+'DCA-Anexo I-D'!D87+'DCA-Anexo I-D'!D85+'DCA-Anexo I-D'!D92+'DCA-Anexo I-D'!D94+'DCA-Anexo I-D'!D103+'DCA-Anexo I-D'!D166+'DCA-Anexo I-D'!D93+'DCA-Anexo I-D'!D107+'DCA-Anexo I-D'!D169+'DCA-Anexo I-D'!D167+'DCA-Anexo I-D'!D86+'DCA-Anexo I-D'!D168+'DCA-Anexo I-D'!D108+'DCA-Anexo I-D'!D165+'DCA-Anexo I-D'!D114+'DCA-Anexo I-D'!D105+'DCA-Anexo I-D'!D163+'DCA-Anexo I-D'!D164 -> 4983934.3 | E84: =+'DCA-Anexo I-D'!E95+'DCA-Anexo I-D'!E106+'DCA-Anexo I-D'!E109+'DCA-Anexo I-D'!E99+'DCA-Anexo I-D'!E104+'DCA-Anexo I-D'!E102+'DCA-Anexo I-D'!E111+'DCA-Anexo I-D'!E110+'DCA-Anexo I-D'!E101+'DCA-Anexo I-D'!E112+'DCA-Anexo I-D'!E91+'DCA-Anexo I-D'!E113+'DCA-Anexo I-D'!E100+'DCA-Anexo I-D'!E87+'DCA-Anexo I-D'!E85+'DCA-Anexo I-D'!E92+'DCA-Anexo I-D'!E94+'DCA-Anexo I-D'!E103+'DCA-Anexo I-D'!E166+'DCA-Anexo I-D'!E93+'DCA-Anexo I-D'!E107+'DCA-Anexo I-D'!E169+'DCA-Anexo I-D'!E167+'DCA-Anexo I-D'!E86+'DCA-Anexo I-D'!E168+'DCA-Anexo I-D'!E108+'DCA-Anexo I-D'!E165+'DCA-Anexo I-D'!E114+'DCA-Anexo I-D'!E105+'DCA-Anexo I-D'!E163+'DCA-Anexo I-D'!E164 -> 110222.45 | F84: =+'DCA-Anexo I-D'!F95+'DCA-Anexo I-D'!F106+'DCA-Anexo I-D'!F109+'DCA-Anexo I-D'!F99+'DCA-Anexo I-D'!F104+'DCA-Anexo I-D'!F102+'DCA-Anexo I-D'!F111+'DCA-Anexo I-D'!F110+'DCA-Anexo I-D'!F101+'DCA-Anexo I-D'!F112+'DCA-Anexo I-D'!F91+'DCA-Anexo I-D'!F113+'DCA-Anexo I-D'!F100+'DCA-Anexo I-D'!F87+'DCA-Anexo I-D'!F85+'DCA-Anexo I-D'!F92+'DCA-Anexo I-D'!F94+'DCA-Anexo I-D'!F103+'DCA-Anexo I-D'!F166+'DCA-Anexo I-D'!F93+'DCA-Anexo I-D'!F107+'DCA-Anexo I-D'!F169+'DCA-Anexo I-D'!F167+'DCA-Anexo I-D'!F86+'DCA-Anexo I-D'!F168+'DCA-Anexo I-D'!F108+'DCA-Anexo I-D'!F165+'DCA-Anexo I-D'!F114+'DCA-Anexo I-D'!F105+'DCA-Anexo I-D'!F163+'DCA-Anexo I-D'!F164 -> 81087.23
A85: 3.3.20.00.00 - Transferências à União
A86: 3.3.22.00.00 - Execução Orçamentária Delegada à União
A87: 3.3.30.00.00 - Transferências a Estados e ao Distrito Federal | B87: =+'DCA-Anexo I-D'!B89+'DCA-Anexo I-D'!B90+'DCA-Anexo I-D'!B88 -> 1983.7 | C87: =+'DCA-Anexo I-D'!C89+'DCA-Anexo I-D'!C90+'DCA-Anexo I-D'!C88 -> 1983.7 | D87: =+'DCA-Anexo I-D'!D89+'DCA-Anexo I-D'!D90+'DCA-Anexo I-D'!D88 -> 1983.7 | E87: =+'DCA-Anexo I-D'!E89+'DCA-Anexo I-D'!E90+'DCA-Anexo I-D'!E88 -> 0 | F87: =+'DCA-Anexo I-D'!F89+'DCA-Anexo I-D'!F90+'DCA-Anexo I-D'!F88 -> 0
A88: 3.3.30.41.00 - Contribuições | B88: 1983.7 | C88: 1983.7 | D88: 1983.7
A89: 3.3.30.81.00 - Distribuição Constitucional ou Legal de Receitas
A90: 3.3.30.99.00 - A Classificar
A91: 3.3.31.00.00 - Transferências a Estados e ao Distrito Federal - Fundo a Fundo
A92: 3.3.32.00.00 - Execução Orçamentária Delegada a Estados e ao Distrito Federal
A93: 3.3.35.00.00 - Transferências Fundo a Fundo aos Estados e ao Distrito Federal à conta de recursos de que tratam os §§ 1º e 2º do art. 24 da Lei Complementar no 141, de 2012
A94: 3.3.36.00.00 - Transferências Fundo a Fundo aos Estados e ao Distrito Federal à conta de recursos de que trata o art. 25 da Lei Complementar no 141, de 2012
A95: 3.3.40.00.00 - Transferências a Municípios | B95: =+'DCA-Anexo I-D'!B98+'DCA-Anexo I-D'!B97+'DCA-Anexo I-D'!B96 -> 0 | C95: =+'DCA-Anexo I-D'!C98+'DCA-Anexo I-D'!C97+'DCA-Anexo I-D'!C96 -> 0 | D95: =+'DCA-Anexo I-D'!D98+'DCA-Anexo I-D'!D97+'DCA-Anexo I-D'!D96 -> 0 | E95: =+'DCA-Anexo I-D'!E98+'DCA-Anexo I-D'!E97+'DCA-Anexo I-D'!E96 -> 0 | F95: =+'DCA-Anexo I-D'!F98+'DCA-Anexo I-D'!F97+'DCA-Anexo I-D'!F96 -> 0
A96: 3.3.40.41.00 - Contribuições
A97: 3.3.40.81.00 - Distribuição Constitucional ou Legal de Receitas
A98: 3.3.40.99.00 - A Classificar
A99: 3.3.41.00.00 - Transferências a Municípios - Fundo a Fundo
A100: 3.3.42.00.00 - Execução Orçamentária Delegada a Municípios
A101: 3.3.45.00.00 - Transferências Fundo a Fundo aos Municípios à conta de recursos de que tratam os §§ 1º e 2º do art. 24 da Lei Complementar no 141, de 2012
A102: 3.3.46.00.00 - Transferências Fundo a Fundo aos Municípios à conta de recursos de que trata o art. 25 da Lei Complementar no 141, de 2012
A103: 3.3.50.00.00 - Transferências a Instituições Privadas sem Fins Lucrativos
...

Sheet DCA-Anexo I-E
A2: QDCC
A3: BALANÇO ANUAL (DCA)
A4: VERSÃO: v7
A5: VIGÊNCIA: 03/01/2019
A7: Ente: 4313425 - Novo Machado/RS
A8: Poder: E - Executivo
A9: Instituição: 9993 - Prefeitura Municipal de Novo Machado - RS
A10: Exercício: 2018
A11: Periodicidade: ANUAL
A12: Período: Período único (anual)
A14: Grupo: Balanço Orçamentário - Despesas por Função
A15: Quadro: Despesas por Função
A16: Rótulo: Total Geral da Despesa por Função
A17: Despesas por Função | B17: Execução da Despesa
B18: Despesas Empenhadas | C18: Despesas Liquidadas | D18: Despesas Pagas | E18: Inscrição de Restos a Pagar Não Processados | F18: Inscrição de Restos a Pagar Processados
A19: Despesas Exceto Intraorçamentárias | B19: =+'DCA-Anexo I-E'!B20+'DCA-Anexo I-E'!B25+'DCA-Anexo I-E'!B30+'DCA-Anexo I-E'!B35+'DCA-Anexo I-E'!B48+'DCA-Anexo I-E'!B54+'DCA-Anexo I-E'!B60+'DCA-Anexo I-E'!B65+'DCA-Anexo I-E'!B72+'DCA-Anexo I-E'!B79+'DCA-Anexo I-E'!B88+'DCA-Anexo I-E'!B95+'DCA-Anexo I-E'!B106+'DCA-Anexo I-E'!B111+'DCA-Anexo I-E'!B117+'DCA-Anexo I-E'!B123+'DCA-Anexo I-E'!B128+'DCA-Anexo I-E'!B133+'DCA-Anexo I-E'!B141+'DCA-Anexo I-E'!B147+'DCA-Anexo I-E'!B155+'DCA-Anexo I-E'!B160+'DCA-Anexo I-E'!B168+'DCA-Anexo I-E'!B176+'DCA-Anexo I-E'!B181+'DCA-Anexo I-E'!B188+'DCA-Anexo I-E'!B196+'DCA-Anexo I-E'!B202 -> 16850953 | C19: =+'DCA-Anexo I-E'!C20+'DCA-Anexo I-E'!C25+'DCA-Anexo I-E'!C30+'DCA-Anexo I-E'!C35+'DCA-Anexo I-E'!C48+'DCA-Anexo I-E'!C54+'DCA-Anexo I-E'!C60+'DCA-Anexo I-E'!C65+'DCA-Anexo I-E'!C72+'DCA-Anexo I-E'!C79+'DCA-Anexo I-E'!C88+'DCA-Anexo I-E'!C95+'DCA-Anexo I-E'!C106+'DCA-Anexo I-E'!C111+'DCA-Anexo I-E'!C117+'DCA-Anexo I-E'!C123+'DCA-Anexo I-E'!C128+'DCA-Anexo I-E'!C133+'DCA-Anexo I-E'!C141+'DCA-Anexo I-E'!C147+'DCA-Anexo I-E'!C155+'DCA-Anexo I-E'!C160+'DCA-Anexo I-E'!C168+'DCA-Anexo I-E'!C176+'DCA-Anexo I-E'!C181+'DCA-Anexo I-E'!C188+'DCA-Anexo I-E'!C196+'DCA-Anexo I-E'!C202 -> 16721689 | D19: =+'DCA-Anexo I-E'!D20+'DCA-Anexo I-E'!D25+'DCA-Anexo I-E'!D30+'DCA-Anexo I-E'!D35+'DCA-Anexo I-E'!D48+'DCA-Anexo I-E'!D54+'DCA-Anexo I-E'!D60+'DCA-Anexo I-E'!D65+'DCA-Anexo I-E'!D72+'DCA-Anexo I-E'!D79+'DCA-Anexo I-E'!D88+'DCA-Anexo I-E'!D95+'DCA-Anexo I-E'!D106+'DCA-Anexo I-E'!D111+'DCA-Anexo I-E'!D117+'DCA-Anexo I-E'!D123+'DCA-Anexo I-E'!D128+'DCA-Anexo I-E'!D133+'DCA-Anexo I-E'!D141+'DCA-Anexo I-E'!D147+'DCA-Anexo I-E'!D155+'DCA-Anexo I-E'!D160+'DCA-Anexo I-E'!D168+'DCA-Anexo I-E'!D176+'DCA-Anexo I-E'!D181+'DCA-Anexo I-E'!D188+'DCA-Anexo I-E'!D196+'DCA-Anexo I-E'!D202 -> 16484070 | E19: =+'DCA-Anexo I-E'!E20+'DCA-Anexo I-E'!E25+'DCA-Anexo I-E'!E30+'DCA-Anexo I-E'!E35+'DCA-Anexo I-E'!E48+'DCA-Anexo I-E'!E54+'DCA-Anexo I-E'!E60+'DCA-Anexo I-E'!E65+'DCA-Anexo I-E'!E72+'DCA-Anexo I-E'!E79+'DCA-Anexo I-E'!E88+'DCA-Anexo I-E'!E95+'DCA-Anexo I-E'!E106+'DCA-Anexo I-E'!E111+'DCA-Anexo I-E'!E117+'DCA-Anexo I-E'!E123+'DCA-Anexo I-E'!E128+'DCA-Anexo I-E'!E133+'DCA-Anexo I-E'!E141+'DCA-Anexo I-E'!E147+'DCA-Anexo I-E'!E155+'DCA-Anexo I-E'!E160+'DCA-Anexo I-E'!E168+'DCA-Anexo I-E'!E176+'DCA-Anexo I-E'!E181+'DCA-Anexo I-E'!E188+'DCA-Anexo I-E'!E196+'DCA-Anexo I-E'!E202 -> 129264.18 | F19: =+'DCA-Anexo I-E'!F20+'DCA-Anexo I-E'!F25+'DCA-Anexo I-E'!F30+'DCA-Anexo I-E'!F35+'DCA-Anexo I-E'!F48+'DCA-Anexo I-E'!F54+'DCA-Anexo I-E'!F60+'DCA-Anexo I-E'!F65+'DCA-Anexo I-E'!F72+'DCA-Anexo I-E'!F79+'DCA-Anexo I-E'!F88+'DCA-Anexo I-E'!F95+'DCA-Anexo I-E'!F106+'DCA-Anexo I-E'!F111+'DCA-Anexo I-E'!F117+'DCA-Anexo I-E'!F123+'DCA-Anexo I-E'!F128+'DCA-Anexo I-E'!F133+'DCA-Anexo I-E'!F141+'DCA-Anexo I-E'!F147+'DCA-Anexo I-E'!F155+'DCA-Anexo I-E'!F160+'DCA-Anexo I-E'!F168+'DCA-Anexo I-E'!F176+'DCA-Anexo I-E'!F181+'DCA-Anexo I-E'!F188+'DCA-Anexo I-E'!F196+'DCA-Anexo I-E'!F202 -> 237618.9
A20: 01 - Legislativa | B20: =+'DCA-Anexo I-E'!B21+'DCA-Anexo I-E'!B22+'DCA-Anexo I-E'!B24+'DCA-Anexo I-E'!B23 -> 571129.96 | C20: =+'DCA-Anexo I-E'!C21+'DCA-Anexo I-E'!C22+'DCA-Anexo I-E'!C24+'DCA-Anexo I-E'!C23 -> 570599.96 | D20: =+'DCA-Anexo I-E'!D21+'DCA-Anexo I-E'!D22+'DCA-Anexo I-E'!D24+'DCA-Anexo I-E'!D23 -> 570474.21 | E20: =+'DCA-Anexo I-E'!E21+'DCA-Anexo I-E'!E22+'DCA-Anexo I-E'!E24+'DCA-Anexo I-E'!E23 -> 530 | F20: =+'DCA-Anexo I-E'!F21+'DCA-Anexo I-E'!F22+'DCA-Anexo I-E'!F24+'DCA-Anexo I-E'!F23 -> 125.75
A21: 01.031 - Ação Legislativa | B21: 571129.96 | C21: 570599.96 | D21: 570474.21 | E21: 530 | F21: 125.75
A22: 01.032 - Controle Externo
A23: 01.122 - Administração Geral
A24: FU01 - Demais Subfunções
A25: 02 - Judiciária | B25: =+'DCA-Anexo I-E'!B26+'DCA-Anexo I-E'!B27+'DCA-Anexo I-E'!B29+'DCA-Anexo I-E'!B28 -> 0 | C25: =+'DCA-Anexo I-E'!C26+'DCA-Anexo I-E'!C27+'DCA-Anexo I-E'!C29+'DCA-Anexo I-E'!C28 -> 0 | D25: =+'DCA-Anexo I-E'!D26+'DCA-Anexo I-E'!D27+'DCA-Anexo I-E'!D29+'DCA-Anexo I-E'!D28 -> 0 | E25: =+'DCA-Anexo I-E'!E26+'DCA-Anexo I-E'!E27+'DCA-Anexo I-E'!E29+'DCA-Anexo I-E'!E28 -> 0 | F25: =+'DCA-Anexo I-E'!F26+'DCA-Anexo I-E'!F27+'DCA-Anexo I-E'!F29+'DCA-Anexo I-E'!F28 -> 0
A26: 02.061 - Ação Judiciária
A27: 02.062 - Defesa do Interesse Público no Processo Judiciário
A28: 02.122 - Administração Geral
A29: FU02 - Demais Subfunções
A30: 03 - Essencial à Justiça | B30: =+'DCA-Anexo I-E'!B31+'DCA-Anexo I-E'!B32+'DCA-Anexo I-E'!B34+'DCA-Anexo I-E'!B33 -> 0 | C30: =+'DCA-Anexo I-E'!C31+'DCA-Anexo I-E'!C32+'DCA-Anexo I-E'!C34+'DCA-Anexo I-E'!C33 -> 0 | D30: =+'DCA-Anexo I-E'!D31+'DCA-Anexo I-E'!D32+'DCA-Anexo I-E'!D34+'DCA-Anexo I-E'!D33 -> 0 | E30: =+'DCA-Anexo I-E'!E31+'DCA-Anexo I-E'!E32+'DCA-Anexo I-E'!E34+'DCA-Anexo I-E'!E33 -> 0 | F30: =+'DCA-Anexo I-E'!F31+'DCA-Anexo I-E'!F32+'DCA-Anexo I-E'!F34+'DCA-Anexo I-E'!F33 -> 0
A31: 03.091 - Defesa da Ordem Jurídica
A32: 03.092 - Representação Judicial e Extrajudicial
A33: 03.122 - Administração Geral
A34: FU03 - Demais Subfunções
A35: 04 - Administração | B35: =+'DCA-Anexo I-E'!B36+'DCA-Anexo I-E'!B37+'DCA-Anexo I-E'!B38+'DCA-Anexo I-E'!B39+'DCA-Anexo I-E'!B40+'DCA-Anexo I-E'!B41+'DCA-Anexo I-E'!B42+'DCA-Anexo I-E'!B43+'DCA-Anexo I-E'!B44+'DCA-Anexo I-E'!B45+'DCA-Anexo I-E'!B46+'DCA-Anexo I-E'!B47 -> 3031527.5 | C35: =+'DCA-Anexo I-E'!C36+'DCA-Anexo I-E'!C37+'DCA-Anexo I-E'!C38+'DCA-Anexo I-E'!C39+'DCA-Anexo I-E'!C40+'DCA-Anexo I-E'!C41+'DCA-Anexo I-E'!C42+'DCA-Anexo I-E'!C43+'DCA-Anexo I-E'!C44+'DCA-Anexo I-E'!C45+'DCA-Anexo I-E'!C46+'DCA-Anexo I-E'!C47 -> 3010700.2 | D35: =+'DCA-Anexo I-E'!D36+'DCA-Anexo I-E'!D37+'DCA-Anexo I-E'!D38+'DCA-Anexo I-E'!D39+'DCA-Anexo I-E'!D40+'DCA-Anexo I-E'!D41+'DCA-Anexo I-E'!D42+'DCA-Anexo I-E'!D43+'DCA-Anexo I-E'!D44+'DCA-Anexo I-E'!D45+'DCA-Anexo I-E'!D46+'DCA-Anexo I-E'!D47 -> 2971304.7 | E35: =+'DCA-Anexo I-E'!E36+'DCA-Anexo I-E'!E37+'DCA-Anexo I-E'!E38+'DCA-Anexo I-E'!E39+'DCA-Anexo I-E'!E40+'DCA-Anexo I-E'!E41+'DCA-Anexo I-E'!E42+'DCA-Anexo I-E'!E43+'DCA-Anexo I-E'!E44+'DCA-Anexo I-E'!E45+'DCA-Anexo I-E'!E46+'DCA-Anexo I-E'!E47 -> 20827.21 | F35: =+'DCA-Anexo I-E'!F36+'DCA-Anexo I-E'!F37+'DCA-Anexo I-E'!F38+'DCA-Anexo I-E'!F39+'DCA-Anexo I-E'!F40+'DCA-Anexo I-E'!F41+'DCA-Anexo I-E'!F42+'DCA-Anexo I-E'!F43+'DCA-Anexo I-E'!F44+'DCA-Anexo I-E'!F45+'DCA-Anexo I-E'!F46+'DCA-Anexo I-E'!F47 -> 39395.57
A36: 04.121 - Planejamento e Orçamento | B36: =386203.64+24892.04 -> 411095.68 | C36: =386145.16+24892.04 -> 411037.2 | D36: =24892.04+381953.34 -> 406845.38 | E36: 58.48 | F36: 4191.82
A37: 04.122 - Administração Geral | B37: =1956395.23+68854.54 -> 2025249.8 | C37: =1937432.85+68854.54 -> 2006287.4 | D37: =1905250.66+68854.54 -> 1974105.2 | E37: 18962.38 | F37: 32182.19
A38: 04.123 - Administração Financeira | B38: =559125.11+36056.89 -> 595182 | C38: =557318.76+36056.89 -> 593375.65 | D38: =554297.2+36056.89 -> 590354.09 | E38: 1806.35 | F38: 3021.56
A39: 04.124 - Controle Interno
A40: 04.125 - Normatização e Fiscalização
A41: 04.126 - Tecnologia da Informação
A42: 04.127 - Ordenamento Territorial
A43: 04.128 - Formação de Recursos Humanos
A44: 04.129 - Administração de Receitas
A45: 04.130 - Administração de Concessões
A46: 04.131 - Comunicação Social
A47: FU04 - Demais Subfunções
A48: 05 - Defesa Nacional | B48: =+'DCA-Anexo I-E'!B49+'DCA-Anexo I-E'!B50+'DCA-Anexo I-E'!B51+'DCA-Anexo I-E'!B53+'DCA-Anexo I-E'!B52 -> 0 | C48: =+'DCA-Anexo I-E'!C49+'DCA-Anexo I-E'!C50+'DCA-Anexo I-E'!C51+'DCA-Anexo I-E'!C53+'DCA-Anexo I-E'!C52 -> 0 | D48: =+'DCA-Anexo I-E'!D49+'DCA-Anexo I-E'!D50+'DCA-Anexo I-E'!D51+'DCA-Anexo I-E'!D53+'DCA-Anexo I-E'!D52 -> 0 | E48: =+'DCA-Anexo I-E'!E49+'DCA-Anexo I-E'!E50+'DCA-Anexo I-E'!E51+'DCA-Anexo I-E'!E53+'DCA-Anexo I-E'!E52 -> 0 | F48: =+'DCA-Anexo I-E'!F49+'DCA-Anexo I-E'!F50+'DCA-Anexo I-E'!F51+'DCA-Anexo I-E'!F53+'DCA-Anexo I-E'!F52 -> 0
A49: 05.151 - Defesa Área
A50: 05.152 - Defesa Naval
A51: 05.153 - Defesa Terrestre
A52: 05.122 - Administração Geral
A53: FU05 - Demais Subfunções
A54: 06 - Segurança Pública | B54: =+'DCA-Anexo I-E'!B55+'DCA-Anexo I-E'!B56+'DCA-Anexo I-E'!B57+'DCA-Anexo I-E'!B59+'DCA-Anexo I-E'!B58 -> 0 | C54: =+'DCA-Anexo I-E'!C55+'DCA-Anexo I-E'!C56+'DCA-Anexo I-E'!C57+'DCA-Anexo I-E'!C59+'DCA-Anexo I-E'!C58 -> 0 | D54: =+'DCA-Anexo I-E'!D55+'DCA-Anexo I-E'!D56+'DCA-Anexo I-E'!D57+'DCA-Anexo I-E'!D59+'DCA-Anexo I-E'!D58 -> 0 | E54: =+'DCA-Anexo I-E'!E55+'DCA-Anexo I-E'!E56+'DCA-Anexo I-E'!E57+'DCA-Anexo I-E'!E59+'DCA-Anexo I-E'!E58 -> 0 | F54: =+'DCA-Anexo I-E'!F55+'DCA-Anexo I-E'!F56+'DCA-Anexo I-E'!F57+'DCA-Anexo I-E'!F59+'DCA-Anexo I-E'!F58 -> 0
A55: 06.181 - Policiamento
A56: 06.182 - Defesa Civil
A57: 06.183 - Informação e Inteligência
A58: 06.122 - Administração Geral
A59: FU06 - Demais Subfunções
A60: 07 - Relações Exteriores | B60: =+'DCA-Anexo I-E'!B61+'DCA-Anexo I-E'!B62+'DCA-Anexo I-E'!B64+'DCA-Anexo I-E'!B63 -> 0 | C60: =+'DCA-Anexo I-E'!C61+'DCA-Anexo I-E'!C62+'DCA-Anexo I-E'!C64+'DCA-Anexo I-E'!C63 -> 0 | D60: =+'DCA-Anexo I-E'!D61+'DCA-Anexo I-E'!D62+'DCA-Anexo I-E'!D64+'DCA-Anexo I-E'!D63 -> 0 | E60: =+'DCA-Anexo I-E'!E61+'DCA-Anexo I-E'!E62+'DCA-Anexo I-E'!E64+'DCA-Anexo I-E'!E63 -> 0 | F60: =+'DCA-Anexo I-E'!F61+'DCA-Anexo I-E'!F62+'DCA-Anexo I-E'!F64+'DCA-Anexo I-E'!F63 -> 0
A61: 07.211 - Relações Diplomáticas
A62: 07.212 - Cooperação Internacional
A63: 07.122 - Administração Geral
A64: FU07 - Demais Subfunções
A65: 08 - Assistência Social | B65: =+'DCA-Anexo I-E'!B66+'DCA-Anexo I-E'!B67+'DCA-Anexo I-E'!B68+'DCA-Anexo I-E'!B69+'DCA-Anexo I-E'!B71+'DCA-Anexo I-E'!B70 -> 558127.58 | C65: =+'DCA-Anexo I-E'!C66+'DCA-Anexo I-E'!C67+'DCA-Anexo I-E'!C68+'DCA-Anexo I-E'!C69+'DCA-Anexo I-E'!C71+'DCA-Anexo I-E'!C70 -> 557352.76 | D65: =+'DCA-Anexo I-E'!D66+'DCA-Anexo I-E'!D67+'DCA-Anexo I-E'!D68+'DCA-Anexo I-E'!D69+'DCA-Anexo I-E'!D71+'DCA-Anexo I-E'!D70 -> 543879.07 | E65: =+'DCA-Anexo I-E'!E66+'DCA-Anexo I-E'!E67+'DCA-Anexo I-E'!E68+'DCA-Anexo I-E'!E69+'DCA-Anexo I-E'!E71+'DCA-Anexo I-E'!E70 -> 774.82 | F65: =+'DCA-Anexo I-E'!F66+'DCA-Anexo I-E'!F67+'DCA-Anexo I-E'!F68+'DCA-Anexo I-E'!F69+'DCA-Anexo I-E'!F71+'DCA-Anexo I-E'!F70 -> 13473.69
A66: 08.241 - Assistência ao Idoso | B66: 54541 | C66: 54541 | D66: 54008.5 | F66: 532.5
A67: 08.242 - Assistência ao Portador de Deficiência
A68: 08.243 - Assistência à Criança e ao Adolescente | B68: 114280.28 | C68: 114039.52 | D68: 112960.52 | E68: 240.76 | F68: 1079
A69: 08.244 - Assistência Comunitária | B69: =372360.91+16945.39 -> 389306.3 | C69: =371826.85+16945.39 -> 388772.24 | D69: =359964.66+16945.39 -> 376910.05 | E69: 534.06 | F69: 11862.19
A70: 08.122 - Administração Geral
A71: FU08 - Demais Subfunções
A72: 09 - Previdência Social | B72: =+'DCA-Anexo I-E'!B73+'DCA-Anexo I-E'!B74+'DCA-Anexo I-E'!B75+'DCA-Anexo I-E'!B76+'DCA-Anexo I-E'!B78+'DCA-Anexo I-E'!B77 -> 985533.57 | C72: =+'DCA-Anexo I-E'!C73+'DCA-Anexo I-E'!C74+'DCA-Anexo I-E'!C75+'DCA-Anexo I-E'!C76+'DCA-Anexo I-E'!C78+'DCA-Anexo I-E'!C77 -> 985533.57 | D72: =+'DCA-Anexo I-E'!D73+'DCA-Anexo I-E'!D74+'DCA-Anexo I-E'!D75+'DCA-Anexo I-E'!D76+'DCA-Anexo I-E'!D78+'DCA-Anexo I-E'!D77 -> 985533.57 | E72: =+'DCA-Anexo I-E'!E73+'DCA-Anexo I-E'!E74+'DCA-Anexo I-E'!E75+'DCA-Anexo I-E'!E76+'DCA-Anexo I-E'!E78+'DCA-Anexo I-E'!E77 -> 0 | F72: =+'DCA-Anexo I-E'!F73+'DCA-Anexo I-E'!F74+'DCA-Anexo I-E'!F75+'DCA-Anexo I-E'!F76+'DCA-Anexo I-E'!F78+'DCA-Anexo I-E'!F77 -> 0
A73: 09.271 - Previdência Básica
A74: 09.272 - Previdência do Regime Estatutário | B74: 985533.57 | C74: 985533.57 | D74: 985533.57
A75: 09.273 - Previdência Complementar
A76: 09.274 - Previdência Especial
A77: 09.122 - Administração Geral
A78: FU09 - Demais Subfunções
A79: 10 - Saúde | B79: =+'DCA-Anexo I-E'!B80+'DCA-Anexo I-E'!B81+'DCA-Anexo I-E'!B82+'DCA-Anexo I-E'!B83+'DCA-Anexo I-E'!B84+'DCA-Anexo I-E'!B85+'DCA-Anexo I-E'!B87+'DCA-Anexo I-E'!B86 -> 5237981.5 | C79: =+'DCA-Anexo I-E'!C80+'DCA-Anexo I-E'!C81+'DCA-Anexo I-E'!C82+'DCA-Anexo I-E'!C83+'DCA-Anexo I-E'!C84+'DCA-Anexo I-E'!C85+'DCA-Anexo I-E'!C87+'DCA-Anexo I-E'!C86 -> 5226563.4 | D79: =+'DCA-Anexo I-E'!D80+'DCA-Anexo I-E'!D81+'DCA-Anexo I-E'!D82+'DCA-Anexo I-E'!D83+'DCA-Anexo I-E'!D84+'DCA-Anexo I-E'!D85+'DCA-Anexo I-E'!D87+'DCA-Anexo I-E'!D86 -> 5128647.7 | E79: =+'DCA-Anexo I-E'!E80+'DCA-Anexo I-E'!E81+'DCA-Anexo I-E'!E82+'DCA-Anexo I-E'!E83+'DCA-Anexo I-E'!E84+'DCA-Anexo I-E'!E85+'DCA-Anexo I-E'!E87+'DCA-Anexo I-E'!E86 -> 11418.19 | F79: =+'DCA-Anexo I-E'!F80+'DCA-Anexo I-E'!F81+'DCA-Anexo I-E'!F82+'DCA-Anexo I-E'!F83+'DCA-Anexo I-E'!F84+'DCA-Anexo I-E'!F85+'DCA-Anexo I-E'!F87+'DCA-Anexo I-E'!F86 -> 97915.63
A80: 10.301 - Atenção Básica | B80: =3839846.75+184178.44 -> 4024025.2 | C80: =3831519.04+184178.44 -> 4015697.5 | D80: =3734959.23+184178.44 -> 3919137.7 | E80: 8327.71 | F80: 96559.81
A81: 10.302 - Assistência Hospitalar e Ambulatorial | B81: 602061.55 | C81: 602061.55 | D81: 601364.25 | E81: 0.1 | F81: 697.2
A82: 10.303 - Suporte Profilático e Terapêutico | B82: =490668.91+4497.34 -> 495166.25 | C82: =488078.53+4497.34 -> 492575.87 | D82: =488078.53+4497.34 -> 492575.87 | E82: 2590.38
A83: 10.304 - Vigilância Sanitária | B83: =50633.4+4786.67 -> 55420.07 | C83: =50633.4+4786.67 -> 55420.07 | D83: =50633.4+4786.67 -> 55420.07
A84: 10.305 - Vigilância Epidemiológica | B84: 61308.44 | C84: 60808.44 | D84: 60149.82 | E84: 500 | F84: 658.62
A85: 10.306 - Alimentação e Nutrição
A86: 10.122 - Administração Geral
A87: FU10 - Demais Subfunções
A88: 11 - Trabalho | B88: =+'DCA-Anexo I-E'!B89+'DCA-Anexo I-E'!B90+'DCA-Anexo I-E'!B91+'DCA-Anexo I-E'!B92+'DCA-Anexo I-E'!B94+'DCA-Anexo I-E'!B93 -> 0 | C88: =+'DCA-Anexo I-E'!C89+'DCA-Anexo I-E'!C90+'DCA-Anexo I-E'!C91+'DCA-Anexo I-E'!C92+'DCA-Anexo I-E'!C94+'DCA-Anexo I-E'!C93 -> 0 | D88: =+'DCA-Anexo I-E'!D89+'DCA-Anexo I-E'!D90+'DCA-Anexo I-E'!D91+'DCA-Anexo I-E'!D92+'DCA-Anexo I-E'!D94+'DCA-Anexo I-E'!D93 -> 0 | E88: =+'DCA-Anexo I-E'!E89+'DCA-Anexo I-E'!E90+'DCA-Anexo I-E'!E91+'DCA-Anexo I-E'!E92+'DCA-Anexo I-E'!E94+'DCA-Anexo I-E'!E93 -> 0 | F88: =+'DCA-Anexo I-E'!F89+'DCA-Anexo I-E'!F90+'DCA-Anexo I-E'!F91+'DCA-Anexo I-E'!F92+'DCA-Anexo I-E'!F94+'DCA-Anexo I-E'!F93 -> 0
A89: 11.331 - Proteção e Benefícios ao Trabalhador
A90: 11.332 - Relações de Trabalho
A91: 11.333 - Empregabilidade
A92: 11.334 - Fomento ao Trabalho
A93: 11.122 - Administração Geral
A94: FU11 - Demais Subfunções
A95: 12 - Educação | B95: =+'DCA-Anexo I-E'!B96+'DCA-Anexo I-E'!B97+'DCA-Anexo I-E'!B98+'DCA-Anexo I-E'!B99+'DCA-Anexo I-E'!B100+'DCA-Anexo I-E'!B101+'DCA-Anexo I-E'!B102+'DCA-Anexo I-E'!B103+'DCA-Anexo I-E'!B105+'DCA-Anexo I-E'!B104 -> 1907115 | C95: =+'DCA-Anexo I-E'!C96+'DCA-Anexo I-E'!C97+'DCA-Anexo I-E'!C98+'DCA-Anexo I-E'!C99+'DCA-Anexo I-E'!C100+'DCA-Anexo I-E'!C101+'DCA-Anexo I-E'!C102+'DCA-Anexo I-E'!C103+'DCA-Anexo I-E'!C105+'DCA-Anexo I-E'!C104 -> 1907115 | D95: =+'DCA-Anexo I-E'!D96+'DCA-Anexo I-E'!D97+'DCA-Anexo I-E'!D98+'DCA-Anexo I-E'!D99+'DCA-Anexo I-E'!D100+'DCA-Anexo I-E'!D101+'DCA-Anexo I-E'!D102+'DCA-Anexo I-E'!D103+'DCA-Anexo I-E'!D105+'DCA-Anexo I-E'!D104 -> 1892226.7 | E95: =+'DCA-Anexo I-E'!E96+'DCA-Anexo I-E'!E97+'DCA-Anexo I-E'!E98+'DCA-Anexo I-E'!E99+'DCA-Anexo I-E'!E100+'DCA-Anexo I-E'!E101+'DCA-Anexo I-E'!E102+'DCA-Anexo I-E'!E103+'DCA-Anexo I-E'!E105+'DCA-Anexo I-E'!E104 -> 0 | F95: =+'DCA-Anexo I-E'!F96+'DCA-Anexo I-E'!F97+'DCA-Anexo I-E'!F98+'DCA-Anexo I-E'!F99+'DCA-Anexo I-E'!F100+'DCA-Anexo I-E'!F101+'DCA-Anexo I-E'!F102+'DCA-Anexo I-E'!F103+'DCA-Anexo I-E'!F105+'DCA-Anexo I-E'!F104 -> 14888.31
A96: 12.361 - Ensino Fundamental | B96: =922183.19+49708.62 -> 971891.81 | C96: =922183.19+49708.62 -> 971891.81 | D96: =915340.99+49708.62 -> 965049.61 | F96: 6842.2
A97: 12.362 - Ensino Médio | B97: =253030.37+2975.19 -> 256005.56 | C97: =253030.37+2975.19 -> 256005.56 | D97: =251383.64+2975.19 -> 254358.83 | F97: 1646.73
A98: 12.363 - Ensino Profissional | B98: 570566.83 | C98: 570566.83 | D98: 564167.45 | F98: 6399.38
A99: 12.364 - Ensino Superior
A100: 12.365 - Educação Infantil | B100: 37384.53 | C100: 37384.53 | D100: 37384.53
A101: 12.366 - Educação de Jovens e Adultos
A102: 12.367 - Educação Especial
A103: 12.368 - Educação Básica
...

Sheet DCA-Anexo I-F
A2: QDCC
A3: BALANÇO ANUAL (DCA)
A4: VERSÃO: v7
A5: VIGÊNCIA: 03/01/2019
A7: Ente: 4313425 - Novo Machado/RS
A8: Poder: E - Executivo
A9: Instituição: 9993 - Prefeitura Municipal de Novo Machado - RS
A10: Exercício: 2018
A11: Periodicidade: ANUAL
A12: Período: Período único (anual)
A14: Grupo: Balanço Orçamentário - Despesas Orçamentárias - Sub Quadro - Execução dos Restos a Pagar
A15: Quadro: Despesas Orçamentárias
A16: Rótulo: Padrão
A17: Despesas Orçamentárias | B17: Execução da Despesa
B18: Restos a Pagar Não Processados Inscritos em Exercícios Anteriores | C18: Restos a Pagar Não Processados Inscritos em 31 de Dezembro do Exercício Anterior | D18: Restos a Pagar Não Processados Liquidados | E18: Restos a Pagar Não Processados Pagos | F18: Restos a Pagar Não Processados Cancelados | G18: Restos a Pagar Processados Inscritos em Exercícios Anteriores | H18: Restos a Pagar Processados Inscritos em 31 de Dezembro do Exercício Anterior | I18: Restos a Pagar Processados Pagos | J18: Restos a Pagar Processados Cancelados
A19: Despesas Orçamentárias
A20: Total Despesas | B20: =+'DCA-Anexo I-F'!B21+'DCA-Anexo I-F'!B170 -> 76246.54 | C20: =+'DCA-Anexo I-F'!C21+'DCA-Anexo I-F'!C170 -> 249728.06 | D20: =+'DCA-Anexo I-F'!D21+'DCA-Anexo I-F'!D170 -> 243645.71 | E20: =+'DCA-Anexo I-F'!E21+'DCA-Anexo I-F'!E170 -> 243645.71 | F20: =+'DCA-Anexo I-F'!F21+'DCA-Anexo I-F'!F170 -> 38870.86 | G20: =+'DCA-Anexo I-F'!G21+'DCA-Anexo I-F'!G170 -> 49688.11 | H20: =+'DCA-Anexo I-F'!H21+'DCA-Anexo I-F'!H170 -> 359216.5 | I20: =+'DCA-Anexo I-F'!I21+'DCA-Anexo I-F'!I170 -> 407663.24 | J20: =+'DCA-Anexo I-F'!J21+'DCA-Anexo I-F'!J170 -> 1241.37
A21: 3.0.00.00.00 - Despesas Correntes | B21: =+'DCA-Anexo I-F'!B22+'DCA-Anexo I-F'!B84+'DCA-Anexo I-F'!B67 -> 2140 | C21: =+'DCA-Anexo I-F'!C22+'DCA-Anexo I-F'!C84+'DCA-Anexo I-F'!C67 -> 91493.98 | D21: =+'DCA-Anexo I-F'!D22+'DCA-Anexo I-F'!D84+'DCA-Anexo I-F'!D67 -> 52623.12 | E21: =+'DCA-Anexo I-F'!E22+'DCA-Anexo I-F'!E84+'DCA-Anexo I-F'!E67 -> 52623.12 | F21: =+'DCA-Anexo I-F'!F22+'DCA-Anexo I-F'!F84+'DCA-Anexo I-F'!F67 -> 38870.86 | G21: =+'DCA-Anexo I-F'!G22+'DCA-Anexo I-F'!G84+'DCA-Anexo I-F'!G67 -> 54.75 | H21: =+'DCA-Anexo I-F'!H22+'DCA-Anexo I-F'!H84+'DCA-Anexo I-F'!H67 -> 355316.5 | I21: =+'DCA-Anexo I-F'!I22+'DCA-Anexo I-F'!I84+'DCA-Anexo I-F'!I67 -> 354129.88 | J21: =+'DCA-Anexo I-F'!J22+'DCA-Anexo I-F'!J84+'DCA-Anexo I-F'!J67 -> 1241.37
A22: 3.1.00.00.00 - Pessoal e Encargos Sociais | B22: =+'DCA-Anexo I-F'!B26+'DCA-Anexo I-F'!B63+'DCA-Anexo I-F'!B25+'DCA-Anexo I-F'!B23+'DCA-Anexo I-F'!B65+'DCA-Anexo I-F'!B53+'DCA-Anexo I-F'!B64+'DCA-Anexo I-F'!B31+'DCA-Anexo I-F'!B24+'DCA-Anexo I-F'!B27+'DCA-Anexo I-F'!B28+'DCA-Anexo I-F'!B29+'DCA-Anexo I-F'!B30 -> 0 | C22: =+'DCA-Anexo I-F'!C26+'DCA-Anexo I-F'!C63+'DCA-Anexo I-F'!C25+'DCA-Anexo I-F'!C23+'DCA-Anexo I-F'!C65+'DCA-Anexo I-F'!C53+'DCA-Anexo I-F'!C64+'DCA-Anexo I-F'!C31+'DCA-Anexo I-F'!C24+'DCA-Anexo I-F'!C27+'DCA-Anexo I-F'!C28+'DCA-Anexo I-F'!C29+'DCA-Anexo I-F'!C30 -> 30007.88 | D22: =+'DCA-Anexo I-F'!D26+'DCA-Anexo I-F'!D63+'DCA-Anexo I-F'!D25+'DCA-Anexo I-F'!D23+'DCA-Anexo I-F'!D65+'DCA-Anexo I-F'!D53+'DCA-Anexo I-F'!D64+'DCA-Anexo I-F'!D31+'DCA-Anexo I-F'!D24+'DCA-Anexo I-F'!D27+'DCA-Anexo I-F'!D28+'DCA-Anexo I-F'!D29+'DCA-Anexo I-F'!D30 -> 29487.25 | E22: =+'DCA-Anexo I-F'!E26+'DCA-Anexo I-F'!E63+'DCA-Anexo I-F'!E25+'DCA-Anexo I-F'!E23+'DCA-Anexo I-F'!E65+'DCA-Anexo I-F'!E53+'DCA-Anexo I-F'!E64+'DCA-Anexo I-F'!E31+'DCA-Anexo I-F'!E24+'DCA-Anexo I-F'!E27+'DCA-Anexo I-F'!E28+'DCA-Anexo I-F'!E29+'DCA-Anexo I-F'!E30 -> 29487.25 | F22: =+'DCA-Anexo I-F'!F26+'DCA-Anexo I-F'!F63+'DCA-Anexo I-F'!F25+'DCA-Anexo I-F'!F23+'DCA-Anexo I-F'!F65+'DCA-Anexo I-F'!F53+'DCA-Anexo I-F'!F64+'DCA-Anexo I-F'!F31+'DCA-Anexo I-F'!F24+'DCA-Anexo I-F'!F27+'DCA-Anexo I-F'!F28+'DCA-Anexo I-F'!F29+'DCA-Anexo I-F'!F30 -> 520.63 | G22: =+'DCA-Anexo I-F'!G26+'DCA-Anexo I-F'!G63+'DCA-Anexo I-F'!G25+'DCA-Anexo I-F'!G23+'DCA-Anexo I-F'!G65+'DCA-Anexo I-F'!G53+'DCA-Anexo I-F'!G64+'DCA-Anexo I-F'!G31+'DCA-Anexo I-F'!G24+'DCA-Anexo I-F'!G27+'DCA-Anexo I-F'!G28+'DCA-Anexo I-F'!G29+'DCA-Anexo I-F'!G30 -> 0 | H22: =+'DCA-Anexo I-F'!H26+'DCA-Anexo I-F'!H63+'DCA-Anexo I-F'!H25+'DCA-Anexo I-F'!H23+'DCA-Anexo I-F'!H65+'DCA-Anexo I-F'!H53+'DCA-Anexo I-F'!H64+'DCA-Anexo I-F'!H31+'DCA-Anexo I-F'!H24+'DCA-Anexo I-F'!H27+'DCA-Anexo I-F'!H28+'DCA-Anexo I-F'!H29+'DCA-Anexo I-F'!H30 -> 175279.49 | I22: =+'DCA-Anexo I-F'!I26+'DCA-Anexo I-F'!I63+'DCA-Anexo I-F'!I25+'DCA-Anexo I-F'!I23+'DCA-Anexo I-F'!I65+'DCA-Anexo I-F'!I53+'DCA-Anexo I-F'!I64+'DCA-Anexo I-F'!I31+'DCA-Anexo I-F'!I24+'DCA-Anexo I-F'!I27+'DCA-Anexo I-F'!I28+'DCA-Anexo I-F'!I29+'DCA-Anexo I-F'!I30 -> 175279.49 | J22: =+'DCA-Anexo I-F'!J26+'DCA-Anexo I-F'!J63+'DCA-Anexo I-F'!J25+'DCA-Anexo I-F'!J23+'DCA-Anexo I-F'!J65+'DCA-Anexo I-F'!J53+'DCA-Anexo I-F'!J64+'DCA-Anexo I-F'!J31+'DCA-Anexo I-F'!J24+'DCA-Anexo I-F'!J27+'DCA-Anexo I-F'!J28+'DCA-Anexo I-F'!J29+'DCA-Anexo I-F'!J30 -> 0
A23: 3.1.20.00.00 - Transferências à União
A24: 3.1.30.00.00 - Transferências a Estados e ao Distrito Federal
A25: 3.1.40.00.00 - Transferências a Municípios
A26: 3.1.50.00.00 - Transferências a Instituições Sem Fins Lucrativos
A27: 3.1.71.00.00 - Transferências a Consórcios Públicos mediante contrato de rateio | C27: 520.63 | F27: 520.63
A28: 3.1.73.00.00 - Transferências a Consórcios Públicos mediante contrato de rateio à conta de recursos de que tratam os §§ 1º e 2º do art. 24 da Lei Complementar no 141, de 2012
A29: 3.1.74.00.00 - Transferências a Consórcios Públicos mediante contrato de rateio à conta de recursos de que trata o art. 25 da Lei Complementar no 141, de 2012
A30: 3.1.80.00.00 - Transferências ao Exterior
A31: 3.1.90.00.00 - Aplicações Diretas | B31: =+'DCA-Anexo I-F'!B32+'DCA-Anexo I-F'!B36+'DCA-Anexo I-F'!B40+'DCA-Anexo I-F'!B34+'DCA-Anexo I-F'!B47+'DCA-Anexo I-F'!B37+'DCA-Anexo I-F'!B38+'DCA-Anexo I-F'!B46+'DCA-Anexo I-F'!B39+'DCA-Anexo I-F'!B33+'DCA-Anexo I-F'!B48+'DCA-Anexo I-F'!B49+'DCA-Anexo I-F'!B52+'DCA-Anexo I-F'!B51+'DCA-Anexo I-F'!B50+'DCA-Anexo I-F'!B45+'DCA-Anexo I-F'!B35 -> 0 | C31: =+'DCA-Anexo I-F'!C32+'DCA-Anexo I-F'!C36+'DCA-Anexo I-F'!C40+'DCA-Anexo I-F'!C34+'DCA-Anexo I-F'!C47+'DCA-Anexo I-F'!C37+'DCA-Anexo I-F'!C38+'DCA-Anexo I-F'!C46+'DCA-Anexo I-F'!C39+'DCA-Anexo I-F'!C33+'DCA-Anexo I-F'!C48+'DCA-Anexo I-F'!C49+'DCA-Anexo I-F'!C52+'DCA-Anexo I-F'!C51+'DCA-Anexo I-F'!C50+'DCA-Anexo I-F'!C45+'DCA-Anexo I-F'!C35 -> 200 | D31: =+'DCA-Anexo I-F'!D32+'DCA-Anexo I-F'!D36+'DCA-Anexo I-F'!D40+'DCA-Anexo I-F'!D34+'DCA-Anexo I-F'!D47+'DCA-Anexo I-F'!D37+'DCA-Anexo I-F'!D38+'DCA-Anexo I-F'!D46+'DCA-Anexo I-F'!D39+'DCA-Anexo I-F'!D33+'DCA-Anexo I-F'!D48+'DCA-Anexo I-F'!D49+'DCA-Anexo I-F'!D52+'DCA-Anexo I-F'!D51+'DCA-Anexo I-F'!D50+'DCA-Anexo I-F'!D45+'DCA-Anexo I-F'!D35 -> 200 | E31: =+'DCA-Anexo I-F'!E32+'DCA-Anexo I-F'!E36+'DCA-Anexo I-F'!E40+'DCA-Anexo I-F'!E34+'DCA-Anexo I-F'!E47+'DCA-Anexo I-F'!E37+'DCA-Anexo I-F'!E38+'DCA-Anexo I-F'!E46+'DCA-Anexo I-F'!E39+'DCA-Anexo I-F'!E33+'DCA-Anexo I-F'!E48+'DCA-Anexo I-F'!E49+'DCA-Anexo I-F'!E52+'DCA-Anexo I-F'!E51+'DCA-Anexo I-F'!E50+'DCA-Anexo I-F'!E45+'DCA-Anexo I-F'!E35 -> 200 | F31: =+'DCA-Anexo I-F'!F32+'DCA-Anexo I-F'!F36+'DCA-Anexo I-F'!F40+'DCA-Anexo I-F'!F34+'DCA-Anexo I-F'!F47+'DCA-Anexo I-F'!F37+'DCA-Anexo I-F'!F38+'DCA-Anexo I-F'!F46+'DCA-Anexo I-F'!F39+'DCA-Anexo I-F'!F33+'DCA-Anexo I-F'!F48+'DCA-Anexo I-F'!F49+'DCA-Anexo I-F'!F52+'DCA-Anexo I-F'!F51+'DCA-Anexo I-F'!F50+'DCA-Anexo I-F'!F45+'DCA-Anexo I-F'!F35 -> 0 | G31: =+'DCA-Anexo I-F'!G32+'DCA-Anexo I-F'!G36+'DCA-Anexo I-F'!G40+'DCA-Anexo I-F'!G34+'DCA-Anexo I-F'!G47+'DCA-Anexo I-F'!G37+'DCA-Anexo I-F'!G38+'DCA-Anexo I-F'!G46+'DCA-Anexo I-F'!G39+'DCA-Anexo I-F'!G33+'DCA-Anexo I-F'!G48+'DCA-Anexo I-F'!G49+'DCA-Anexo I-F'!G52+'DCA-Anexo I-F'!G51+'DCA-Anexo I-F'!G50+'DCA-Anexo I-F'!G45+'DCA-Anexo I-F'!G35 -> 0 | H31: =+'DCA-Anexo I-F'!H32+'DCA-Anexo I-F'!H36+'DCA-Anexo I-F'!H40+'DCA-Anexo I-F'!H34+'DCA-Anexo I-F'!H47+'DCA-Anexo I-F'!H37+'DCA-Anexo I-F'!H38+'DCA-Anexo I-F'!H46+'DCA-Anexo I-F'!H39+'DCA-Anexo I-F'!H33+'DCA-Anexo I-F'!H48+'DCA-Anexo I-F'!H49+'DCA-Anexo I-F'!H52+'DCA-Anexo I-F'!H51+'DCA-Anexo I-F'!H50+'DCA-Anexo I-F'!H45+'DCA-Anexo I-F'!H35 -> 135991.36 | I31: =+'DCA-Anexo I-F'!I32+'DCA-Anexo I-F'!I36+'DCA-Anexo I-F'!I40+'DCA-Anexo I-F'!I34+'DCA-Anexo I-F'!I47+'DCA-Anexo I-F'!I37+'DCA-Anexo I-F'!I38+'DCA-Anexo I-F'!I46+'DCA-Anexo I-F'!I39+'DCA-Anexo I-F'!I33+'DCA-Anexo I-F'!I48+'DCA-Anexo I-F'!I49+'DCA-Anexo I-F'!I52+'DCA-Anexo I-F'!I51+'DCA-Anexo I-F'!I50+'DCA-Anexo I-F'!I45+'DCA-Anexo I-F'!I35 -> 135991.36 | J31: =+'DCA-Anexo I-F'!J32+'DCA-Anexo I-F'!J36+'DCA-Anexo I-F'!J40+'DCA-Anexo I-F'!J34+'DCA-Anexo I-F'!J47+'DCA-Anexo I-F'!J37+'DCA-Anexo I-F'!J38+'DCA-Anexo I-F'!J46+'DCA-Anexo I-F'!J39+'DCA-Anexo I-F'!J33+'DCA-Anexo I-F'!J48+'DCA-Anexo I-F'!J49+'DCA-Anexo I-F'!J52+'DCA-Anexo I-F'!J51+'DCA-Anexo I-F'!J50+'DCA-Anexo I-F'!J45+'DCA-Anexo I-F'!J35 -> 0
A32: 3.1.90.01.00 - Aposentadorias do RPPS, Reserva Remunerada e Reformas dos Militares
A33: 3.1.90.03.00 - Pensões do RPPS e do Militar
A34: 3.1.90.04.00 - Contratação por Tempo Determinado | H34: 2386.96 | I34: 2386.96
A35: 3.1.90.05.00 - Outros Benefícios Previdenciários do Servidor ou do Militar
A36: 3.1.90.07.00 - Contribuição a Entidades Fechadas de Previdência
A37: 3.1.90.08.00 - Outros Benefícios Assistenciais do Servidor ou do Militar | H37: 13073.77 | I37: 13073.77
A38: 3.1.90.11.00 - Vencimentos e Vantagens Fixas - Pessoal Civil | C38: 200 | D38: 200 | E38: 200 | H38: 91521.88 | I38: 91521.88
A39: 3.1.90.12.00 - Vencimentos e Vantagens Fixas - Pessoal Militar
A40: 3.1.90.13.00 - Obrigações Patronais | B40: =+'DCA-Anexo I-F'!B42+'DCA-Anexo I-F'!B43+'DCA-Anexo I-F'!B41+'DCA-Anexo I-F'!B44 -> 0 | C40: =+'DCA-Anexo I-F'!C42+'DCA-Anexo I-F'!C43+'DCA-Anexo I-F'!C41+'DCA-Anexo I-F'!C44 -> 0 | D40: =+'DCA-Anexo I-F'!D42+'DCA-Anexo I-F'!D43+'DCA-Anexo I-F'!D41+'DCA-Anexo I-F'!D44 -> 0 | E40: =+'DCA-Anexo I-F'!E42+'DCA-Anexo I-F'!E43+'DCA-Anexo I-F'!E41+'DCA-Anexo I-F'!E44 -> 0 | F40: =+'DCA-Anexo I-F'!F42+'DCA-Anexo I-F'!F43+'DCA-Anexo I-F'!F41+'DCA-Anexo I-F'!F44 -> 0 | G40: =+'DCA-Anexo I-F'!G42+'DCA-Anexo I-F'!G43+'DCA-Anexo I-F'!G41+'DCA-Anexo I-F'!G44 -> 0 | H40: =+'DCA-Anexo I-F'!H42+'DCA-Anexo I-F'!H43+'DCA-Anexo I-F'!H41+'DCA-Anexo I-F'!H44 -> 29008.75 | I40: =+'DCA-Anexo I-F'!I42+'DCA-Anexo I-F'!I43+'DCA-Anexo I-F'!I41+'DCA-Anexo I-F'!I44 -> 29008.75 | J40: =+'DCA-Anexo I-F'!J42+'DCA-Anexo I-F'!J43+'DCA-Anexo I-F'!J41+'DCA-Anexo I-F'!J44 -> 0
A41: 3.1.90.13.01 - FGTS | H41: 737.15 | I41: 737.15
A42: 3.1.90.13.02 - Contribuições Previdenciárias - INSS | H42: 28271.6 | I42: 28271.6
A43: 3.1.90.13.08 - Plano de Seg. Soc. do Servidor - Pessoal Ativo
A44: 3.1.90.13.99 - Outras Obrigações Patronais
A45: 3.1.90.16.00 - Outras Despesas Variáveis - Pessoal Civil
A46: 3.1.90.17.00 - Outras Despesas Variáveis - Pessoal Militar
A47: 3.1.90.67.00 - Depósitos Compulsórios
A48: 3.1.90.91.00 - Sentenças Judiciais
A49: 3.1.90.92.00 - Despesas de Exercícios Anteriores
A50: 3.1.90.94.00 - Indenizações e Restituições Trabalhistas
A51: 3.1.90.96.00 - Ressarcimento de Despesas de Pessoal Requisitado
A52: 3.1.90.99.00 - A Classificar
A53: 3.1.91.00.00 - Aplicação Direta Decorrente de Operação entre Órgãos, Fundos e Entidades Integrantes dos Orçamentos Fiscal e da Seguridade Social | B53: =+'DCA-Anexo I-F'!B60+'DCA-Anexo I-F'!B55+'DCA-Anexo I-F'!B58+'DCA-Anexo I-F'!B61+'DCA-Anexo I-F'!B62+'DCA-Anexo I-F'!B54+'DCA-Anexo I-F'!B59 -> 0 | C53: =+'DCA-Anexo I-F'!C60+'DCA-Anexo I-F'!C55+'DCA-Anexo I-F'!C58+'DCA-Anexo I-F'!C61+'DCA-Anexo I-F'!C62+'DCA-Anexo I-F'!C54+'DCA-Anexo I-F'!C59 -> 29287.25 | D53: =+'DCA-Anexo I-F'!D60+'DCA-Anexo I-F'!D55+'DCA-Anexo I-F'!D58+'DCA-Anexo I-F'!D61+'DCA-Anexo I-F'!D62+'DCA-Anexo I-F'!D54+'DCA-Anexo I-F'!D59 -> 29287.25 | E53: =+'DCA-Anexo I-F'!E60+'DCA-Anexo I-F'!E55+'DCA-Anexo I-F'!E58+'DCA-Anexo I-F'!E61+'DCA-Anexo I-F'!E62+'DCA-Anexo I-F'!E54+'DCA-Anexo I-F'!E59 -> 29287.25 | F53: =+'DCA-Anexo I-F'!F60+'DCA-Anexo I-F'!F55+'DCA-Anexo I-F'!F58+'DCA-Anexo I-F'!F61+'DCA-Anexo I-F'!F62+'DCA-Anexo I-F'!F54+'DCA-Anexo I-F'!F59 -> 0 | G53: =+'DCA-Anexo I-F'!G60+'DCA-Anexo I-F'!G55+'DCA-Anexo I-F'!G58+'DCA-Anexo I-F'!G61+'DCA-Anexo I-F'!G62+'DCA-Anexo I-F'!G54+'DCA-Anexo I-F'!G59 -> 0 | H53: =+'DCA-Anexo I-F'!H60+'DCA-Anexo I-F'!H55+'DCA-Anexo I-F'!H58+'DCA-Anexo I-F'!H61+'DCA-Anexo I-F'!H62+'DCA-Anexo I-F'!H54+'DCA-Anexo I-F'!H59 -> 39288.13 | I53: =+'DCA-Anexo I-F'!I60+'DCA-Anexo I-F'!I55+'DCA-Anexo I-F'!I58+'DCA-Anexo I-F'!I61+'DCA-Anexo I-F'!I62+'DCA-Anexo I-F'!I54+'DCA-Anexo I-F'!I59 -> 39288.13 | J53: =+'DCA-Anexo I-F'!J60+'DCA-Anexo I-F'!J55+'DCA-Anexo I-F'!J58+'DCA-Anexo I-F'!J61+'DCA-Anexo I-F'!J62+'DCA-Anexo I-F'!J54+'DCA-Anexo I-F'!J59 -> 0
A54: 3.1.91.04.00 - Contratação por Tempo Determinado
A55: 3.1.91.13.00 - Contribuições Patronais | B55: =+'DCA-Anexo I-F'!B57+'DCA-Anexo I-F'!B56 -> 0 | C55: =+'DCA-Anexo I-F'!C57+'DCA-Anexo I-F'!C56 -> 29287.25 | D55: =+'DCA-Anexo I-F'!D57+'DCA-Anexo I-F'!D56 -> 29287.25 | E55: =+'DCA-Anexo I-F'!E57+'DCA-Anexo I-F'!E56 -> 29287.25 | F55: =+'DCA-Anexo I-F'!F57+'DCA-Anexo I-F'!F56 -> 0 | G55: =+'DCA-Anexo I-F'!G57+'DCA-Anexo I-F'!G56 -> 0 | H55: =+'DCA-Anexo I-F'!H57+'DCA-Anexo I-F'!H56 -> 39288.13 | I55: =+'DCA-Anexo I-F'!I57+'DCA-Anexo I-F'!I56 -> 39288.13 | J55: =+'DCA-Anexo I-F'!J57+'DCA-Anexo I-F'!J56 -> 0
A56: 3.1.91.13.03 - Contribuição Patronal para o RPPS - Intraorçamentária | H56: 39288.13 | I56: 39288.13
A57: 3.1.91.13.99 - Outras Obrigações Patronais - Intraorçamentária | C57: 29287.25 | D57: 29287.25 | E57: 29287.25
A58: 3.1.91.91.00 - Sentenças Judiciais
A59: 3.1.91.92.00 - Despesas de Exercícios Anteriores
A60: 3.1.91.94.00 - Indenizações e Restituições Trabalhistas
A61: 3.1.91.96.00 - Ressarcimento de Despesas de Pessoal Requisitado
A62: 3.1.91.99.00 - A Classificar
A63: 3.1.95.00.00 - Aplicação Direta à conta de recursos de que tratam os §§ 1º e 2º do art. 24 da Lei Complementar no 141, de 2012
A64: 3.1.96.00.00 - Aplicação Direta à conta de recursos de que trata o art. 25 da Lei Complementar no 141, de 2012
A65: 3.1.99.00.00 - A Definir | B65: =+'DCA-Anexo I-F'!B66 -> 0 | C65: =+'DCA-Anexo I-F'!C66 -> 0 | D65: =+'DCA-Anexo I-F'!D66 -> 0 | E65: =+'DCA-Anexo I-F'!E66 -> 0 | F65: =+'DCA-Anexo I-F'!F66 -> 0 | G65: =+'DCA-Anexo I-F'!G66 -> 0 | H65: =+'DCA-Anexo I-F'!H66 -> 0 | I65: =+'DCA-Anexo I-F'!I66 -> 0 | J65: =+'DCA-Anexo I-F'!J66 -> 0
A66: 3.1.99.99.00 - A Classificar
A67: 3.2.00.00.00 - Juros e Encargos da Dívida | B67: =+'DCA-Anexo I-F'!B71+'DCA-Anexo I-F'!B81+'DCA-Anexo I-F'!B82+'DCA-Anexo I-F'!B83+'DCA-Anexo I-F'!B68+'DCA-Anexo I-F'!B69+'DCA-Anexo I-F'!B70 -> 0 | C67: =+'DCA-Anexo I-F'!C71+'DCA-Anexo I-F'!C81+'DCA-Anexo I-F'!C82+'DCA-Anexo I-F'!C83+'DCA-Anexo I-F'!C68+'DCA-Anexo I-F'!C69+'DCA-Anexo I-F'!C70 -> 0 | D67: =+'DCA-Anexo I-F'!D71+'DCA-Anexo I-F'!D81+'DCA-Anexo I-F'!D82+'DCA-Anexo I-F'!D83+'DCA-Anexo I-F'!D68+'DCA-Anexo I-F'!D69+'DCA-Anexo I-F'!D70 -> 0 | E67: =+'DCA-Anexo I-F'!E71+'DCA-Anexo I-F'!E81+'DCA-Anexo I-F'!E82+'DCA-Anexo I-F'!E83+'DCA-Anexo I-F'!E68+'DCA-Anexo I-F'!E69+'DCA-Anexo I-F'!E70 -> 0 | F67: =+'DCA-Anexo I-F'!F71+'DCA-Anexo I-F'!F81+'DCA-Anexo I-F'!F82+'DCA-Anexo I-F'!F83+'DCA-Anexo I-F'!F68+'DCA-Anexo I-F'!F69+'DCA-Anexo I-F'!F70 -> 0 | G67: =+'DCA-Anexo I-F'!G71+'DCA-Anexo I-F'!G81+'DCA-Anexo I-F'!G82+'DCA-Anexo I-F'!G83+'DCA-Anexo I-F'!G68+'DCA-Anexo I-F'!G69+'DCA-Anexo I-F'!G70 -> 0 | H67: =+'DCA-Anexo I-F'!H71+'DCA-Anexo I-F'!H81+'DCA-Anexo I-F'!H82+'DCA-Anexo I-F'!H83+'DCA-Anexo I-F'!H68+'DCA-Anexo I-F'!H69+'DCA-Anexo I-F'!H70 -> 0 | I67: =+'DCA-Anexo I-F'!I71+'DCA-Anexo I-F'!I81+'DCA-Anexo I-F'!I82+'DCA-Anexo I-F'!I83+'DCA-Anexo I-F'!I68+'DCA-Anexo I-F'!I69+'DCA-Anexo I-F'!I70 -> 0 | J67: =+'DCA-Anexo I-F'!J71+'DCA-Anexo I-F'!J81+'DCA-Anexo I-F'!J82+'DCA-Anexo I-F'!J83+'DCA-Anexo I-F'!J68+'DCA-Anexo I-F'!J69+'DCA-Anexo I-F'!J70 -> 0
A68: 3.2.71.00.00 - Transferências a Consórcios Públicos mediante contrato de rateio
A69: 3.2.73.00.00 - Transferências a Consórcios Públicos mediante contrato de rateio à conta de recursos de que tratam os §§ 1º e 2º do art. 24 da Lei Complementar nº 141, de 2012
A70: 3.2.74.00.00 - Transferências a Consórcios Públicos mediante contrato de rateio à conta de recursos de que trata o art. 25 da Lei Complementar nº 141, de 2012
A71: 3.2.90.00.00 - Aplicações Diretas | B71: =+'DCA-Anexo I-F'!B73+'DCA-Anexo I-F'!B80+'DCA-Anexo I-F'!B76+'DCA-Anexo I-F'!B72+'DCA-Anexo I-F'!B75+'DCA-Anexo I-F'!B78+'DCA-Anexo I-F'!B74+'DCA-Anexo I-F'!B79+'DCA-Anexo I-F'!B77 -> 0 | C71: =+'DCA-Anexo I-F'!C73+'DCA-Anexo I-F'!C80+'DCA-Anexo I-F'!C76+'DCA-Anexo I-F'!C72+'DCA-Anexo I-F'!C75+'DCA-Anexo I-F'!C78+'DCA-Anexo I-F'!C74+'DCA-Anexo I-F'!C79+'DCA-Anexo I-F'!C77 -> 0 | D71: =+'DCA-Anexo I-F'!D73+'DCA-Anexo I-F'!D80+'DCA-Anexo I-F'!D76+'DCA-Anexo I-F'!D72+'DCA-Anexo I-F'!D75+'DCA-Anexo I-F'!D78+'DCA-Anexo I-F'!D74+'DCA-Anexo I-F'!D79+'DCA-Anexo I-F'!D77 -> 0 | E71: =+'DCA-Anexo I-F'!E73+'DCA-Anexo I-F'!E80+'DCA-Anexo I-F'!E76+'DCA-Anexo I-F'!E72+'DCA-Anexo I-F'!E75+'DCA-Anexo I-F'!E78+'DCA-Anexo I-F'!E74+'DCA-Anexo I-F'!E79+'DCA-Anexo I-F'!E77 -> 0 | F71: =+'DCA-Anexo I-F'!F73+'DCA-Anexo I-F'!F80+'DCA-Anexo I-F'!F76+'DCA-Anexo I-F'!F72+'DCA-Anexo I-F'!F75+'DCA-Anexo I-F'!F78+'DCA-Anexo I-F'!F74+'DCA-Anexo I-F'!F79+'DCA-Anexo I-F'!F77 -> 0 | G71: =+'DCA-Anexo I-F'!G73+'DCA-Anexo I-F'!G80+'DCA-Anexo I-F'!G76+'DCA-Anexo I-F'!G72+'DCA-Anexo I-F'!G75+'DCA-Anexo I-F'!G78+'DCA-Anexo I-F'!G74+'DCA-Anexo I-F'!G79+'DCA-Anexo I-F'!G77 -> 0 | H71: =+'DCA-Anexo I-F'!H73+'DCA-Anexo I-F'!H80+'DCA-Anexo I-F'!H76+'DCA-Anexo I-F'!H72+'DCA-Anexo I-F'!H75+'DCA-Anexo I-F'!H78+'DCA-Anexo I-F'!H74+'DCA-Anexo I-F'!H79+'DCA-Anexo I-F'!H77 -> 0 | I71: =+'DCA-Anexo I-F'!I73+'DCA-Anexo I-F'!I80+'DCA-Anexo I-F'!I76+'DCA-Anexo I-F'!I72+'DCA-Anexo I-F'!I75+'DCA-Anexo I-F'!I78+'DCA-Anexo I-F'!I74+'DCA-Anexo I-F'!I79+'DCA-Anexo I-F'!I77 -> 0 | J71: =+'DCA-Anexo I-F'!J73+'DCA-Anexo I-F'!J80+'DCA-Anexo I-F'!J76+'DCA-Anexo I-F'!J72+'DCA-Anexo I-F'!J75+'DCA-Anexo I-F'!J78+'DCA-Anexo I-F'!J74+'DCA-Anexo I-F'!J79+'DCA-Anexo I-F'!J77 -> 0
A72: 3.2.90.21.00 - Juros sobre a Dívida por Contrato
A73: 3.2.90.22.00 - Outros Encargos sobre a Dívida por Contrato
A74: 3.2.90.23.00 - Juros, Deságios e Descontos da Dívida Mobiliária
A75: 3.2.90.24.00 - Outros Encargos sobre a Dívida Mobiliária
A76: 3.2.90.25.00 - Encargos sobre Operações de Crédito por Antecipação da Receita
A77: 3.2.90.91.00 - Sentenças Judiciais
A78: 3.2.90.92.00 - Despesas de Exercícios Anteriores
A79: 3.2.90.93.00 - Indenizações e Restituições
A80: 3.2.90.99.00 - A Classificar
A81: 3.2.95.00.00 - Aplicação Direta à conta de recursos de que tratam os §§ 1º e 2º do art. 24 da Lei Complementar no 141, de 2012
A82: 3.2.96.00.00 - Aplicação Direta à conta de recursos de que trata o art. 25 da Lei Complementar no 141, de 2012
A83: 3.2.99.00.00 - A Definir
A84: 3.3.00.00.00 - Outras Despesas Correntes | B84: =+'DCA-Anexo I-F'!B114+'DCA-Anexo I-F'!B95+'DCA-Anexo I-F'!B94+'DCA-Anexo I-F'!B167+'DCA-Anexo I-F'!B87+'DCA-Anexo I-F'!B112+'DCA-Anexo I-F'!B169+'DCA-Anexo I-F'!B166+'DCA-Anexo I-F'!B101+'DCA-Anexo I-F'!B106+'DCA-Anexo I-F'!B93+'DCA-Anexo I-F'!B103+'DCA-Anexo I-F'!B109+'DCA-Anexo I-F'!B102+'DCA-Anexo I-F'!B85+'DCA-Anexo I-F'!B99+'DCA-Anexo I-F'!B91+'DCA-Anexo I-F'!B165+'DCA-Anexo I-F'!B86+'DCA-Anexo I-F'!B108+'DCA-Anexo I-F'!B168+'DCA-Anexo I-F'!B111+'DCA-Anexo I-F'!B100+'DCA-Anexo I-F'!B104+'DCA-Anexo I-F'!B92+'DCA-Anexo I-F'!B113+'DCA-Anexo I-F'!B107+'DCA-Anexo I-F'!B110+'DCA-Anexo I-F'!B105+'DCA-Anexo I-F'!B163+'DCA-Anexo I-F'!B164 -> 2140 | C84: =+'DCA-Anexo I-F'!C114+'DCA-Anexo I-F'!C95+'DCA-Anexo I-F'!C94+'DCA-Anexo I-F'!C167+'DCA-Anexo I-F'!C87+'DCA-Anexo I-F'!C112+'DCA-Anexo I-F'!C169+'DCA-Anexo I-F'!C166+'DCA-Anexo I-F'!C101+'DCA-Anexo I-F'!C106+'DCA-Anexo I-F'!C93+'DCA-Anexo I-F'!C103+'DCA-Anexo I-F'!C109+'DCA-Anexo I-F'!C102+'DCA-Anexo I-F'!C85+'DCA-Anexo I-F'!C99+'DCA-Anexo I-F'!C91+'DCA-Anexo I-F'!C165+'DCA-Anexo I-F'!C86+'DCA-Anexo I-F'!C108+'DCA-Anexo I-F'!C168+'DCA-Anexo I-F'!C111+'DCA-Anexo I-F'!C100+'DCA-Anexo I-F'!C104+'DCA-Anexo I-F'!C92+'DCA-Anexo I-F'!C113+'DCA-Anexo I-F'!C107+'DCA-Anexo I-F'!C110+'DCA-Anexo I-F'!C105+'DCA-Anexo I-F'!C163+'DCA-Anexo I-F'!C164 -> 61486.1 | D84: =+'DCA-Anexo I-F'!D114+'DCA-Anexo I-F'!D95+'DCA-Anexo I-F'!D94+'DCA-Anexo I-F'!D167+'DCA-Anexo I-F'!D87+'DCA-Anexo I-F'!D112+'DCA-Anexo I-F'!D169+'DCA-Anexo I-F'!D166+'DCA-Anexo I-F'!D101+'DCA-Anexo I-F'!D106+'DCA-Anexo I-F'!D93+'DCA-Anexo I-F'!D103+'DCA-Anexo I-F'!D109+'DCA-Anexo I-F'!D102+'DCA-Anexo I-F'!D85+'DCA-Anexo I-F'!D99+'DCA-Anexo I-F'!D91+'DCA-Anexo I-F'!D165+'DCA-Anexo I-F'!D86+'DCA-Anexo I-F'!D108+'DCA-Anexo I-F'!D168+'DCA-Anexo I-F'!D111+'DCA-Anexo I-F'!D100+'DCA-Anexo I-F'!D104+'DCA-Anexo I-F'!D92+'DCA-Anexo I-F'!D113+'DCA-Anexo I-F'!D107+'DCA-Anexo I-F'!D110+'DCA-Anexo I-F'!D105+'DCA-Anexo I-F'!D163+'DCA-Anexo I-F'!D164 -> 23135.87 | E84: =+'DCA-Anexo I-F'!E114+'DCA-Anexo I-F'!E95+'DCA-Anexo I-F'!E94+'DCA-Anexo I-F'!E167+'DCA-Anexo I-F'!E87+'DCA-Anexo I-F'!E112+'DCA-Anexo I-F'!E169+'DCA-Anexo I-F'!E166+'DCA-Anexo I-F'!E101+'DCA-Anexo I-F'!E106+'DCA-Anexo I-F'!E93+'DCA-Anexo I-F'!E103+'DCA-Anexo I-F'!E109+'DCA-Anexo I-F'!E102+'DCA-Anexo I-F'!E85+'DCA-Anexo I-F'!E99+'DCA-Anexo I-F'!E91+'DCA-Anexo I-F'!E165+'DCA-Anexo I-F'!E86+'DCA-Anexo I-F'!E108+'DCA-Anexo I-F'!E168+'DCA-Anexo I-F'!E111+'DCA-Anexo I-F'!E100+'DCA-Anexo I-F'!E104+'DCA-Anexo I-F'!E92+'DCA-Anexo I-F'!E113+'DCA-Anexo I-F'!E107+'DCA-Anexo I-F'!E110+'DCA-Anexo I-F'!E105+'DCA-Anexo I-F'!E163+'DCA-Anexo I-F'!E164 -> 23135.87 | F84: =+'DCA-Anexo I-F'!F114+'DCA-Anexo I-F'!F95+'DCA-Anexo I-F'!F94+'DCA-Anexo I-F'!F167+'DCA-Anexo I-F'!F87+'DCA-Anexo I-F'!F112+'DCA-Anexo I-F'!F169+'DCA-Anexo I-F'!F166+'DCA-Anexo I-F'!F101+'DCA-Anexo I-F'!F106+'DCA-Anexo I-F'!F93+'DCA-Anexo I-F'!F103+'DCA-Anexo I-F'!F109+'DCA-Anexo I-F'!F102+'DCA-Anexo I-F'!F85+'DCA-Anexo I-F'!F99+'DCA-Anexo I-F'!F91+'DCA-Anexo I-F'!F165+'DCA-Anexo I-F'!F86+'DCA-Anexo I-F'!F108+'DCA-Anexo I-F'!F168+'DCA-Anexo I-F'!F111+'DCA-Anexo I-F'!F100+'DCA-Anexo I-F'!F104+'DCA-Anexo I-F'!F92+'DCA-Anexo I-F'!F113+'DCA-Anexo I-F'!F107+'DCA-Anexo I-F'!F110+'DCA-Anexo I-F'!F105+'DCA-Anexo I-F'!F163+'DCA-Anexo I-F'!F164 -> 38350.23 | G84: =+'DCA-Anexo I-F'!G114+'DCA-Anexo I-F'!G95+'DCA-Anexo I-F'!G94+'DCA-Anexo I-F'!G167+'DCA-Anexo I-F'!G87+'DCA-Anexo I-F'!G112+'DCA-Anexo I-F'!G169+'DCA-Anexo I-F'!G166+'DCA-Anexo I-F'!G101+'DCA-Anexo I-F'!G106+'DCA-Anexo I-F'!G93+'DCA-Anexo I-F'!G103+'DCA-Anexo I-F'!G109+'DCA-Anexo I-F'!G102+'DCA-Anexo I-F'!G85+'DCA-Anexo I-F'!G99+'DCA-Anexo I-F'!G91+'DCA-Anexo I-F'!G165+'DCA-Anexo I-F'!G86+'DCA-Anexo I-F'!G108+'DCA-Anexo I-F'!G168+'DCA-Anexo I-F'!G111+'DCA-Anexo I-F'!G100+'DCA-Anexo I-F'!G104+'DCA-Anexo I-F'!G92+'DCA-Anexo I-F'!G113+'DCA-Anexo I-F'!G107+'DCA-Anexo I-F'!G110+'DCA-Anexo I-F'!G105+'DCA-Anexo I-F'!G163+'DCA-Anexo I-F'!G164 -> 54.75 | H84: =+'DCA-Anexo I-F'!H114+'DCA-Anexo I-F'!H95+'DCA-Anexo I-F'!H94+'DCA-Anexo I-F'!H167+'DCA-Anexo I-F'!H87+'DCA-Anexo I-F'!H112+'DCA-Anexo I-F'!H169+'DCA-Anexo I-F'!H166+'DCA-Anexo I-F'!H101+'DCA-Anexo I-F'!H106+'DCA-Anexo I-F'!H93+'DCA-Anexo I-F'!H103+'DCA-Anexo I-F'!H109+'DCA-Anexo I-F'!H102+'DCA-Anexo I-F'!H85+'DCA-Anexo I-F'!H99+'DCA-Anexo I-F'!H91+'DCA-Anexo I-F'!H165+'DCA-Anexo I-F'!H86+'DCA-Anexo I-F'!H108+'DCA-Anexo I-F'!H168+'DCA-Anexo I-F'!H111+'DCA-Anexo I-F'!H100+'DCA-Anexo I-F'!H104+'DCA-Anexo I-F'!H92+'DCA-Anexo I-F'!H113+'DCA-Anexo I-F'!H107+'DCA-Anexo I-F'!H110+'DCA-Anexo I-F'!H105+'DCA-Anexo I-F'!H163+'DCA-Anexo I-F'!H164 -> 180037.01 | I84: =+'DCA-Anexo I-F'!I114+'DCA-Anexo I-F'!I95+'DCA-Anexo I-F'!I94+'DCA-Anexo I-F'!I167+'DCA-Anexo I-F'!I87+'DCA-Anexo I-F'!I112+'DCA-Anexo I-F'!I169+'DCA-Anexo I-F'!I166+'DCA-Anexo I-F'!I101+'DCA-Anexo I-F'!I106+'DCA-Anexo I-F'!I93+'DCA-Anexo I-F'!I103+'DCA-Anexo I-F'!I109+'DCA-Anexo I-F'!I102+'DCA-Anexo I-F'!I85+'DCA-Anexo I-F'!I99+'DCA-Anexo I-F'!I91+'DCA-Anexo I-F'!I165+'DCA-Anexo I-F'!I86+'DCA-Anexo I-F'!I108+'DCA-Anexo I-F'!I168+'DCA-Anexo I-F'!I111+'DCA-Anexo I-F'!I100+'DCA-Anexo I-F'!I104+'DCA-Anexo I-F'!I92+'DCA-Anexo I-F'!I113+'DCA-Anexo I-F'!I107+'DCA-Anexo I-F'!I110+'DCA-Anexo I-F'!I105+'DCA-Anexo I-F'!I163+'DCA-Anexo I-F'!I164 -> 178850.39 | J84: =+'DCA-Anexo I-F'!J114+'DCA-Anexo I-F'!J95+'DCA-Anexo I-F'!J94+'DCA-Anexo I-F'!J167+'DCA-Anexo I-F'!J87+'DCA-Anexo I-F'!J112+'DCA-Anexo I-F'!J169+'DCA-Anexo I-F'!J166+'DCA-Anexo I-F'!J101+'DCA-Anexo I-F'!J106+'DCA-Anexo I-F'!J93+'DCA-Anexo I-F'!J103+'DCA-Anexo I-F'!J109+'DCA-Anexo I-F'!J102+'DCA-Anexo I-F'!J85+'DCA-Anexo I-F'!J99+'DCA-Anexo I-F'!J91+'DCA-Anexo I-F'!J165+'DCA-Anexo I-F'!J86+'DCA-Anexo I-F'!J108+'DCA-Anexo I-F'!J168+'DCA-Anexo I-F'!J111+'DCA-Anexo I-F'!J100+'DCA-Anexo I-F'!J104+'DCA-Anexo I-F'!J92+'DCA-Anexo I-F'!J113+'DCA-Anexo I-F'!J107+'DCA-Anexo I-F'!J110+'DCA-Anexo I-F'!J105+'DCA-Anexo I-F'!J163+'DCA-Anexo I-F'!J164 -> 1241.37
A85: 3.3.20.00.00 - Transferências à União | H85: 1211.37 | J85: 1211.37
A86: 3.3.22.00.00 - Execução Orçamentária Delegada à União
A87: 3.3.30.00.00 - Transferências a Estados e ao Distrito Federal | B87: =+'DCA-Anexo I-F'!B90+'DCA-Anexo I-F'!B89+'DCA-Anexo I-F'!B88 -> 0 | C87: =+'DCA-Anexo I-F'!C90+'DCA-Anexo I-F'!C89+'DCA-Anexo I-F'!C88 -> 0 | D87: =+'DCA-Anexo I-F'!D90+'DCA-Anexo I-F'!D89+'DCA-Anexo I-F'!D88 -> 0 | E87: =+'DCA-Anexo I-F'!E90+'DCA-Anexo I-F'!E89+'DCA-Anexo I-F'!E88 -> 0 | F87: =+'DCA-Anexo I-F'!F90+'DCA-Anexo I-F'!F89+'DCA-Anexo I-F'!F88 -> 0 | G87: =+'DCA-Anexo I-F'!G90+'DCA-Anexo I-F'!G89+'DCA-Anexo I-F'!G88 -> 0 | H87: =+'DCA-Anexo I-F'!H90+'DCA-Anexo I-F'!H89+'DCA-Anexo I-F'!H88 -> 0 | I87: =+'DCA-Anexo I-F'!I90+'DCA-Anexo I-F'!I89+'DCA-Anexo I-F'!I88 -> 0 | J87: =+'DCA-Anexo I-F'!J90+'DCA-Anexo I-F'!J89+'DCA-Anexo I-F'!J88 -> 0
A88: 3.3.30.41.00 - Contribuições
A89: 3.3.30.81.00 - Distribuição Constitucional ou Legal de Receitas
A90: 3.3.30.99.00 - A Classificar
A91: 3.3.31.00.00 - Transferências a Estados e ao Distrito Federal - Fundo a Fundo
A92: 3.3.32.00.00 - Execução Orçamentária Delegada a Estados e ao Distrito Federal
A93: 3.3.35.00.00 - Transferências Fundo a Fundo aos Estados e ao Distrito Federal à conta de recursos de que tratam os §§ 1º e 2º do art. 24 da Lei Complementar no 141, de 2012
A94: 3.3.36.00.00 - Transferências Fundo a Fundo aos Estados e ao Distrito Federal à conta de recursos de que trata o art. 25 da Lei Complementar no 141, de 2012
A95: 3.3.40.00.00 - Transferências a Municípios | B95: =+'DCA-Anexo I-F'!B98+'DCA-Anexo I-F'!B97+'DCA-Anexo I-F'!B96 -> 0 | C95: =+'DCA-Anexo I-F'!C98+'DCA-Anexo I-F'!C97+'DCA-Anexo I-F'!C96 -> 0 | D95: =+'DCA-Anexo I-F'!D98+'DCA-Anexo I-F'!D97+'DCA-Anexo I-F'!D96 -> 0 | E95: =+'DCA-Anexo I-F'!E98+'DCA-Anexo I-F'!E97+'DCA-Anexo I-F'!E96 -> 0 | F95: =+'DCA-Anexo I-F'!F98+'DCA-Anexo I-F'!F97+'DCA-Anexo I-F'!F96 -> 0 | G95: =+'DCA-Anexo I-F'!G98+'DCA-Anexo I-F'!G97+'DCA-Anexo I-F'!G96 -> 0 | H95: =+'DCA-Anexo I-F'!H98+'DCA-Anexo I-F'!H97+'DCA-Anexo I-F'!H96 -> 0 | I95: =+'DCA-Anexo I-F'!I98+'DCA-Anexo I-F'!I97+'DCA-Anexo I-F'!I96 -> 0 | J95: =+'DCA-Anexo I-F'!J98+'DCA-Anexo I-F'!J97+'DCA-Anexo I-F'!J96 -> 0
A96: 3.3.40.41.00 - Contribuições
A97: 3.3.40.81.00 - Distribuição Constitucional ou Legal de Receitas
A98: 3.3.40.99.00 - A Classificar
A99: 3.3.41.00.00 - Transferências a Municípios - Fundo a Fundo
A100: 3.3.42.00.00 - Execução Orçamentária Delegada a Municípios
A101: 3.3.45.00.00 - Transferências Fundo a Fundo aos Municípios à conta de recursos de que tratam os §§ 1º e 2º do art. 24 da Lei Complementar no 141, de 2012
A102: 3.3.46.00.00 - Transferências Fundo a Fundo aos Municípios à conta de recursos de que trata o art. 25 da Lei Complementar no 141, de 2012
A103: 3.3.50.00.00 - Transferências a Instituições Privadas sem Fins Lucrativos
...

Sheet DCA-Anexo I-G
A2: QDCC
A3: BALANÇO ANUAL (DCA)
A4: VERSÃO: v7
A5: VIGÊNCIA: 03/01/2019
A7: Ente: 4313425 - Novo Machado/RS
A8: Poder: E - Executivo
A9: Instituição: 9993 - Prefeitura Municipal de Novo Machado - RS
A10: Exercício: 2018
A11: Periodicidade: ANUAL
A12: Período: Período único (anual)
A14: Grupo: Balanço Orçamentário - Despesas por Função - Sub Quadro - Execução dos Restos a Pagar
A15: Quadro: Despesas por Função
A16: Rótulo: Total Geral da Despesa por Função
A17: Despesas por Função | B17: Execução da Despesa
B18: Restos a Pagar Não Processados Inscritos em Exercícios Anteriores | C18: Restos a Pagar Não Processados Inscritos em 31 de Dezembro do Exercício Anterior | D18: Restos a Pagar Não Processados Liquidados | E18: Restos a Pagar Não Processados Pagos | F18: Restos a Pagar Não Processados Cancelados | G18: Restos a Pagar Processados Inscritos em Exercícios Anteriores | H18: Restos a Pagar Processados Inscritos em 31 de Dezembro do Exercício Anterior | I18: Restos a Pagar Processados Pagos | J18: Restos a Pagar Processados Cancelados
A19: Despesas Exceto Intraorçamentárias | B19: =+'DCA-Anexo I-G'!B20+'DCA-Anexo I-G'!B25+'DCA-Anexo I-G'!B30+'DCA-Anexo I-G'!B35+'DCA-Anexo I-G'!B48+'DCA-Anexo I-G'!B54+'DCA-Anexo I-G'!B60+'DCA-Anexo I-G'!B65+'DCA-Anexo I-G'!B72+'DCA-Anexo I-G'!B79+'DCA-Anexo I-G'!B88+'DCA-Anexo I-G'!B95+'DCA-Anexo I-G'!B106+'DCA-Anexo I-G'!B111+'DCA-Anexo I-G'!B117+'DCA-Anexo I-G'!B123+'DCA-Anexo I-G'!B128+'DCA-Anexo I-G'!B133+'DCA-Anexo I-G'!B141+'DCA-Anexo I-G'!B147+'DCA-Anexo I-G'!B155+'DCA-Anexo I-G'!B160+'DCA-Anexo I-G'!B168+'DCA-Anexo I-G'!B176+'DCA-Anexo I-G'!B181+'DCA-Anexo I-G'!B188+'DCA-Anexo I-G'!B196+'DCA-Anexo I-G'!B202 -> 76246.54 | C19: =+'DCA-Anexo I-G'!C20+'DCA-Anexo I-G'!C25+'DCA-Anexo I-G'!C30+'DCA-Anexo I-G'!C35+'DCA-Anexo I-G'!C48+'DCA-Anexo I-G'!C54+'DCA-Anexo I-G'!C60+'DCA-Anexo I-G'!C65+'DCA-Anexo I-G'!C72+'DCA-Anexo I-G'!C79+'DCA-Anexo I-G'!C88+'DCA-Anexo I-G'!C95+'DCA-Anexo I-G'!C106+'DCA-Anexo I-G'!C111+'DCA-Anexo I-G'!C117+'DCA-Anexo I-G'!C123+'DCA-Anexo I-G'!C128+'DCA-Anexo I-G'!C133+'DCA-Anexo I-G'!C141+'DCA-Anexo I-G'!C147+'DCA-Anexo I-G'!C155+'DCA-Anexo I-G'!C160+'DCA-Anexo I-G'!C168+'DCA-Anexo I-G'!C176+'DCA-Anexo I-G'!C181+'DCA-Anexo I-G'!C188+'DCA-Anexo I-G'!C196+'DCA-Anexo I-G'!C202 -> 249728.06 | D19: =+'DCA-Anexo I-G'!D20+'DCA-Anexo I-G'!D25+'DCA-Anexo I-G'!D30+'DCA-Anexo I-G'!D35+'DCA-Anexo I-G'!D48+'DCA-Anexo I-G'!D54+'DCA-Anexo I-G'!D60+'DCA-Anexo I-G'!D65+'DCA-Anexo I-G'!D72+'DCA-Anexo I-G'!D79+'DCA-Anexo I-G'!D88+'DCA-Anexo I-G'!D95+'DCA-Anexo I-G'!D106+'DCA-Anexo I-G'!D111+'DCA-Anexo I-G'!D117+'DCA-Anexo I-G'!D123+'DCA-Anexo I-G'!D128+'DCA-Anexo I-G'!D133+'DCA-Anexo I-G'!D141+'DCA-Anexo I-G'!D147+'DCA-Anexo I-G'!D155+'DCA-Anexo I-G'!D160+'DCA-Anexo I-G'!D168+'DCA-Anexo I-G'!D176+'DCA-Anexo I-G'!D181+'DCA-Anexo I-G'!D188+'DCA-Anexo I-G'!D196+'DCA-Anexo I-G'!D202 -> 243645.71 | E19: =+'DCA-Anexo I-G'!E20+'DCA-Anexo I-G'!E25+'DCA-Anexo I-G'!E30+'DCA-Anexo I-G'!E35+'DCA-Anexo I-G'!E48+'DCA-Anexo I-G'!E54+'DCA-Anexo I-G'!E60+'DCA-Anexo I-G'!E65+'DCA-Anexo I-G'!E72+'DCA-Anexo I-G'!E79+'DCA-Anexo I-G'!E88+'DCA-Anexo I-G'!E95+'DCA-Anexo I-G'!E106+'DCA-Anexo I-G'!E111+'DCA-Anexo I-G'!E117+'DCA-Anexo I-G'!E123+'DCA-Anexo I-G'!E128+'DCA-Anexo I-G'!E133+'DCA-Anexo I-G'!E141+'DCA-Anexo I-G'!E147+'DCA-Anexo I-G'!E155+'DCA-Anexo I-G'!E160+'DCA-Anexo I-G'!E168+'DCA-Anexo I-G'!E176+'DCA-Anexo I-G'!E181+'DCA-Anexo I-G'!E188+'DCA-Anexo I-G'!E196+'DCA-Anexo I-G'!E202 -> 243645.71 | F19: =+'DCA-Anexo I-G'!F20+'DCA-Anexo I-G'!F25+'DCA-Anexo I-G'!F30+'DCA-Anexo I-G'!F35+'DCA-Anexo I-G'!F48+'DCA-Anexo I-G'!F54+'DCA-Anexo I-G'!F60+'DCA-Anexo I-G'!F65+'DCA-Anexo I-G'!F72+'DCA-Anexo I-G'!F79+'DCA-Anexo I-G'!F88+'DCA-Anexo I-G'!F95+'DCA-Anexo I-G'!F106+'DCA-Anexo I-G'!F111+'DCA-Anexo I-G'!F117+'DCA-Anexo I-G'!F123+'DCA-Anexo I-G'!F128+'DCA-Anexo I-G'!F133+'DCA-Anexo I-G'!F141+'DCA-Anexo I-G'!F147+'DCA-Anexo I-G'!F155+'DCA-Anexo I-G'!F160+'DCA-Anexo I-G'!F168+'DCA-Anexo I-G'!F176+'DCA-Anexo I-G'!F181+'DCA-Anexo I-G'!F188+'DCA-Anexo I-G'!F196+'DCA-Anexo I-G'!F202 -> 38870.86 | G19: =+'DCA-Anexo I-G'!G20+'DCA-Anexo I-G'!G25+'DCA-Anexo I-G'!G30+'DCA-Anexo I-G'!G35+'DCA-Anexo I-G'!G48+'DCA-Anexo I-G'!G54+'DCA-Anexo I-G'!G60+'DCA-Anexo I-G'!G65+'DCA-Anexo I-G'!G72+'DCA-Anexo I-G'!G79+'DCA-Anexo I-G'!G88+'DCA-Anexo I-G'!G95+'DCA-Anexo I-G'!G106+'DCA-Anexo I-G'!G111+'DCA-Anexo I-G'!G117+'DCA-Anexo I-G'!G123+'DCA-Anexo I-G'!G128+'DCA-Anexo I-G'!G133+'DCA-Anexo I-G'!G141+'DCA-Anexo I-G'!G147+'DCA-Anexo I-G'!G155+'DCA-Anexo I-G'!G160+'DCA-Anexo I-G'!G168+'DCA-Anexo I-G'!G176+'DCA-Anexo I-G'!G181+'DCA-Anexo I-G'!G188+'DCA-Anexo I-G'!G196+'DCA-Anexo I-G'!G202 -> 49688.11 | H19: =+'DCA-Anexo I-G'!H20+'DCA-Anexo I-G'!H25+'DCA-Anexo I-G'!H30+'DCA-Anexo I-G'!H35+'DCA-Anexo I-G'!H48+'DCA-Anexo I-G'!H54+'DCA-Anexo I-G'!H60+'DCA-Anexo I-G'!H65+'DCA-Anexo I-G'!H72+'DCA-Anexo I-G'!H79+'DCA-Anexo I-G'!H88+'DCA-Anexo I-G'!H95+'DCA-Anexo I-G'!H106+'DCA-Anexo I-G'!H111+'DCA-Anexo I-G'!H117+'DCA-Anexo I-G'!H123+'DCA-Anexo I-G'!H128+'DCA-Anexo I-G'!H133+'DCA-Anexo I-G'!H141+'DCA-Anexo I-G'!H147+'DCA-Anexo I-G'!H155+'DCA-Anexo I-G'!H160+'DCA-Anexo I-G'!H168+'DCA-Anexo I-G'!H176+'DCA-Anexo I-G'!H181+'DCA-Anexo I-G'!H188+'DCA-Anexo I-G'!H196+'DCA-Anexo I-G'!H202 -> 359216.5 | I19: =+'DCA-Anexo I-G'!I20+'DCA-Anexo I-G'!I25+'DCA-Anexo I-G'!I30+'DCA-Anexo I-G'!I35+'DCA-Anexo I-G'!I48+'DCA-Anexo I-G'!I54+'DCA-Anexo I-G'!I60+'DCA-Anexo I-G'!I65+'DCA-Anexo I-G'!I72+'DCA-Anexo I-G'!I79+'DCA-Anexo I-G'!I88+'DCA-Anexo I-G'!I95+'DCA-Anexo I-G'!I106+'DCA-Anexo I-G'!I111+'DCA-Anexo I-G'!I117+'DCA-Anexo I-G'!I123+'DCA-Anexo I-G'!I128+'DCA-Anexo I-G'!I133+'DCA-Anexo I-G'!I141+'DCA-Anexo I-G'!I147+'DCA-Anexo I-G'!I155+'DCA-Anexo I-G'!I160+'DCA-Anexo I-G'!I168+'DCA-Anexo I-G'!I176+'DCA-Anexo I-G'!I181+'DCA-Anexo I-G'!I188+'DCA-Anexo I-G'!I196+'DCA-Anexo I-G'!I202 -> 407663.24 | J19: =+'DCA-Anexo I-G'!J20+'DCA-Anexo I-G'!J25+'DCA-Anexo I-G'!J30+'DCA-Anexo I-G'!J35+'DCA-Anexo I-G'!J48+'DCA-Anexo I-G'!J54+'DCA-Anexo I-G'!J60+'DCA-Anexo I-G'!J65+'DCA-Anexo I-G'!J72+'DCA-Anexo I-G'!J79+'DCA-Anexo I-G'!J88+'DCA-Anexo I-G'!J95+'DCA-Anexo I-G'!J106+'DCA-Anexo I-G'!J111+'DCA-Anexo I-G'!J117+'DCA-Anexo I-G'!J123+'DCA-Anexo I-G'!J128+'DCA-Anexo I-G'!J133+'DCA-Anexo I-G'!J141+'DCA-Anexo I-G'!J147+'DCA-Anexo I-G'!J155+'DCA-Anexo I-G'!J160+'DCA-Anexo I-G'!J168+'DCA-Anexo I-G'!J176+'DCA-Anexo I-G'!J181+'DCA-Anexo I-G'!J188+'DCA-Anexo I-G'!J196+'DCA-Anexo I-G'!J202 -> 1241.37
A20: 01 - Legislativa | B20: =+'DCA-Anexo I-G'!B21+'DCA-Anexo I-G'!B22+'DCA-Anexo I-G'!B24+'DCA-Anexo I-G'!B23 -> 0 | C20: =+'DCA-Anexo I-G'!C21+'DCA-Anexo I-G'!C22+'DCA-Anexo I-G'!C24+'DCA-Anexo I-G'!C23 -> 0 | D20: =+'DCA-Anexo I-G'!D21+'DCA-Anexo I-G'!D22+'DCA-Anexo I-G'!D24+'DCA-Anexo I-G'!D23 -> 0 | E20: =+'DCA-Anexo I-G'!E21+'DCA-Anexo I-G'!E22+'DCA-Anexo I-G'!E24+'DCA-Anexo I-G'!E23 -> 0 | F20: =+'DCA-Anexo I-G'!F21+'DCA-Anexo I-G'!F22+'DCA-Anexo I-G'!F24+'DCA-Anexo I-G'!F23 -> 0 | G20: =+'DCA-Anexo I-G'!G21+'DCA-Anexo I-G'!G22+'DCA-Anexo I-G'!G24+'DCA-Anexo I-G'!G23 -> 0 | H20: =+'DCA-Anexo I-G'!H21+'DCA-Anexo I-G'!H22+'DCA-Anexo I-G'!H24+'DCA-Anexo I-G'!H23 -> 6327.19 | I20: =+'DCA-Anexo I-G'!I21+'DCA-Anexo I-G'!I22+'DCA-Anexo I-G'!I24+'DCA-Anexo I-G'!I23 -> 6327.19 | J20: =+'DCA-Anexo I-G'!J21+'DCA-Anexo I-G'!J22+'DCA-Anexo I-G'!J24+'DCA-Anexo I-G'!J23 -> 0
A21: 01.031 - Ação Legislativa | H21: 6327.19 | I21: 6327.19
A22: 01.032 - Controle Externo
A23: 01.122 - Administração Geral
A24: FU01 - Demais Subfunções
A25: 02 - Judiciária | B25: =+'DCA-Anexo I-G'!B26+'DCA-Anexo I-G'!B27+'DCA-Anexo I-G'!B29+'DCA-Anexo I-G'!B28 -> 0 | C25: =+'DCA-Anexo I-G'!C26+'DCA-Anexo I-G'!C27+'DCA-Anexo I-G'!C29+'DCA-Anexo I-G'!C28 -> 0 | D25: =+'DCA-Anexo I-G'!D26+'DCA-Anexo I-G'!D27+'DCA-Anexo I-G'!D29+'DCA-Anexo I-G'!D28 -> 0 | E25: =+'DCA-Anexo I-G'!E26+'DCA-Anexo I-G'!E27+'DCA-Anexo I-G'!E29+'DCA-Anexo I-G'!E28 -> 0 | F25: =+'DCA-Anexo I-G'!F26+'DCA-Anexo I-G'!F27+'DCA-Anexo I-G'!F29+'DCA-Anexo I-G'!F28 -> 0 | G25: =+'DCA-Anexo I-G'!G26+'DCA-Anexo I-G'!G27+'DCA-Anexo I-G'!G29+'DCA-Anexo I-G'!G28 -> 0 | H25: =+'DCA-Anexo I-G'!H26+'DCA-Anexo I-G'!H27+'DCA-Anexo I-G'!H29+'DCA-Anexo I-G'!H28 -> 0 | I25: =+'DCA-Anexo I-G'!I26+'DCA-Anexo I-G'!I27+'DCA-Anexo I-G'!I29+'DCA-Anexo I-G'!I28 -> 0 | J25: =+'DCA-Anexo I-G'!J26+'DCA-Anexo I-G'!J27+'DCA-Anexo I-G'!J29+'DCA-Anexo I-G'!J28 -> 0
A26: 02.061 - Ação Judiciária
A27: 02.062 - Defesa do Interesse Público no Processo Judiciário
A28: 02.122 - Administração Geral
A29: FU02 - Demais Subfunções
A30: 03 - Essencial à Justiça | B30: =+'DCA-Anexo I-G'!B31+'DCA-Anexo I-G'!B32+'DCA-Anexo I-G'!B34+'DCA-Anexo I-G'!B33 -> 0 | C30: =+'DCA-Anexo I-G'!C31+'DCA-Anexo I-G'!C32+'DCA-Anexo I-G'!C34+'DCA-Anexo I-G'!C33 -> 0 | D30: =+'DCA-Anexo I-G'!D31+'DCA-Anexo I-G'!D32+'DCA-Anexo I-G'!D34+'DCA-Anexo I-G'!D33 -> 0 | E30: =+'DCA-Anexo I-G'!E31+'DCA-Anexo I-G'!E32+'DCA-Anexo I-G'!E34+'DCA-Anexo I-G'!E33 -> 0 | F30: =+'DCA-Anexo I-G'!F31+'DCA-Anexo I-G'!F32+'DCA-Anexo I-G'!F34+'DCA-Anexo I-G'!F33 -> 0 | G30: =+'DCA-Anexo I-G'!G31+'DCA-Anexo I-G'!G32+'DCA-Anexo I-G'!G34+'DCA-Anexo I-G'!G33 -> 0 | H30: =+'DCA-Anexo I-G'!H31+'DCA-Anexo I-G'!H32+'DCA-Anexo I-G'!H34+'DCA-Anexo I-G'!H33 -> 0 | I30: =+'DCA-Anexo I-G'!I31+'DCA-Anexo I-G'!I32+'DCA-Anexo I-G'!I34+'DCA-Anexo I-G'!I33 -> 0 | J30: =+'DCA-Anexo I-G'!J31+'DCA-Anexo I-G'!J32+'DCA-Anexo I-G'!J34+'DCA-Anexo I-G'!J33 -> 0
A31: 03.091 - Defesa da Ordem Jurídica
A32: 03.092 - Representação Judicial e Extrajudicial
A33: 03.122 - Administração Geral
A34: FU03 - Demais Subfunções
A35: 04 - Administração | B35: =+'DCA-Anexo I-G'!B36+'DCA-Anexo I-G'!B37+'DCA-Anexo I-G'!B38+'DCA-Anexo I-G'!B39+'DCA-Anexo I-G'!B40+'DCA-Anexo I-G'!B41+'DCA-Anexo I-G'!B42+'DCA-Anexo I-G'!B43+'DCA-Anexo I-G'!B44+'DCA-Anexo I-G'!B45+'DCA-Anexo I-G'!B46+'DCA-Anexo I-G'!B47 -> 2140 | C35: =+'DCA-Anexo I-G'!C36+'DCA-Anexo I-G'!C37+'DCA-Anexo I-G'!C38+'DCA-Anexo I-G'!C39+'DCA-Anexo I-G'!C40+'DCA-Anexo I-G'!C41+'DCA-Anexo I-G'!C42+'DCA-Anexo I-G'!C43+'DCA-Anexo I-G'!C44+'DCA-Anexo I-G'!C45+'DCA-Anexo I-G'!C46+'DCA-Anexo I-G'!C47 -> 12141.54 | D35: =+'DCA-Anexo I-G'!D36+'DCA-Anexo I-G'!D37+'DCA-Anexo I-G'!D38+'DCA-Anexo I-G'!D39+'DCA-Anexo I-G'!D40+'DCA-Anexo I-G'!D41+'DCA-Anexo I-G'!D42+'DCA-Anexo I-G'!D43+'DCA-Anexo I-G'!D44+'DCA-Anexo I-G'!D45+'DCA-Anexo I-G'!D46+'DCA-Anexo I-G'!D47 -> 5282.29 | E35: =+'DCA-Anexo I-G'!E36+'DCA-Anexo I-G'!E37+'DCA-Anexo I-G'!E38+'DCA-Anexo I-G'!E39+'DCA-Anexo I-G'!E40+'DCA-Anexo I-G'!E41+'DCA-Anexo I-G'!E42+'DCA-Anexo I-G'!E43+'DCA-Anexo I-G'!E44+'DCA-Anexo I-G'!E45+'DCA-Anexo I-G'!E46+'DCA-Anexo I-G'!E47 -> 5282.29 | F35: =+'DCA-Anexo I-G'!F36+'DCA-Anexo I-G'!F37+'DCA-Anexo I-G'!F38+'DCA-Anexo I-G'!F39+'DCA-Anexo I-G'!F40+'DCA-Anexo I-G'!F41+'DCA-Anexo I-G'!F42+'DCA-Anexo I-G'!F43+'DCA-Anexo I-G'!F44+'DCA-Anexo I-G'!F45+'DCA-Anexo I-G'!F46+'DCA-Anexo I-G'!F47 -> 6859.25 | G35: =+'DCA-Anexo I-G'!G36+'DCA-Anexo I-G'!G37+'DCA-Anexo I-G'!G38+'DCA-Anexo I-G'!G39+'DCA-Anexo I-G'!G40+'DCA-Anexo I-G'!G41+'DCA-Anexo I-G'!G42+'DCA-Anexo I-G'!G43+'DCA-Anexo I-G'!G44+'DCA-Anexo I-G'!G45+'DCA-Anexo I-G'!G46+'DCA-Anexo I-G'!G47 -> 54.75 | H35: =+'DCA-Anexo I-G'!H36+'DCA-Anexo I-G'!H37+'DCA-Anexo I-G'!H38+'DCA-Anexo I-G'!H39+'DCA-Anexo I-G'!H40+'DCA-Anexo I-G'!H41+'DCA-Anexo I-G'!H42+'DCA-Anexo I-G'!H43+'DCA-Anexo I-G'!H44+'DCA-Anexo I-G'!H45+'DCA-Anexo I-G'!H46+'DCA-Anexo I-G'!H47 -> 67671.7 | I35: =+'DCA-Anexo I-G'!I36+'DCA-Anexo I-G'!I37+'DCA-Anexo I-G'!I38+'DCA-Anexo I-G'!I39+'DCA-Anexo I-G'!I40+'DCA-Anexo I-G'!I41+'DCA-Anexo I-G'!I42+'DCA-Anexo I-G'!I43+'DCA-Anexo I-G'!I44+'DCA-Anexo I-G'!I45+'DCA-Anexo I-G'!I46+'DCA-Anexo I-G'!I47 -> 67726.45 | J35: =+'DCA-Anexo I-G'!J36+'DCA-Anexo I-G'!J37+'DCA-Anexo I-G'!J38+'DCA-Anexo I-G'!J39+'DCA-Anexo I-G'!J40+'DCA-Anexo I-G'!J41+'DCA-Anexo I-G'!J42+'DCA-Anexo I-G'!J43+'DCA-Anexo I-G'!J44+'DCA-Anexo I-G'!J45+'DCA-Anexo I-G'!J46+'DCA-Anexo I-G'!J47 -> 0
A36: 04.121 - Planejamento e Orçamento | C36: 292.85 | F36: 292.85 | H36: 9056.17 | I36: 9056.17
A37: 04.122 - Administração Geral | B37: 2140 | C37: 11848.69 | D37: 5282.29 | E37: 5282.29 | F37: 6566.4 | G37: 54.75 | H37: 53676.14 | I37: 53730.89
A38: 04.123 - Administração Financeira | H38: 3234.3 | I38: 3234.3
A39: 04.124 - Controle Interno
A40: 04.125 - Normatização e Fiscalização
A41: 04.126 - Tecnologia da Informação
A42: 04.127 - Ordenamento Territorial
A43: 04.128 - Formação de Recursos Humanos
A44: 04.129 - Administração de Receitas | H44: 1705.09 | I44: 1705.09
A45: 04.130 - Administração de Concessões
A46: 04.131 - Comunicação Social
A47: FU04 - Demais Subfunções
A48: 05 - Defesa Nacional | B48: =+'DCA-Anexo I-G'!B49+'DCA-Anexo I-G'!B50+'DCA-Anexo I-G'!B51+'DCA-Anexo I-G'!B53+'DCA-Anexo I-G'!B52 -> 0 | C48: =+'DCA-Anexo I-G'!C49+'DCA-Anexo I-G'!C50+'DCA-Anexo I-G'!C51+'DCA-Anexo I-G'!C53+'DCA-Anexo I-G'!C52 -> 0 | D48: =+'DCA-Anexo I-G'!D49+'DCA-Anexo I-G'!D50+'DCA-Anexo I-G'!D51+'DCA-Anexo I-G'!D53+'DCA-Anexo I-G'!D52 -> 0 | E48: =+'DCA-Anexo I-G'!E49+'DCA-Anexo I-G'!E50+'DCA-Anexo I-G'!E51+'DCA-Anexo I-G'!E53+'DCA-Anexo I-G'!E52 -> 0 | F48: =+'DCA-Anexo I-G'!F49+'DCA-Anexo I-G'!F50+'DCA-Anexo I-G'!F51+'DCA-Anexo I-G'!F53+'DCA-Anexo I-G'!F52 -> 0 | G48: =+'DCA-Anexo I-G'!G49+'DCA-Anexo I-G'!G50+'DCA-Anexo I-G'!G51+'DCA-Anexo I-G'!G53+'DCA-Anexo I-G'!G52 -> 0 | H48: =+'DCA-Anexo I-G'!H49+'DCA-Anexo I-G'!H50+'DCA-Anexo I-G'!H51+'DCA-Anexo I-G'!H53+'DCA-Anexo I-G'!H52 -> 0 | I48: =+'DCA-Anexo I-G'!I49+'DCA-Anexo I-G'!I50+'DCA-Anexo I-G'!I51+'DCA-Anexo I-G'!I53+'DCA-Anexo I-G'!I52 -> 0 | J48: =+'DCA-Anexo I-G'!J49+'DCA-Anexo I-G'!J50+'DCA-Anexo I-G'!J51+'DCA-Anexo I-G'!J53+'DCA-Anexo I-G'!J52 -> 0
A49: 05.151 - Defesa Área
A50: 05.152 - Defesa Naval
A51: 05.153 - Defesa Terrestre
A52: 05.122 - Administração Geral
A53: FU05 - Demais Subfunções
A54: 06 - Segurança Pública | B54: =+'DCA-Anexo I-G'!B55+'DCA-Anexo I-G'!B56+'DCA-Anexo I-G'!B57+'DCA-Anexo I-G'!B59+'DCA-Anexo I-G'!B58 -> 0 | C54: =+'DCA-Anexo I-G'!C55+'DCA-Anexo I-G'!C56+'DCA-Anexo I-G'!C57+'DCA-Anexo I-G'!C59+'DCA-Anexo I-G'!C58 -> 0 | D54: =+'DCA-Anexo I-G'!D55+'DCA-Anexo I-G'!D56+'DCA-Anexo I-G'!D57+'DCA-Anexo I-G'!D59+'DCA-Anexo I-G'!D58 -> 0 | E54: =+'DCA-Anexo I-G'!E55+'DCA-Anexo I-G'!E56+'DCA-Anexo I-G'!E57+'DCA-Anexo I-G'!E59+'DCA-Anexo I-G'!E58 -> 0 | F54: =+'DCA-Anexo I-G'!F55+'DCA-Anexo I-G'!F56+'DCA-Anexo I-G'!F57+'DCA-Anexo I-G'!F59+'DCA-Anexo I-G'!F58 -> 0 | G54: =+'DCA-Anexo I-G'!G55+'DCA-Anexo I-G'!G56+'DCA-Anexo I-G'!G57+'DCA-Anexo I-G'!G59+'DCA-Anexo I-G'!G58 -> 0 | H54: =+'DCA-Anexo I-G'!H55+'DCA-Anexo I-G'!H56+'DCA-Anexo I-G'!H57+'DCA-Anexo I-G'!H59+'DCA-Anexo I-G'!H58 -> 0 | I54: =+'DCA-Anexo I-G'!I55+'DCA-Anexo I-G'!I56+'DCA-Anexo I-G'!I57+'DCA-Anexo I-G'!I59+'DCA-Anexo I-G'!I58 -> 0 | J54: =+'DCA-Anexo I-G'!J55+'DCA-Anexo I-G'!J56+'DCA-Anexo I-G'!J57+'DCA-Anexo I-G'!J59+'DCA-Anexo I-G'!J58 -> 0
A55: 06.181 - Policiamento
A56: 06.182 - Defesa Civil
A57: 06.183 - Informação e Inteligência
A58: 06.122 - Administração Geral
A59: FU06 - Demais Subfunções
A60: 07 - Relações Exteriores | B60: =+'DCA-Anexo I-G'!B61+'DCA-Anexo I-G'!B62+'DCA-Anexo I-G'!B64+'DCA-Anexo I-G'!B63 -> 0 | C60: =+'DCA-Anexo I-G'!C61+'DCA-Anexo I-G'!C62+'DCA-Anexo I-G'!C64+'DCA-Anexo I-G'!C63 -> 0 | D60: =+'DCA-Anexo I-G'!D61+'DCA-Anexo I-G'!D62+'DCA-Anexo I-G'!D64+'DCA-Anexo I-G'!D63 -> 0 | E60: =+'DCA-Anexo I-G'!E61+'DCA-Anexo I-G'!E62+'DCA-Anexo I-G'!E64+'DCA-Anexo I-G'!E63 -> 0 | F60: =+'DCA-Anexo I-G'!F61+'DCA-Anexo I-G'!F62+'DCA-Anexo I-G'!F64+'DCA-Anexo I-G'!F63 -> 0 | G60: =+'DCA-Anexo I-G'!G61+'DCA-Anexo I-G'!G62+'DCA-Anexo I-G'!G64+'DCA-Anexo I-G'!G63 -> 0 | H60: =+'DCA-Anexo I-G'!H61+'DCA-Anexo I-G'!H62+'DCA-Anexo I-G'!H64+'DCA-Anexo I-G'!H63 -> 0 | I60: =+'DCA-Anexo I-G'!I61+'DCA-Anexo I-G'!I62+'DCA-Anexo I-G'!I64+'DCA-Anexo I-G'!I63 -> 0 | J60: =+'DCA-Anexo I-G'!J61+'DCA-Anexo I-G'!J62+'DCA-Anexo I-G'!J64+'DCA-Anexo I-G'!J63 -> 0
A61: 07.211 - Relações Diplomáticas
A62: 07.212 - Cooperação Internacional
A63: 07.122 - Administração Geral
A64: FU07 - Demais Subfunções
A65: 08 - Assistência Social | B65: =+'DCA-Anexo I-G'!B66+'DCA-Anexo I-G'!B67+'DCA-Anexo I-G'!B68+'DCA-Anexo I-G'!B69+'DCA-Anexo I-G'!B71+'DCA-Anexo I-G'!B70 -> 0 | C65: =+'DCA-Anexo I-G'!C66+'DCA-Anexo I-G'!C67+'DCA-Anexo I-G'!C68+'DCA-Anexo I-G'!C69+'DCA-Anexo I-G'!C71+'DCA-Anexo I-G'!C70 -> 8304.68 | D65: =+'DCA-Anexo I-G'!D66+'DCA-Anexo I-G'!D67+'DCA-Anexo I-G'!D68+'DCA-Anexo I-G'!D69+'DCA-Anexo I-G'!D71+'DCA-Anexo I-G'!D70 -> 460.31 | E65: =+'DCA-Anexo I-G'!E66+'DCA-Anexo I-G'!E67+'DCA-Anexo I-G'!E68+'DCA-Anexo I-G'!E69+'DCA-Anexo I-G'!E71+'DCA-Anexo I-G'!E70 -> 460.31 | F65: =+'DCA-Anexo I-G'!F66+'DCA-Anexo I-G'!F67+'DCA-Anexo I-G'!F68+'DCA-Anexo I-G'!F69+'DCA-Anexo I-G'!F71+'DCA-Anexo I-G'!F70 -> 7844.37 | G65: =+'DCA-Anexo I-G'!G66+'DCA-Anexo I-G'!G67+'DCA-Anexo I-G'!G68+'DCA-Anexo I-G'!G69+'DCA-Anexo I-G'!G71+'DCA-Anexo I-G'!G70 -> 0 | H65: =+'DCA-Anexo I-G'!H66+'DCA-Anexo I-G'!H67+'DCA-Anexo I-G'!H68+'DCA-Anexo I-G'!H69+'DCA-Anexo I-G'!H71+'DCA-Anexo I-G'!H70 -> 12464.69 | I65: =+'DCA-Anexo I-G'!I66+'DCA-Anexo I-G'!I67+'DCA-Anexo I-G'!I68+'DCA-Anexo I-G'!I69+'DCA-Anexo I-G'!I71+'DCA-Anexo I-G'!I70 -> 12434.69 | J65: =+'DCA-Anexo I-G'!J66+'DCA-Anexo I-G'!J67+'DCA-Anexo I-G'!J68+'DCA-Anexo I-G'!J69+'DCA-Anexo I-G'!J71+'DCA-Anexo I-G'!J70 -> 30
A66: 08.241 - Assistência ao Idoso | C66: 7639 | D66: 300 | E66: 300 | F66: 7339 | H66: 7620.79 | I66: 7620.79
A67: 08.242 - Assistência ao Portador de Deficiência
A68: 08.243 - Assistência à Criança e ao Adolescente | C68: 583.9 | D68: 160.31 | E68: 160.31 | F68: 423.59 | H68: 2842.56 | I68: 2812.56 | J68: 30
A69: 08.244 - Assistência Comunitária | C69: 81.78 | F69: 81.78 | H69: 2001.34 | I69: 2001.34
A70: 08.122 - Administração Geral
A71: FU08 - Demais Subfunções
A72: 09 - Previdência Social | B72: =+'DCA-Anexo I-G'!B73+'DCA-Anexo I-G'!B74+'DCA-Anexo I-G'!B75+'DCA-Anexo I-G'!B76+'DCA-Anexo I-G'!B78+'DCA-Anexo I-G'!B77 -> 0 | C72: =+'DCA-Anexo I-G'!C73+'DCA-Anexo I-G'!C74+'DCA-Anexo I-G'!C75+'DCA-Anexo I-G'!C76+'DCA-Anexo I-G'!C78+'DCA-Anexo I-G'!C77 -> 0 | D72: =+'DCA-Anexo I-G'!D73+'DCA-Anexo I-G'!D74+'DCA-Anexo I-G'!D75+'DCA-Anexo I-G'!D76+'DCA-Anexo I-G'!D78+'DCA-Anexo I-G'!D77 -> 0 | E72: =+'DCA-Anexo I-G'!E73+'DCA-Anexo I-G'!E74+'DCA-Anexo I-G'!E75+'DCA-Anexo I-G'!E76+'DCA-Anexo I-G'!E78+'DCA-Anexo I-G'!E77 -> 0 | F72: =+'DCA-Anexo I-G'!F73+'DCA-Anexo I-G'!F74+'DCA-Anexo I-G'!F75+'DCA-Anexo I-G'!F76+'DCA-Anexo I-G'!F78+'DCA-Anexo I-G'!F77 -> 0 | G72: =+'DCA-Anexo I-G'!G73+'DCA-Anexo I-G'!G74+'DCA-Anexo I-G'!G75+'DCA-Anexo I-G'!G76+'DCA-Anexo I-G'!G78+'DCA-Anexo I-G'!G77 -> 0 | H72: =+'DCA-Anexo I-G'!H73+'DCA-Anexo I-G'!H74+'DCA-Anexo I-G'!H75+'DCA-Anexo I-G'!H76+'DCA-Anexo I-G'!H78+'DCA-Anexo I-G'!H77 -> 3207.6 | I72: =+'DCA-Anexo I-G'!I73+'DCA-Anexo I-G'!I74+'DCA-Anexo I-G'!I75+'DCA-Anexo I-G'!I76+'DCA-Anexo I-G'!I78+'DCA-Anexo I-G'!I77 -> 1996.23 | J72: =+'DCA-Anexo I-G'!J73+'DCA-Anexo I-G'!J74+'DCA-Anexo I-G'!J75+'DCA-Anexo I-G'!J76+'DCA-Anexo I-G'!J78+'DCA-Anexo I-G'!J77 -> 1211.37
A73: 09.271 - Previdência Básica
A74: 09.272 - Previdência do Regime Estatutário | H74: 3207.6 | I74: 1996.23 | J74: 1211.37
A75: 09.273 - Previdência Complementar
A76: 09.274 - Previdência Especial
A77: 09.122 - Administração Geral
A78: FU09 - Demais Subfunções
A79: 10 - Saúde | B79: =+'DCA-Anexo I-G'!B80+'DCA-Anexo I-G'!B81+'DCA-Anexo I-G'!B82+'DCA-Anexo I-G'!B83+'DCA-Anexo I-G'!B84+'DCA-Anexo I-G'!B85+'DCA-Anexo I-G'!B87+'DCA-Anexo I-G'!B86 -> 0 | C79: =+'DCA-Anexo I-G'!C80+'DCA-Anexo I-G'!C81+'DCA-Anexo I-G'!C82+'DCA-Anexo I-G'!C83+'DCA-Anexo I-G'!C84+'DCA-Anexo I-G'!C85+'DCA-Anexo I-G'!C87+'DCA-Anexo I-G'!C86 -> 32141.79 | D79: =+'DCA-Anexo I-G'!D80+'DCA-Anexo I-G'!D81+'DCA-Anexo I-G'!D82+'DCA-Anexo I-G'!D83+'DCA-Anexo I-G'!D84+'DCA-Anexo I-G'!D85+'DCA-Anexo I-G'!D87+'DCA-Anexo I-G'!D86 -> 13877.87 | E79: =+'DCA-Anexo I-G'!E80+'DCA-Anexo I-G'!E81+'DCA-Anexo I-G'!E82+'DCA-Anexo I-G'!E83+'DCA-Anexo I-G'!E84+'DCA-Anexo I-G'!E85+'DCA-Anexo I-G'!E87+'DCA-Anexo I-G'!E86 -> 13877.87 | F79: =+'DCA-Anexo I-G'!F80+'DCA-Anexo I-G'!F81+'DCA-Anexo I-G'!F82+'DCA-Anexo I-G'!F83+'DCA-Anexo I-G'!F84+'DCA-Anexo I-G'!F85+'DCA-Anexo I-G'!F87+'DCA-Anexo I-G'!F86 -> 18263.92 | G79: =+'DCA-Anexo I-G'!G80+'DCA-Anexo I-G'!G81+'DCA-Anexo I-G'!G82+'DCA-Anexo I-G'!G83+'DCA-Anexo I-G'!G84+'DCA-Anexo I-G'!G85+'DCA-Anexo I-G'!G87+'DCA-Anexo I-G'!G86 -> 0 | H79: =+'DCA-Anexo I-G'!H80+'DCA-Anexo I-G'!H81+'DCA-Anexo I-G'!H82+'DCA-Anexo I-G'!H83+'DCA-Anexo I-G'!H84+'DCA-Anexo I-G'!H85+'DCA-Anexo I-G'!H87+'DCA-Anexo I-G'!H86 -> 115518.67 | I79: =+'DCA-Anexo I-G'!I80+'DCA-Anexo I-G'!I81+'DCA-Anexo I-G'!I82+'DCA-Anexo I-G'!I83+'DCA-Anexo I-G'!I84+'DCA-Anexo I-G'!I85+'DCA-Anexo I-G'!I87+'DCA-Anexo I-G'!I86 -> 115518.67 | J79: =+'DCA-Anexo I-G'!J80+'DCA-Anexo I-G'!J81+'DCA-Anexo I-G'!J82+'DCA-Anexo I-G'!J83+'DCA-Anexo I-G'!J84+'DCA-Anexo I-G'!J85+'DCA-Anexo I-G'!J87+'DCA-Anexo I-G'!J86 -> 0
A80: 10.301 - Atenção Básica | C80: 8443.69 | D80: 4892.84 | E80: 4892.84 | F80: 3550.85 | H80: 44581.96 | I80: 44581.96
A81: 10.302 - Assistência Hospitalar e Ambulatorial | C81: 14577.7 | F81: 14577.7 | H81: 44445.36 | I81: 44445.36
A82: 10.303 - Suporte Profilático e Terapêutico | C82: 9120.4 | D82: 8985.03 | E82: 8985.03 | F82: 135.37 | H82: 694.32 | I82: 694.32
A83: 10.304 - Vigilância Sanitária | H83: 338.5 | I83: 338.5
A84: 10.305 - Vigilância Epidemiológica | H84: 25458.53 | I84: 25458.53
A85: 10.306 - Alimentação e Nutrição
A86: 10.122 - Administração Geral
A87: FU10 - Demais Subfunções
A88: 11 - Trabalho | B88: =+'DCA-Anexo I-G'!B89+'DCA-Anexo I-G'!B90+'DCA-Anexo I-G'!B91+'DCA-Anexo I-G'!B92+'DCA-Anexo I-G'!B94+'DCA-Anexo I-G'!B93 -> 0 | C88: =+'DCA-Anexo I-G'!C89+'DCA-Anexo I-G'!C90+'DCA-Anexo I-G'!C91+'DCA-Anexo I-G'!C92+'DCA-Anexo I-G'!C94+'DCA-Anexo I-G'!C93 -> 0 | D88: =+'DCA-Anexo I-G'!D89+'DCA-Anexo I-G'!D90+'DCA-Anexo I-G'!D91+'DCA-Anexo I-G'!D92+'DCA-Anexo I-G'!D94+'DCA-Anexo I-G'!D93 -> 0 | E88: =+'DCA-Anexo I-G'!E89+'DCA-Anexo I-G'!E90+'DCA-Anexo I-G'!E91+'DCA-Anexo I-G'!E92+'DCA-Anexo I-G'!E94+'DCA-Anexo I-G'!E93 -> 0 | F88: =+'DCA-Anexo I-G'!F89+'DCA-Anexo I-G'!F90+'DCA-Anexo I-G'!F91+'DCA-Anexo I-G'!F92+'DCA-Anexo I-G'!F94+'DCA-Anexo I-G'!F93 -> 0 | G88: =+'DCA-Anexo I-G'!G89+'DCA-Anexo I-G'!G90+'DCA-Anexo I-G'!G91+'DCA-Anexo I-G'!G92+'DCA-Anexo I-G'!G94+'DCA-Anexo I-G'!G93 -> 0 | H88: =+'DCA-Anexo I-G'!H89+'DCA-Anexo I-G'!H90+'DCA-Anexo I-G'!H91+'DCA-Anexo I-G'!H92+'DCA-Anexo I-G'!H94+'DCA-Anexo I-G'!H93 -> 0 | I88: =+'DCA-Anexo I-G'!I89+'DCA-Anexo I-G'!I90+'DCA-Anexo I-G'!I91+'DCA-Anexo I-G'!I92+'DCA-Anexo I-G'!I94+'DCA-Anexo I-G'!I93 -> 0 | J88: =+'DCA-Anexo I-G'!J89+'DCA-Anexo I-G'!J90+'DCA-Anexo I-G'!J91+'DCA-Anexo I-G'!J92+'DCA-Anexo I-G'!J94+'DCA-Anexo I-G'!J93 -> 0
A89: 11.331 - Proteção e Benefícios ao Trabalhador
A90: 11.332 - Relações de Trabalho
A91: 11.333 - Empregabilidade
A92: 11.334 - Fomento ao Trabalho
A93: 11.122 - Administração Geral
A94: FU11 - Demais Subfunções
A95: 12 - Educação | B95: =+'DCA-Anexo I-G'!B96+'DCA-Anexo I-G'!B97+'DCA-Anexo I-G'!B98+'DCA-Anexo I-G'!B99+'DCA-Anexo I-G'!B100+'DCA-Anexo I-G'!B101+'DCA-Anexo I-G'!B102+'DCA-Anexo I-G'!B103+'DCA-Anexo I-G'!B105+'DCA-Anexo I-G'!B104 -> 0 | C95: =+'DCA-Anexo I-G'!C96+'DCA-Anexo I-G'!C97+'DCA-Anexo I-G'!C98+'DCA-Anexo I-G'!C99+'DCA-Anexo I-G'!C100+'DCA-Anexo I-G'!C101+'DCA-Anexo I-G'!C102+'DCA-Anexo I-G'!C103+'DCA-Anexo I-G'!C105+'DCA-Anexo I-G'!C104 -> 157530.02 | D95: =+'DCA-Anexo I-G'!D96+'DCA-Anexo I-G'!D97+'DCA-Anexo I-G'!D98+'DCA-Anexo I-G'!D99+'DCA-Anexo I-G'!D100+'DCA-Anexo I-G'!D101+'DCA-Anexo I-G'!D102+'DCA-Anexo I-G'!D103+'DCA-Anexo I-G'!D105+'DCA-Anexo I-G'!D104 -> 157050.98 | E95: =+'DCA-Anexo I-G'!E96+'DCA-Anexo I-G'!E97+'DCA-Anexo I-G'!E98+'DCA-Anexo I-G'!E99+'DCA-Anexo I-G'!E100+'DCA-Anexo I-G'!E101+'DCA-Anexo I-G'!E102+'DCA-Anexo I-G'!E103+'DCA-Anexo I-G'!E105+'DCA-Anexo I-G'!E104 -> 157050.98 | F95: =+'DCA-Anexo I-G'!F96+'DCA-Anexo I-G'!F97+'DCA-Anexo I-G'!F98+'DCA-Anexo I-G'!F99+'DCA-Anexo I-G'!F100+'DCA-Anexo I-G'!F101+'DCA-Anexo I-G'!F102+'DCA-Anexo I-G'!F103+'DCA-Anexo I-G'!F105+'DCA-Anexo I-G'!F104 -> 479.04 | G95: =+'DCA-Anexo I-G'!G96+'DCA-Anexo I-G'!G97+'DCA-Anexo I-G'!G98+'DCA-Anexo I-G'!G99+'DCA-Anexo I-G'!G100+'DCA-Anexo I-G'!G101+'DCA-Anexo I-G'!G102+'DCA-Anexo I-G'!G103+'DCA-Anexo I-G'!G105+'DCA-Anexo I-G'!G104 -> 0 | H95: =+'DCA-Anexo I-G'!H96+'DCA-Anexo I-G'!H97+'DCA-Anexo I-G'!H98+'DCA-Anexo I-G'!H99+'DCA-Anexo I-G'!H100+'DCA-Anexo I-G'!H101+'DCA-Anexo I-G'!H102+'DCA-Anexo I-G'!H103+'DCA-Anexo I-G'!H105+'DCA-Anexo I-G'!H104 -> 73244.35 | I95: =+'DCA-Anexo I-G'!I96+'DCA-Anexo I-G'!I97+'DCA-Anexo I-G'!I98+'DCA-Anexo I-G'!I99+'DCA-Anexo I-G'!I100+'DCA-Anexo I-G'!I101+'DCA-Anexo I-G'!I102+'DCA-Anexo I-G'!I103+'DCA-Anexo I-G'!I105+'DCA-Anexo I-G'!I104 -> 73244.35 | J95: =+'DCA-Anexo I-G'!J96+'DCA-Anexo I-G'!J97+'DCA-Anexo I-G'!J98+'DCA-Anexo I-G'!J99+'DCA-Anexo I-G'!J100+'DCA-Anexo I-G'!J101+'DCA-Anexo I-G'!J102+'DCA-Anexo I-G'!J103+'DCA-Anexo I-G'!J105+'DCA-Anexo I-G'!J104 -> 0
A96: 12.361 - Ensino Fundamental | C96: 820.21 | D96: 627.28 | E96: 627.28 | F96: 192.93 | H96: 34819.72 | I96: 34819.72
A97: 12.362 - Ensino Médio | C97: 233.62 | F97: 233.62 | H97: 5263.68 | I97: 5263.68
A98: 12.363 - Ensino Profissional
A99: 12.364 - Ensino Superior
A100: 12.365 - Educação Infantil | C100: 156476.19 | D100: 156423.7 | E100: 156423.7 | F100: 52.49 | H100: 33160.95 | I100: 33160.95
A101: 12.366 - Educação de Jovens e Adultos
A102: 12.367 - Educação Especial
A103: 12.368 - Educação Básica
...

Sheet DCA-Anexo I-HI
A2: QDCC
A3: BALANÇO ANUAL (DCA)
A4: VERSÃO: v7
A5: VIGÊNCIA: 03/01/2019
A7: Ente: 4313425 - Novo Machado/RS
A8: Poder: E - Executivo
A9: Instituição: 9993 - Prefeitura Municipal de Novo Machado - RS
A10: Exercício: 2018
A11: Periodicidade: ANUAL
A12: Período: Período único (anual)
A14: Grupo: Demonstrativo das Variações Patrimoniais Quantitativas e Resultado Patrimonial do Período
A15: Quadro: Demonstrativo das Variações Patrimoniais e Resultado Patrimonial
A16: Rótulo: Padrão
A17: Demonstrativo das Variações Patrimoniais e Resultado Patrimonial | B17: Valores
B18: 31/12/2018
A19: Variação Patrimonial Diminutiva
A20: Variação Patrimonial Diminutiva
A21: 3.0.0.0.0.00.00 - Variação Patrimonial Diminutiva | B21: =+'DCA-Anexo I-HI'!B22+'DCA-Anexo I-HI'!B204+'DCA-Anexo I-HI'!B254+'DCA-Anexo I-HI'!B342+'DCA-Anexo I-HI'!B117+'DCA-Anexo I-HI'!B67+'DCA-Anexo I-HI'!B302+'DCA-Anexo I-HI'!B139+'DCA-Anexo I-HI'!B323 -> 19548901
A22: 3.1.0.0.0.00.00 - Pessoal e Encargos | B22: =+'DCA-Anexo I-HI'!B23+'DCA-Anexo I-HI'!B53+'DCA-Anexo I-HI'!B30+'DCA-Anexo I-HI'!B60 -> 9305637.1
A23: 3.1.1.0.0.00.00 - Remuneração a Pessoal | B23: =+'DCA-Anexo I-HI'!B24+'DCA-Anexo I-HI'!B26+'DCA-Anexo I-HI'!B28 -> 7494613
A24: 3.1.1.1.0.00.00 - Remuneração a Pessoal Ativo Civil – Abrangidos pelo RPPS | B24: =+'DCA-Anexo I-HI'!B25 -> 7494613
A25: 3.1.1.1.1.00.00 - Remuneração a Pessoal Ativo Civil – Abrangidos pelo RPPS - Consolidação | B25: 7494613
A26: 3.1.1.2.0.00.00 - Remuneração a Pessoal Ativo Civil - Abrangidos pelo RGPS | B26: =+'DCA-Anexo I-HI'!B27 -> 0
A27: 3.1.1.2.1.00.00 - Remuneração a Pessoal Ativo Civil - Abrangidos pelo RGPS - Consolidação
A28: 3.1.1.3.0.00.00 - Remuneração a Pessoal Ativo Militar - Abrangidos pelo RPPS | B28: =+'DCA-Anexo I-HI'!B29 -> 0
A29: 3.1.1.3.1.00.00 - Remuneração a Pessoal Ativo Militar - Abrangidos pelo RPPS - Consolidação
A30: 3.1.2.0.0.00.00 - Encargos Patronais | B30: =+'DCA-Anexo I-HI'!B31+'DCA-Anexo I-HI'!B47+'DCA-Anexo I-HI'!B43+'DCA-Anexo I-HI'!B45+'DCA-Anexo I-HI'!B37+'DCA-Anexo I-HI'!B41 -> 1811024.1
A31: 3.1.2.1.0.00.00 - Encargos Patronais - RPPS | B31: =+'DCA-Anexo I-HI'!B33+'DCA-Anexo I-HI'!B32+'DCA-Anexo I-HI'!B35+'DCA-Anexo I-HI'!B34+'DCA-Anexo I-HI'!B36 -> 1811024.1
A32: 3.1.2.1.1.00.00 - Encargos Patronais - RPPS - Consolidação | B32: 1811024.1
A33: 3.1.2.1.2.00.00 - Encargos Patronais - RPPS - Intra OFSS
A34: 3.1.2.1.3.00.00 - Encargos Patronais - RPPS - Inter OFSS - União
A35: 3.1.2.1.4.00.00 - Encargos Patronais - RPPS - Inter OFSS - Estado
A36: 3.1.2.1.5.00.00 - Encargos Patronais - RPPS - Inter OFSS - Município
A37: 3.1.2.2.0.00.00 - Encargos Patronais - RGPS | B37: =+'DCA-Anexo I-HI'!B38+'DCA-Anexo I-HI'!B39+'DCA-Anexo I-HI'!B40 -> 0
A38: 3.1.2.2.1.00.00 - Encargos Patronais - RGPS - Consolidação
A39: 3.1.2.2.2.00.00 - Encargos Patronais - RGPS - Intra OFSS
A40: 3.1.2.2.3.00.00 - Encargos Patronais - RGPS - Inter OFSS - União
A41: 3.1.2.3.0.00.00 - Encargos Patronais - FGTS | B41: =+'DCA-Anexo I-HI'!B42 -> 0
A42: 3.1.2.3.1.00.00 - Encargos Patronais - FGTS - Consolidação
A43: 3.1.2.4.0.00.00 - Contribuições Sociais Gerais | B43: =+'DCA-Anexo I-HI'!B44 -> 0
A44: 3.1.2.4.1.00.00 - Contribuições Sociais Gerais - Consolidação
A45: 3.1.2.5.0.00.00 - Contribuições a Entidades Fechadas de Previdência | B45: =+'DCA-Anexo I-HI'!B46 -> 0
A46: 3.1.2.5.1.00.00 - Contribuições a Entidades Fechadas de Previdência - Consolidação
A47: 3.1.2.9.0.00.00 - Outros Encargos Patronais | B47: =+'DCA-Anexo I-HI'!B48+'DCA-Anexo I-HI'!B51+'DCA-Anexo I-HI'!B50+'DCA-Anexo I-HI'!B52+'DCA-Anexo I-HI'!B49 -> 0
A48: 3.1.2.9.1.00.00 - Outros Encargos Patronais - Consolidação
A49: 3.1.2.9.2.00.00 - Outros Encargos Patronais - Intra OFSS
A50: 3.1.2.9.3.00.00 - Outros Encargos Patronais - Inter OFSS - União
A51: 3.1.2.9.4.00.00 - Outros Encargos Patronais - Inter OFSS - Estado
A52: 3.1.2.9.5.00.00 - Outros Encargos Patronais - Inter OFSS - Município
A53: 3.1.3.0.0.00.00 - Benefícios a Pessoal | B53: =+'DCA-Anexo I-HI'!B58+'DCA-Anexo I-HI'!B54+'DCA-Anexo I-HI'!B56 -> 0
A54: 3.1.3.1.0.00.00 - Benefícios a Pessoal - RPPS | B54: =+'DCA-Anexo I-HI'!B55 -> 0
A55: 3.1.3.1.1.00.00 - Benefícios a Pessoal - RPPS - Consolidação
A56: 3.1.3.2.0.00.00 - Benefícios a Pessoal - RGPS | B56: =+'DCA-Anexo I-HI'!B57 -> 0
A57: 3.1.3.2.1.00.00 - Benefícios a Pessoal - RGPS - Consolidação
A58: 3.1.3.3.0.00.00 - Benefícios a Pessoal - Militar | B58: =+'DCA-Anexo I-HI'!B59 -> 0
A59: 3.1.3.3.1.00.00 - Benefícios a Pessoal - Militar - Consolidação
A60: 3.1.9.0.0.00.00 - Outras Variações Patrimoniais Diminutivas - Pessoal e Encargos | B60: =+'DCA-Anexo I-HI'!B63+'DCA-Anexo I-HI'!B61+'DCA-Anexo I-HI'!B65 -> 0
A61: 3.1.9.1.0.00.00 - Indenizações e Restituições Trabalhistas | B61: =+'DCA-Anexo I-HI'!B62 -> 0
A62: 3.1.9.1.1.00.00 - Indenizações e Restituições Trabalhistas - Consolidação
A63: 3.1.9.2.0.00.00 - Pessoal Requisitado de Outros Órgãos e Entes | B63: =+'DCA-Anexo I-HI'!B64 -> 0
A64: 3.1.9.2.1.00.00 - Pessoal Requisitado de Outros Órgãos e Entes - Consolidação
A65: 3.1.9.9.0.00.00 - Outras VPD de Pessoal e Encargos | B65: =+'DCA-Anexo I-HI'!B66 -> 0
A66: 3.1.9.9.1.00.00 - Outras VPD de Pessoal e Encargos - Consolidação
A67: 3.2.0.0.0.00.00 - Benefícios Previdenciários e Assistenciais | B67: =+'DCA-Anexo I-HI'!B95+'DCA-Anexo I-HI'!B108+'DCA-Anexo I-HI'!B88+'DCA-Anexo I-HI'!B68+'DCA-Anexo I-HI'!B79+'DCA-Anexo I-HI'!B106 -> 951240.52
A68: 3.2.1.0.0.00.00 - Aposentadorias e Reformas | B68: =+'DCA-Anexo I-HI'!B69+'DCA-Anexo I-HI'!B71+'DCA-Anexo I-HI'!B73+'DCA-Anexo I-HI'!B75+'DCA-Anexo I-HI'!B77 -> 627047.96
A69: 3.2.1.1.0.00.00 - Aposentadorias - RPPS | B69: =+'DCA-Anexo I-HI'!B70 -> 627047.96
A70: 3.2.1.1.1.00.00 - Aposentadorias - RPPS - Consolidação | B70: 627047.96
A71: 3.2.1.2.0.00.00 - Aposentadorias - RGPS | B71: =+'DCA-Anexo I-HI'!B72 -> 0
A72: 3.2.1.2.1.00.00 - Aposentadorias - RGPS - Consolidação
A73: 3.2.1.3.0.00.00 - Reserva Remunerada - Pessoal Militar | B73: =+'DCA-Anexo I-HI'!B74 -> 0
A74: 3.2.1.3.1.00.00 - Reserva Remunerada - Pessoal Militar - Consolidação
A75: 3.2.1.4.0.00.00 - Reforma - Pessoal Militar | B75: =+'DCA-Anexo I-HI'!B76 -> 0
A76: 3.2.1.4.1.00.00 - Reforma - Pessoal Militar - Consolidação
A77: 3.2.1.9.0.00.00 - Outras Aposentadorias | B77: =+'DCA-Anexo I-HI'!B78 -> 0
A78: 3.2.1.9.1.00.00 - Outras Aposentadorias - Consolidação
A79: 3.2.2.0.0.00.00 - Pensões | B79: =+'DCA-Anexo I-HI'!B84+'DCA-Anexo I-HI'!B80+'DCA-Anexo I-HI'!B82+'DCA-Anexo I-HI'!B86 -> 112325.9
A80: 3.2.2.1.0.00.00 - Pensões - RPPS | B80: =+'DCA-Anexo I-HI'!B81 -> 112325.9
A81: 3.2.2.1.1.00.00 - Pensões - RPPS - Consolidação | B81: 112325.9
A82: 3.2.2.2.0.00.00 - Pensões - RGPS | B82: =+'DCA-Anexo I-HI'!B83 -> 0
A83: 3.2.2.2.1.00.00 - Pensões - RGPS - Consolidação
A84: 3.2.2.3.0.00.00 - Pensões - Militar | B84: =+'DCA-Anexo I-HI'!B85 -> 0
A85: 3.2.2.3.1.00.00 - Pensões - Militar - Consolidação
A86: 3.2.2.9.0.00.00 - Outras Pensões | B86: =+'DCA-Anexo I-HI'!B87 -> 0
A87: 3.2.2.9.1.00.00 - Outras Pensões - Consolidação
A88: 3.2.3.0.0.00.00 - Benefícios de Prestação Continuada | B88: =+'DCA-Anexo I-HI'!B93+'DCA-Anexo I-HI'!B91+'DCA-Anexo I-HI'!B89 -> 0
A89: 3.2.3.1.0.00.00 - Benefícios de Prestação Continuada ao Idoso | B89: =+'DCA-Anexo I-HI'!B90 -> 0
A90: 3.2.3.1.1.00.00 - Benefícios de Prestação Continuada ao Idoso - Consolidação
A91: 3.2.3.2.0.00.00 - Benefícios de Prestação Continuada ao Portador de Deficiência | B91: =+'DCA-Anexo I-HI'!B92 -> 0
A92: 3.2.3.2.1.00.00 - Benefícios de Prestação Continuada ao Portador de Deficiência - Consolidação
A93: 3.2.3.9.0.00.00 - Outros Benefícios de Prestação Continuada | B93: =+'DCA-Anexo I-HI'!B94 -> 0
A94: 3.2.3.9.1.00.00 - Outros Benefícios de Prestação Continuada - Consolidação
A95: 3.2.4.0.0.00.00 - Benefícios Eventuais | B95: =+'DCA-Anexo I-HI'!B104+'DCA-Anexo I-HI'!B102+'DCA-Anexo I-HI'!B96+'DCA-Anexo I-HI'!B98+'DCA-Anexo I-HI'!B100 -> 0
A96: 3.2.4.1.0.00.00 - Auxílio por Natalidade | B96: =+'DCA-Anexo I-HI'!B97 -> 0
A97: 3.2.4.1.1.00.00 - Auxílio por Natalidade - Consolidação
A98: 3.2.4.2.0.00.00 - Auxílio por Morte | B98: =+'DCA-Anexo I-HI'!B99 -> 0
A99: 3.2.4.2.1.00.00 - Auxílio por Morte - Consolidação
A100: 3.2.4.3.0.00.00 - Benefícios Eventuais por Situações de Vulnerabilidade Temporária | B100: =+'DCA-Anexo I-HI'!B101 -> 0
A101: 3.2.4.3.1.00.00 - Benefícios Eventuais por Situações de Vulnerabilidade Temporária - Consolidação
A102: 3.2.4.4.0.00.00 - Benefícios Eventuais em Caso de Calamidade Pública | B102: =+'DCA-Anexo I-HI'!B103 -> 0
A103: 3.2.4.4.1.00.00 - Benefícios Eventuais em Caso de Calamidade Pública - Consolidação
...
